Workbook

Sheet S.G.G.
B1: OFICIALIA MAYOR DE GOBIERNO
B2: DIRECCION DE SERVICIOS GENERALES
B3: SUBDIRECCION DE SERVICIOS GENERALES
B4: PROCEDIMIENTO DE LICITACIÓN PÚBLICA REGIONAL No. 32065001-004-2023 “SERVICIO DE LIMPIEZA PARA DEPENDENCIAS DE GOBIERNO DEL ESTADO DE BAJA CALIFORNIA”
B5: ANEXO UBICACIONES Y HORARIOS DEL SERVICIO
B6: CALCULO DEL SERVICIO DE LIMPIEZA PARA EL PERIODO DEL 03 DE MARZO AL 31 DE DICIEMBRE DE 2023
B8: SECRETARIA GENERAL DE GOBIERNO DEL ESTADO
G10: DIAS DE SERVICIO | I10: ENE | J10: FEB | K10: MAR | L10: ABR | M10: MAY | N10: JUN | O10: JUL | P10: AGO | Q10: SEP | R10: OCT | S10: NOV | T10: DIC | V10: TOTAL DIAS MAR-DIC
G11: LUNES-VIERNES | I11: 0 | J11: 0 | K11: 20 | L11: 20 | M11: 21 | N11: 22 | O11: 21 | P11: 23 | Q11: 20 | R11: 20 | S11: 20 | T11: 19 | V11: =SUM(J11:T11) -> 206
B13: PARTIDA | C13: UBICACION | D13: DIRECCIÓN | E13: HORARIOS | F13: PERSONAL SOLICITADO | G13: HORAS POR DIA POR PERSONA | H13: HORAS DIARIAS POR TURNO | I13: ENE | J13: FEB | K13: MAR | L13: ABR | M13: MAY | N13: JUN | O13: JUL | P13: AGO | Q13: SEP | R13: OCT | S13: NOV | T13: DIC | V13: TOTAL HORAS
B14: MEXICALI | C14: SUBSECRETARIA DE ESTUDIOS Y ASUNTOS LEGISLATIVOS (DIRECCION DE ADMINISTRACION) | D14: PASAJE SAN MIGUEL # 1090 | E14: Lunes a viernes 8.00 A 14:00 | F14: 1 | G14: 6 | H14: =F14*G14 -> 6 | I14: =+I11*H14 -> 0 | J14: =+J11*H14 -> 0 | K14: =+K11*H14 -> 120 | L14: =+L11*H14 -> 120 | M14: =$H$14*M11 -> 126 | N14: =$H$14*N11 -> 132 | O14: =$H$14*O11 -> 126 | P14: =$H$14*P11 -> 138 | Q14: =$H$14*Q11 -> 120 | R14: =$H$14*R11 -> 120 | S14: =$H$14*S11 -> 120 | T14: =$H$14*T11 -> 114 | V14: =SUM(J14:T14) -> 1236
C15: DIRECCION DE REGISTRO CIVIL | D15: PRIMER PISO EDIFICIO DEL PODER EJECUTIVO | E15: Lunes a viernes 8.00 A 12:00 | F15: 1 | G15: 4 | H15: =F15*G15 -> 4 | I15: =+I11*H15 -> 0 | J15: =+J11*H15 -> 0 | K15: =+K11*H15 -> 80 | L15: =+L11*H15 -> 80 | M15: =$H$15*M11 -> 84 | N15: =$H$15*N11 -> 88 | O15: =$H$15*O11 -> 84 | P15: =$H$15*P11 -> 92 | Q15: =$H$15*Q11 -> 80 | R15: =$H$15*R11 -> 80 | S15: =$H$15*S11 -> 80 | T15: =$H$15*T11 -> 76 | V15: =SUM(J15:T15) -> 824
C16: OFICINA DEL TITULAR | D16: 3ER PISO EDIFICIO DEL PODER EJECUTIVO | E16: Lunes a viernes 8.00 A 14:00 | F16: 1 | G16: 6 | H16: =F16*G16 -> 6 | I16: =+I11*H16 -> 0 | J16: =+J11*H16 -> 0 | K16: =+K11*H16 -> 120 | L16: =+L11*H16 -> 120 | M16: =$H$16*M11 -> 126 | N16: =$H$16*N11 -> 132 | O16: =$H$16*O11 -> 126 | P16: =$H$16*P11 -> 138 | Q16: =$H$16*Q11 -> 120 | R16: =$H$16*R11 -> 120 | S16: =$H$16*S11 -> 120 | T16: =$H$16*T11 -> 114 | V16: =SUM(J16:T16) -> 1236
C17: TALLERES GRÁFICOS DEL ESTADO | D17: AV. MADERO NO. 1981, COLONIA NUEVA | E17: Lunes a viernes 8:00 A 12:00 | F17: 1 | G17: 4 | H17: =F17*G17 -> 4 | I17: =+I11*H17 -> 0 | J17: =+J11*H17 -> 0 | K17: =+K11*H17 -> 80 | L17: =+L11*H17 -> 80 | M17: =$H$17*M11 -> 84 | N17: =$H$17*N11 -> 88 | O17: =$H$17*O11 -> 84 | P17: =$H$17*P11 -> 92 | Q17: =$H$17*Q11 -> 80 | R17: =$H$17*R11 -> 80 | S17: =$H$17*S11 -> 80 | T17: =$H$17*T11 -> 76 | V17: =SUM(J17:T17) -> 824
C18: DIRECCION DEL ARCHIVO GENERAL DE NOTARIAS | D18: AV. VILLA HERMOSA ESQ. NAVOLATO S/N, COL. GUAJARDO | E18: Lunes a viernes 8.00 A 12:00 | F18: 1 | G18: 4 | H18: =F18*G18 -> 4 | I18: =+I11*H18 -> 0 | J18: =+J11*H18 -> 0 | K18: =+K11*H18 -> 80 | L18: =+L11*H18 -> 80 | M18: =$H$18*M11 -> 84 | N18: =$H$18*N11 -> 88 | O18: =$H$18*O11 -> 84 | P18: =$H$18*P11 -> 92 | Q18: =$H$18*Q11 -> 80 | R18: =$H$18*R11 -> 80 | S18: =$H$18*S11 -> 80 | T18: =$H$18*T11 -> 76 | V18: =SUM(J18:T18) -> 824
C19: DIRECCION DE ANALISIS POLITICO | D19: PLAZA BAJA CALIFORNIA LOCAL 5C | E19: Lunes a viernes 8.00 A 12:00 | F19: 1 | G19: 4 | H19: 4 | I19: =H19*I11 -> 0 | J19: =H19*J11 -> 0 | K19: =H19*K11 -> 80 | L19: =H19*L11 -> 80 | M19: =H19*M11 -> 84 | N19: =H19*N11 -> 88 | O19: =H19*O11 -> 84 | P19: =H19*P11 -> 92 | Q19: =H19*Q11 -> 80 | R19: =H19*R11 -> 80 | S19: =H19*S11 -> 80 | T19: =H19*T11 -> 76 | V19: =SUM(J19:T19) -> 824
C20: COMISION EJECTUVIA ESTATAL DE ATENCION A VICTIMAS | D20: AVE. OBREGON #541 COL. CENTRO | E20: Lunes a viernes 8.00 A 14:00 | F20: 1 | G20: 6 | H20: 6 | I20: =H20*I11 -> 0 | J20: =H20*J11 -> 0 | K20: =H20*K11 -> 120 | L20: =H20*L11 -> 120 | M20: =H20*M11 -> 126 | N20: =H20*N11 -> 132 | O20: =H20*O11 -> 126 | P20: =H20*P11 -> 138 | Q20: =H20*Q11 -> 120 | R20: =H20*R11 -> 120 | S20: =H20*S11 -> 120 | T20: =H20*T11 -> 114 | V20: =SUM(J20:T20) -> 1236
B21: TECATE | C21: DELEGACION DE LA SECRETARIA GENERAL DE TECATE | D21: MISION SANTO DOMINGO NO 1016 FRANCCIONAMIENTO EL DESCANSO | E21: Lunes a viernes 7:00 a 11:00 | F21: 1 | G21: 4 | H21: =F21*G21 -> 4 | I21: =+I11*H21 -> 0 | J21: =+J11*H21 -> 0 | K21: =+K11*H21 -> 80 | L21: =+L11*H21 -> 80 | M21: =$H$21*M11 -> 84 | N21: =$H$21*N11 -> 88 | O21: =$H$21*O11 -> 84 | P21: =$H$21*P11 -> 92 | Q21: =$H$21*Q11 -> 80 | R21: =$H$21*R11 -> 80 | S21: =$H$21*S11 -> 80 | T21: =$H$21*T11 -> 76 | V21: =SUM(J21:T21) -> 824
B22: PLAYAS DE ROSARITO | C22: DELEGACION DE LA SECRETARIA GENERAL EN ROSARITO | D22: CALLE JOSE HAROS AGUILAR NO 2004, FRACC. VILLA TURISTICA | E22: Lunes a viernes 7:00 a 11:00 | F22: 1 | G22: 4 | H22: =F22*G22 -> 4 | I22: =+I11*H22 -> 0 | J22: =+J11*H22 -> 0 | K22: =+K11*H22 -> 80 | L22: =+L11*H22 -> 80 | M22: =$H$22*M11 -> 84 | N22: =$H$22*N11 -> 88 | O22: =$H$22*O11 -> 84 | P22: =$H$22*P11 -> 92 | Q22: =$H$22*Q11 -> 80 | R22: =$H$22*R11 -> 80 | S22: =$H$22*S11 -> 80 | T22: =$H$22*T11 -> 76 | V22: =SUM(J22:T22) -> 824
B23: TIJUANA | C23: CENTRO DE LA CULTURA DE LA LEGALIDAD | D23: CALLE PERIMETRAL NO. 7125, ZONA URBANA RIO TIJUANA, 3ERA ETAPA | E23: Lunes a viernes 7.00 A 14:00 | F23: 2 | G23: 7 | H23: =F23*G23 -> 14 | I23: =+I11*H23 -> 0 | J23: =+J11*H23 -> 0 | K23: =+K11*H23 -> 280 | L23: =+L11*H23 -> 280 | M23: =$H$23*M11 -> 294 | N23: =$H$23*N11 -> 308 | O23: =$H$23*O11 -> 294 | P23: =$H$23*P11 -> 322 | Q23: =$H$23*Q11 -> 280 | R23: =$H$23*R11 -> 280 | S23: =$H$23*S11 -> 280 | T23: =$H$23*T11 -> 266 | V23: =SUM(J23:T23) -> 2884
B24: ENSENADA | C24: DELEGACION DE LA SECRETARIA GENERAL DE ENSENADA | D24: CARRETERA TRANSPENINSULAR ENSENADA - LA PAZ #6500, EX EJIDO CHAPULTEPEC, 22785, ENSENADA. | E24: Lunes a viernes 6.00 A 14:00 | F24: 1 | G24: 8 | H24: =F24*G24 -> 8 | I24: =+I11*H24 -> 0 | J24: =+J11*H24 -> 0 | K24: =+K11*H24 -> 160 | L24: =+L11*H24 -> 160 | M24: =$H$24*M11 -> 168 | N24: =$H$24*N11 -> 176 | O24: =$H$24*O11 -> 168 | P24: =$H$24*P11 -> 184 | Q24: =$H$24*Q11 -> 160 | R24: =$H$24*R11 -> 160 | S24: =$H$24*S11 -> 160 | T24: =$H$24*T11 -> 152 | V24: =SUM(J24:T24) -> 1648
V25: =SUM(V14:V24) -> 13184
F26: =SUM(F14:F24) -> 12
I27: =SUM(I14:I24) -> 0 | J27: =SUM(J14:J24) -> 0 | K27: =SUM(K14:K24) -> 1280 | L27: =SUM(L14:L24) -> 1280 | M27: =SUM(M14:M24) -> 1344 | N27: =SUM(N14:N24) -> 1408 | O27: =SUM(O14:O24) -> 1344 | P27: =SUM(P14:P24) -> 1472 | ... T27: =SUM(T14:T24) -> 1216 | V27: =SUM(J27:T27) -> 13184
J30: RESUMEN SECRETARIA GENERAL DE GOBIERNO
H32: PARTIDAS | K32: PERSONAL SOLICITADO | M32: TOTAL HORAS | O32: PRECIO POR HORA | Q32: IMPORTE SIN IVA | S32: IMPORTE CON IVA | V32: ACUMULADO
H33: MEXICALI | K33: 7 | M33: =SUM(V14:V20) -> 7004
H34: TECATE | K34: =F21 -> 1 | M34: =V21 -> 824
H35: ROSARITO | K35: =F22 -> 1 | M35: =V22 -> 824
H36: TIJUANA | K36: =F23 -> 2 | M36: =V23 -> 2884
H37: ENSENADA | K37: =F24 -> 1 | M37: =V24 -> 1648
H38: TOTALES | K38: =SUM(K33:L37) -> 12 | M38: =SUM(M33:N37) -> 13184

Sheet O.M.G.
B1: OFICIALIA MAYOR DE GOBIERNO
B2: DIRECCION DE SERVICIOS GENERALES
B3: SUBDIRECCION DE SERVICIOS GENERALES
B5: CALCULO DEL SERVICIO DE LIMPIEZA PARA EL PERIODO DEL 03 DE MARZO AL 31 DE DICIEMBRE DE 2023
B6: PROCEDIMIENTO DE LICITACIÓN PÚBLICA REGIONAL No. 32065001-004-2023 “SERVICIO DE LIMPIEZA PARA DEPENDENCIAS DE GOBIERNO DEL ESTADO DE BAJA CALIFORNIA”
B7: ANEXO UBICACIONES Y HORARIOS DEL SERVICIO
B8: OFICIALIA MAYOR DE GOBIERNO
G10: DIAS DE SERVICIO | J10: ENE | K10: FEB | L10: MAR | M10: ABR | N10: MAY | O10: JUN | P10: JUL | Q10: AGO | R10: SEP | S10: OCT | T10: NOV | U10: DIC | W10: TOTAL DIAS MAR-DIC
G11: LUNES-VIERNES | J11: 0 | K11: 0 | L11: 20 | M11: 20 | N11: 21 | O11: 22 | P11: 21 | Q11: 23 | R11: 20 | S11: 20 | T11: 20 | U11: 19 | W11: =SUM(K11:U11) -> 206
G12: SABADO | J12: 0 | K12: 0 | L12: 4 | M12: 5 | N12: 4 | O12: 4 | P12: 5 | Q12: 4 | R12: 4 | S12: 4 | T12: 4 | U12: 5 | W12: =SUM(K12:U12) -> 43
G13: MIERCOLES | J13: 0 | K13: 0 | L13: 4 | M13: 4 | N13: 5 | O13: 4 | P13: 4 | Q13: 5 | R13: 4 | S13: 4 | T13: 4 | U13: 4 | W13: =SUM(K13:U13) -> 42
W14: =SUM(W11:W13) -> 291
B15: PARTIDA | C15: UBICACION | D15: DIRECCIÓN | E15: HORARIOS | F15: PERSONAL SOLICITADO | G15: HORAS POR DIA POR PERSONA | H15: HORAS DIARIAS POR TURNO | J15: ENE | K15: FEB | L15: MAR | M15: ABR | N15: MAY | O15: JUN | P15: JUL | Q15: AGO | R15: SEP | S15: OCT | T15: NOV | U15: DIC | W15: TOTAL HORAS
B16: MEXICALI | C16: TALLER MECANICO | D16: IGNACIO COMONFORT Y RIO CULIACAN, CLONIA PROHOGAR MEXICALI,B.C. | E16: Lunes a viernes 7:00 a 11:00 | F16: 1 | G16: 4 | H16: =$F$16*G16 -> 4 | J16: =+J11*H16 -> 0 | K16: =+K11*H16 -> 0 | L16: =+L11*H16 -> 80 | M16: =+M11*H16 -> 80 | N16: =N11*H16 -> 84 | O16: =$H$16*O11 -> 88 | P16: =$H$16*P11 -> 84 | Q16: =$H$16*Q11 -> 92 | R16: =$H$16*R11 -> 80 | S16: =$H$16*S11 -> 80 | T16: =$H$16*T11 -> 80 | U16: =$H$16*U11 -> 76 | W16: =SUM(K16:U16) -> 824
B17: MEXICALI | C17: ARCHIVO HISTÓRICO | D17: CALLE PEDRO F. PÉREZ Y RAMÍREZ #621, PRIMERA SECCIÓN, 21100. | E17: Lunes a viernes 8:00 a 11:00 | F17: 1 | G17: 3 | H17: =F17*G17 -> 3 | J17: =+J11*H17 -> 0 | K17: =+K11*H17 -> 0 | L17: =+L11*H17 -> 60 | M17: =+M11*H17 -> 60 | N17: =N11*H17 -> 63 | O17: =$H$17*O11 -> 66 | P17: =$H$17*P11 -> 63 | Q17: =$H$17*Q11 -> 69 | R17: =$H$17*R11 -> 60 | S17: =$H$17*S11 -> 60 | T17: =$H$17*T11 -> 60 | U17: =$H$17*U11 -> 57 | W17: =SUM(K17:U17) -> 618
B18: MEXICALI | C18: OFICIALIA MAYOR DE GOBIERNO | D18: CALZADA INDEPENDENCIA Y AVENIDA DE LOS HÉROES #994, CENTRO CIVICO, 21000. TERCER PISO DEL EDIFICIO DEL PODER EJECUTIVO. | E18: Lunes a viernes 6:00 a 14:00 | F18: 2 | G18: 8 | H18: =F18*G18 -> 16 | J18: =+J11*H18 -> 0 | K18: =+K11*H18 -> 0 | L18: =+L11*H18 -> 320 | M18: =+M11*H18 -> 320 | N18: =N11*H18 -> 336 | O18: =$H$18*O11 -> 352 | P18: =$H$18*P11 -> 336 | Q18: =$H$18*Q11 -> 368 | R18: =$H$18*R11 -> 320 | S18: =$H$18*S11 -> 320 | T18: =$H$18*T11 -> 320 | U18: =$H$18*U11 -> 304 | W18: =SUM(K18:U18) -> 3296
B19: MEXICALI | C19: OFICIALIA MAYOR DE GOBIERNO | D19: CALZADA INDEPENDENCIA Y AVENIDA DE LOS HÉROES #994, CENTRO CIVICO, 21000. TERCER PISO DEL EDIFICIO DEL PODER EJECUTIVO. | E19: Lunes a viernes 14:00 a 18:00 | F19: 1 | G19: 4 | H19: =F19*G19 -> 4 | J19: =+J11*H19 -> 0 | K19: =+K11*H19 -> 0 | L19: =+L11*H19 -> 80 | M19: =+M11*H19 -> 80 | N19: =N11*H19 -> 84 | O19: =$H$19*O11 -> 88 | P19: =$H$19*P11 -> 84 | Q19: =$H$19*Q11 -> 92 | R19: =$H$19*R11 -> 80 | S19: =$H$19*S11 -> 80 | T19: =$H$19*T11 -> 80 | U19: =$H$19*U11 -> 76 | W19: =SUM(K19:U19) -> 824
B20: MEXICALI | C20: BIENES PATRIMONIALES | D20: CALZADA INDEPENDENCIA Y AVENIDA DE LOS HÉROES #994, CENTRO CIVICO, 21000. CUARTO PISO DEL EDIFICIO DEL PODER EJECUTIVO. | E20: Lunes a viernes 8:00 a 11:00 | F20: 1 | G20: 3 | H20: =F20*G20 -> 3 | J20: =+J11*H20 -> 0 | K20: =+K11*H20 -> 0 | L20: =+L11*H20 -> 60 | M20: =+M11*H20 -> 60 | N20: =N11*H20 -> 63 | O20: =$H$20*O11 -> 66 | P20: =$H$20*P11 -> 63 | Q20: =$H$20*Q11 -> 69 | R20: =$H$20*R11 -> 60 | S20: =$H$20*S11 -> 60 | T20: =$H$20*T11 -> 60 | U20: =$H$20*U11 -> 57 | W20: =SUM(K20:U20) -> 618
B21: MEXICALI | C21: DIRECCIÓN JURÍDICA DE NORMATIVIDAD | D21: CALZADA INDEPENDENCIA Y AVENIDA DE LOS HÉROES #994, CENTRO CIVICO, 21000. SEGUNDO PISO DEL EDIFICIO DEL PODER EJECUTIVO. | E21: Lunes a viernes 11:00 a 13:00 | F21: 1 | G21: 2 | H21: =F21*G21 -> 2 | J21: =+J11*H21 -> 0 | K21: =+K11*H21 -> 0 | L21: =+L11*H21 -> 40 | M21: =+M11*H21 -> 40 | N21: =N11*H21 -> 42 | O21: =+O11*H21 -> 44 | P21: =+P11*H21 -> 42 | Q21: =+Q11*H21 -> 46 | R21: =+R11*H21 -> 40 | S21: =+S11*H21 -> 40 | T21: =+T11*H21 -> 40 | U21: =+U11*H21 -> 38 | W21: =SUM(K21:U21) -> 412
B22: MEXICALI | C22: PRESTACIONES | D22: CALZADA INDEPENDENCIA Y AVENIDA DE LOS HÉROES #994, CENTRO CIVICO, 21000. PRIMER PISO DEL EDIFICIO DEL PODER EJECUTIVO. | E22: Lunes a viernes 9:00 a 10:00 | F22: 1 | G22: 1 | H22: =F22*G22 -> 1 | J22: =+J11*H22 -> 0 | K22: =+K11*H22 -> 0 | L22: =+L11*H22 -> 20 | M22: =+M11*H22 -> 20 | N22: =+N11*H22 -> 21 | O22: =+O11*H22 -> 22 | P22: =+P11*H22 -> 21 | Q22: =+Q11*H22 -> 23 | R22: =+R11*H22 -> 20 | S22: =+S11*H22 -> 20 | T22: =+T11*H22 -> 20 | U22: =+U11*H22 -> 19 | W22: =SUM(K22:U22) -> 206
B23: MEXICALI | C23: CONSULTORIO | D23: CALZADA INDEPENDENCIA Y AVENIDA DE LOS HÉROES #994, CENTRO CIVICO, 21000. SOTANO DEL EDIFICIO DEL PODER EJECUTIVO | E23: Lunes a viernes 7:00 a 8:00 | F23: 1 | G23: 1 | H23: =F23*G23 -> 1 | J23: =+J11*H23 -> 0 | K23: =+K11*H23 -> 0 | L23: =+L11*H23 -> 20 | M23: =+M11*H23 -> 20 | N23: =+N11*H23 -> 21 | O23: =+O11*H23 -> 22 | P23: =+P11*H23 -> 21 | Q23: =+Q11*H23 -> 23 | R23: =+R11*H23 -> 20 | S23: =+S11*H23 -> 20 | T23: =+T11*H23 -> 20 | U23: =+U11*H23 -> 19 | W23: =SUM(K23:U23) -> 206
B24: MEXICALI | C24: CREDENCIALIZACIÓN | D24: CALZADA INDEPENDENCIA Y AVENIDA DE LOS HÉROES #994, CENTRO CIVICO, 21000. SOTANO DEL EDIFICIO DEL PODER EJECUTIVO | E24: Lunes a viernes 8:00 a 9:00 | F24: 1 | G24: 1 | H24: =F24*G24 -> 1 | J24: =+J11*H24 -> 0 | K24: =+K11*H24 -> 0 | L24: =+L11*H24 -> 20 | M24: =+M11*H24 -> 20 | N24: =+N11*H24 -> 21 | O24: =+O11*H24 -> 22 | P24: =+P11*H24 -> 21 | Q24: =+Q11*H24 -> 23 | R24: =+R11*H24 -> 20 | S24: =+S11*H24 -> 20 | T24: =+T11*H24 -> 20 | U24: =+U11*H24 -> 19 | W24: =SUM(K24:U24) -> 206
B25: MEXICALI | C25: SUBDIRECCIÓN DE SERVICIOS GENERALES | D25: CALZADA INDEPENDENCIA Y AVENIDA DE LOS HÉROES #994, CENTRO CIVICO, 21000. SOTANO DEL EDIFICIO DEL PODER EJECUTIVO | E25: Lunes a viernes 9:00 a 11:00 | F25: 1 | G25: 2 | H25: =F25*G25 -> 2 | J25: =+J11*H25 -> 0 | K25: =+K11*H25 -> 0 | L25: =+L11*H25 -> 40 | M25: =+M11*H25 -> 40 | N25: =+N11*H25 -> 42 | O25: =+O11*H25 -> 44 | P25: =+P11*H25 -> 42 | Q25: =+Q11*H25 -> 46 | R25: =+R11*H25 -> 40 | S25: =+S11*H25 -> 40 | T25: =+T11*H25 -> 40 | U25: =+U11*H25 -> 38 | W25: =SUM(K25:U25) -> 412
B26: MEXICALI | C26: DEPARTAMENTO DE MANTENIMIENTO Y CONSERVACIÓN | D26: CALZADA INDEPENDENCIA Y AVENIDA DE LOS HÉROES #994, CENTRO CIVICO, 21000. SOTANO DEL EDIFICIO DEL PODER EJECUTIVO | E26: Lunes a viernes 6:00 a 8:00 | F26: 1 | G26: 2 | H26: =F26*G26 -> 2 | J26: =+J11*H26 -> 0 | K26: =+K11*H26 -> 0 | L26: =+L11*H26 -> 40 | M26: =+M11*H26 -> 40 | N26: =+N11*H26 -> 42 | O26: =+O11*H26 -> 44 | P26: =+P11*H26 -> 42 | Q26: =+Q11*H26 -> 46 | R26: =+R11*H26 -> 40 | S26: =+S11*H26 -> 40 | T26: =+T11*H26 -> 40 | U26: =+U11*H26 -> 38 | W26: =SUM(K26:U26) -> 412
B27: MEXICALI | C27: ARCHIVO GENERAL | D27: CALZADA INDEPENDENCIA Y AVENIDA DE LOS HÉROES #994, CENTRO CIVICO, 21000. SOTANO DEL EDIFICIO DEL PODER EJECUTIVO | E27: Lunes a viernes 10:00 a 12:00 | F27: 1 | G27: 2 | H27: =F27*G27 -> 2 | J27: =+J11*H27 -> 0 | K27: =+K11*H27 -> 0 | L27: =+L11*H27 -> 40 | M27: =+M11*H27 -> 40 | N27: =+N11*H27 -> 42 | O27: =+O11*H27 -> 44 | P27: =+P11*H27 -> 42 | Q27: =+Q11*H27 -> 46 | R27: =+R11*H27 -> 40 | S27: =+S11*H27 -> 40 | T27: =+T11*H27 -> 40 | U27: =+U11*H27 -> 38 | W27: =SUM(K27:U27) -> 412
B28: MEXICALI | C28: MAGISTERIO | D28: CALZADA INDEPENDENCIA Y AVENIDA DE LOS HÉROES #994, CENTRO CIVICO, 21000. RAMPA DE PROVEEDORES - SOTANO DEL EDIFICIO DEL PODER EJECUTIVO | E28: Lunes a viernes 10:00 a 12:00 | F28: 1 | G28: 2 | H28: =F28*G28 -> 2 | J28: =+J11*H28 -> 0 | K28: =+K11*H28 -> 0 | L28: =+L11*H28 -> 40 | M28: =+M11*H28 -> 40 | N28: =+N11*H28 -> 42 | O28: =+O11*H28 -> 44 | P28: =+P11*H28 -> 42 | Q28: =+Q11*H28 -> 46 | R28: =+R11*H28 -> 40 | S28: =+S11*H28 -> 40 | T28: =+T11*H28 -> 40 | U28: =+U11*H28 -> 38 | W28: =SUM(K28:U28) -> 412
B29: MEXICALI | C29: ESTACIONAMIENTO DE 5 NIVELES | D29: CALZADA INDEPENDENCIA Y AVENIDA DE LOS HÉROES #994, CENTRO CIVICO, 21000, EDIFICIO DEL PODER EJECUTIVO | E29: Lunes a viernes 6:00 a 14:00 | F29: 1 | G29: 8 | H29: =F29*G29 -> 8 | J29: =+J11*H29 -> 0 | K29: =+K11*H29 -> 0 | L29: =+L11*H29 -> 160 | M29: =+M11*H29 -> 160 | N29: =+N11*H29 -> 168 | O29: =+O11*H29 -> 176 | P29: =+P11*H29 -> 168 | Q29: =+Q11*H29 -> 184 | R29: =+R11*H29 -> 160 | S29: =+S11*H29 -> 160 | T29: =+T11*H29 -> 160 | U29: =+U11*H29 -> 152 | W29: =SUM(K29:U29) -> 1648
B30: MEXICALI | C30: ALMACENES GENERALES DEL ESTADO | D30: AV. MADERO NO. 1981, COLONIA NUEVA | E30: Lunes a viernes 8:00 a 11:00 | F30: 1 | G30: 3 | H30: =F30*G30 -> 3 | J30: =+J11*H30 -> 0 | K30: =+K11*H30 -> 0 | L30: =+L11*H30 -> 60 | M30: =+M11*H30 -> 60 | N30: =N11*H30 -> 63 | O30: =O11*H30 -> 66 | P30: =P11*H30 -> 63 | Q30: =Q11*H30 -> 69 | R30: =R11*H30 -> 60 | S30: =S11*H30 -> 60 | T30: =T11*H30 -> 60 | U30: =U11*H30 -> 57 | W30: =SUM(K30:U30) -> 618
B31: MEXICALI | C31: ÓRGANO DE CONTROL INTERNO (CENPRODE) | D31: PASAJE JANITZIO # 1057, CENTRO CIVICO, MEXICALI.B.C. | E31: Lunes a viernes 8:00 a 12:00 | F31: 1 | G31: 4 | H31: =F31*G31 -> 4 | J31: =+J11*H31 -> 0 | K31: =+K11*H31 -> 0 | L31: =+L11*H31 -> 80 | M31: =+M11*H31 -> 80 | N31: =N11*H31 -> 84 | O31: =O11*H31 -> 88 | P31: =P11*H31 -> 84 | Q31: =Q11*H31 -> 92 | R31: =R11*H31 -> 80 | S31: =S11*H31 -> 80 | T31: =T11*H31 -> 80 | U31: =U11*H31 -> 76 | W31: =SUM(K31:U31) -> 824
B32: MEXICALI | C32: EDIFICIO DE JUSTICIA PENAL | D32: RÍO NUEVO, 21090, MEXICALI. | E32: Lunes a viernes 6:00 a 14:00 | F32: 4 | G32: 8 | H32: =F32*G32 -> 32 | J32: =+J11*H32 -> 0 | K32: =+K11*H32 -> 0 | L32: =+L11*H32 -> 640 | M32: =+M11*H32 -> 640 | N32: =N11*H32 -> 672 | O32: =O11*H32 -> 704 | P32: =P11*H32 -> 672 | Q32: =Q11*H32 -> 736 | R32: =R11*H32 -> 640 | S32: =S11*H32 -> 640 | T32: =T11*H32 -> 640 | U32: =U11*H32 -> 608 | W32: =SUM(K32:U32) -> 6592
B33: MEXICALI | C33: EDIFICIO DE JUSTICIA PENAL | D33: RÍO NUEVO, 21090, MEXICALI. | E33: Lunes a viernes 14:00 a 18:00 | F33: 2 | G33: 4 | H33: =F33*G33 -> 8 | J33: =+J11*H33 -> 0 | K33: =+K11*H33 -> 0 | L33: =+L11*H33 -> 160 | M33: =+M11*H33 -> 160 | N33: =N11*H33 -> 168 | O33: =O11*H33 -> 176 | P33: =P11*H33 -> 168 | Q33: =Q11*H33 -> 184 | R33: =R11*H33 -> 160 | S33: =S11*H33 -> 160 | T33: =T11*H33 -> 160 | U33: =U11*H33 -> 152 | W33: =SUM(K33:U33) -> 1648
B34: TECATE | C34: EDIFICIO DE JUSTICIA PENAL | D34: CARRETERA LIBRE - TIJUANA KM. 140 COLONIA EL PASO DEL ÁGUILA, TECATE | E34: Lunes a viernes 6:00 a 14:00 | F34: 4 | G34: 8 | H34: =F34*G34 -> 32 | J34: =(J11*H34) -> 0 | K34: =(K11*H34) -> 0 | L34: =(L11*H34) -> 640 | M34: =(M11*H34) -> 640 | N34: =N11*H34 -> 672 | O34: =O11*H34 -> 704 | P34: =P11*H34 -> 672 | Q34: =Q11*H34 -> 736 | R34: =R11*H34 -> 640 | S34: =S11*H34 -> 640 | T34: =T11*H34 -> 640 | U34: =U11*H34 -> 608 | W34: =SUM(K34:U34) -> 6592
B35: TECATE | C35: EDIFICIO DE JUSTICIA PENAL | D35: CARRETERA LIBRE - TIJUANA KM. 140 COLONIA EL PASO DEL ÁGUILA, TECATE | E35: Lunes a viernes 14:00 a 18:00 | F35: 2 | G35: 4 | H35: =F35*G35 -> 8 | J35: =(J11*H35) -> 0 | K35: =(K11*H35) -> 0 | L35: =(L11*H35) -> 160 | M35: =(M11*H35) -> 160 | N35: =N11*H35 -> 168 | O35: =O11*H35 -> 176 | P35: =P11*H35 -> 168 | Q35: =Q11*H35 -> 184 | R35: =R11*H35 -> 160 | S35: =S11*H35 -> 160 | T35: =T11*H35 -> 160 | U35: =U11*H35 -> 152 | W35: =SUM(K35:U35) -> 1648
B36: TIJUANA | C36: OFICIALIA MAYOR DE GOBIERNO | D36: AV. VÍA RÁPIDA PONIENTE DIEGO RIVERA, ZONA URBANA RÍO TIJUANA, 22010. | E36: Lunes a viernes 7:00 a 15:00 | F36: 4 | G36: 8 | H36: =F36*G36 -> 32 | J36: =+J11*H36 -> 0 | K36: =+K11*H36 -> 0 | L36: =+L11*H36 -> 640 | M36: =+M11*H36 -> 640 | N36: =N11*H36 -> 672 | O36: =O11*H36 -> 704 | P36: =P11*H36 -> 672 | Q36: =Q11*H36 -> 736 | R36: =R11*H36 -> 640 | S36: =S11*H36 -> 640 | T36: =T11*H36 -> 640 | U36: =U11*H36 -> 608 | W36: =SUM(K36:U36) -> 6592
B37: TIJUANA | C37: ALMACEN DE OFICIALIA MAYOR DE TIJUANA | D37: AV. VÍA RÁPIDA PONIENTE S/N COLONIA CORONA DEL ROSAL, 22104. | E37: Miercoles 7:00 a 11:00 | F37: 1 | G37: 4 | H37: =F37*G37 -> 4 | J37: =+J13*H37 -> 0 | K37: =+K13*H37 -> 0 | L37: =+L13*H37 -> 16 | M37: =+M13*H37 -> 16 | N37: =N13*H37 -> 20 | O37: =O13*H37 -> 16 | P37: =P13*H37 -> 16 | Q37: =Q13*H37 -> 20 | R37: =R13*H37 -> 16 | S37: =S13*H37 -> 16 | T37: =T13*H37 -> 16 | U37: =U13*H37 -> 16 | W37: =SUM(K37:U37) -> 168
B38: PLAYAS DE ROSARITO | C38: CENTRO DE GOBIERNO | D38: AV. JOSÉ HAROZ AGUILAR 2004, FRACC. VILLA TURÍSTICA, 22710. | E38: Lunes a viernes 7:00 a 15:00 | F38: 3 | G38: 8 | H38: =F38*G38 -> 24 | J38: =+J11*H38 -> 0 | K38: =+K11*H38 -> 0 | L38: =+L11*H38 -> 480 | M38: =+M11*H38 -> 480 | N38: =N11*H38 -> 504 | O38: =O11*H38 -> 528 | P38: =P11*H38 -> 504 | Q38: =Q11*H38 -> 552 | R38: =R11*H38 -> 480 | S38: =S11*H38 -> 480 | T38: =T11*H38 -> 480 | U38: =U11*H38 -> 456 | W38: =SUM(K38:U38) -> 4944
B39: PLAYAS DE ROSARITO | C39: CENTRO DE GOBIERNO | D39: AV. JOSÉ HAROZ AGUILAR 2004, FRACC. VILLA TURÍSTICA, 22710. | E39: Sabado 8:00 a 12:00 | F39: 2 | G39: 4 | H39: =F39*G39 -> 8 | J39: =+J12*H39 -> 0 | K39: =+K12*H39 -> 0 | L39: =+L12*H39 -> 32 | M39: =+M12*H39 -> 40 | N39: =N12*H39 -> 32 | O39: =O12*H39 -> 32 | P39: =P12*H39 -> 40 | Q39: =Q12*H39 -> 32 | R39: =R12*H39 -> 32 | S39: =S12*H39 -> 32 | T39: =T12*H39 -> 32 | U39: =U12*H39 -> 40 | W39: =SUM(K39:U39) -> 344
B40: ENSENADA | C40: CENTRO DE GOBIERNO ENSENADA | D40: CARRETERA TRANSPENINSULAR ENSENADA - LA PAZ #6500, EX EJIDO CHAPULTEPEC, 22785, ENSENADA. | E40: Lunes a viernes 7:00 a 15:00 | F40: 4 | G40: 8 | H40: =F40*G40 -> 32 | J40: =+J11*H40 -> 0 | K40: =+K11*H40 -> 0 | L40: =+L11*H40 -> 640 | M40: =+M11*H40 -> 640 | N40: =N11*H40 -> 672 | O40: =O11*H40 -> 704 | P40: =P11*H40 -> 672 | Q40: =Q11*H40 -> 736 | R40: =R11*H40 -> 640 | S40: =S11*H40 -> 640 | T40: =T11*H40 -> 640 | U40: =U11*H40 -> 608 | W40: =SUM(K40:U40) -> 6592
B41: ENSENADA | C41: CENTRO DE GOBIERNO ENSENADA | D41: CARRETERA TRANSPENINSULAR ENSENADA - LA PAZ #6500, EX EJIDO CHAPULTEPEC, 22785, ENSENADA. | E41: Lunes a viernes 10:00 a 18:00 | F41: 2 | G41: 8 | H41: =F41*G41 -> 16 | J41: =+J11*H41 -> 0 | K41: =+K11*H41 -> 0 | L41: =+L11*H41 -> 320 | M41: =+M11*H41 -> 320 | N41: =N11*H41 -> 336 | O41: =O11*H41 -> 352 | P41: =P11*H41 -> 336 | Q41: =Q11*H41 -> 368 | R41: =R11*H41 -> 320 | S41: =S11*H41 -> 320 | T41: =T11*H41 -> 320 | U41: =U11*H41 -> 304 | W41: =SUM(K41:U41) -> 3296
B42: ENSENADA | C42: CENTRO DE GOBIERNO ENSENADA | D42: CARRETERA TRANSPENINSULAR ENSENADA - LA PAZ #6500, EX EJIDO CHAPULTEPEC, 22785, ENSENADA. | E42: Sabado 8:00 a 12:00 | F42: 2 | G42: 4 | H42: =F42*G42 -> 8 | J42: =+J12*H42 -> 0 | K42: =+K12*H42 -> 0 | L42: =+L12*H42 -> 32 | M42: =+M12*H42 -> 40 | N42: =N12*H42 -> 32 | O42: =O12*H42 -> 32 | P42: =P12*H42 -> 40 | Q42: =Q12*H42 -> 32 | R42: =R12*H42 -> 32 | S42: =S12*H42 -> 32 | T42: =T12*H42 -> 32 | U42: =U12*H42 -> 40 | W42: =SUM(K42:U42) -> 344
B43: SAN QUINTÍN | C43: CENTRO DE GOBIERNO SAN QUINTÍN | D43: AVENIDA "A" ENTRE 9 Y 10 S/N, FRACCIONAMIENTO SAN QUINTÍN, 22940. | E43: Lunes a viernes 7:00 a 12:00 | F43: 1 | G43: 5 | H43: =F43*G43 -> 5 | J43: =+J11*H43 -> 0 | K43: =+K11*H43 -> 0 | L43: =+L11*H43 -> 100 | M43: =+M11*H43 -> 100 | N43: =+N11*H43 -> 105 | O43: =O11*H43 -> 110 | P43: =P11*H43 -> 105 | Q43: =Q11*H43 -> 115 | R43: =R11*H43 -> 100 | S43: =S11*H43 -> 100 | T43: =T11*H43 -> 100 | U43: =U11*H43 -> 95 | W43: =SUM(K43:U43) -> 1030
B44: SAN QUINTÍN | C44: CENTRO DE GOBIERNO SAN QUINTÍN | D44: AVENIDA "A" ENTRE 9 Y 10 S/N, FRACCIONAMIENTO SAN QUINTÍN, 22940. | E44: Lunes a viernes 9:00 a 15:00 | F44: 1 | G44: 6 | H44: =F44*G44 -> 6 | J44: =+J11*H44 -> 0 | K44: =+K11*H44 -> 0 | L44: =+L11*H44 -> 120 | M44: =+M11*H44 -> 120 | N44: =+N11*H44 -> 126 | O44: =O11*H44 -> 132 | P44: =P11*H44 -> 126 | Q44: =Q11*H44 -> 138 | R44: =R11*H44 -> 120 | S44: =S11*H44 -> 120 | T44: =T11*H44 -> 120 | U44: =U11*H44 -> 114 | W44: =SUM(K44:U44) -> 1236
B45: ENSENADA | C45: EDIFICIO DE JUSTICIA PENAL | D45: PROLONGACIÓN LIBRAMIENTO SUR #1800, EX EJIDO CHAPULTEPEC, C.P. 22785, ENSENADA | E45: Lunes a viernes 6:00 a 14:00 | F45: 4 | G45: 8 | H45: =F45*G45 -> 32 | J45: =J11*H45 -> 0 | K45: =+K11*H45 -> 0 | L45: =+L11*H45 -> 640 | M45: =+M11*H45 -> 640 | N45: =N11*H45 -> 672 | O45: =O11*H45 -> 704 | P45: =P11*H45 -> 672 | Q45: =Q11*H45 -> 736 | R45: =R11*H45 -> 640 | S45: =S11*H45 -> 640 | T45: =T11*H45 -> 640 | U45: =U11*H45 -> 608 | W45: =SUM(K45:U45) -> 6592
B46: ENSENADA | C46: EDIFICIO DE JUSTICIA PENAL | D46: PROLONGACIÓN LIBRAMIENTO SUR #1800, EX EJIDO CHAPULTEPEC, C.P. 22785, ENSENADA | E46: Lunes a viernes 14:00 a 18:00 | F46: 2 | G46: 4 | H46: =F46*G46 -> 8 | J46: =J11*H46 -> 0 | K46: =+K11*H46 -> 0 | L46: =+L11*H46 -> 160 | M46: =+M11*H46 -> 160 | N46: =N11*H46 -> 168 | O46: =O11*H46 -> 176 | P46: =P11*H46 -> 168 | Q46: =Q11*H46 -> 184 | R46: =R11*H46 -> 160 | S46: =S11*H46 -> 160 | T46: =T11*H46 -> 160 | U46: =U11*H46 -> 152 | W46: =SUM(K46:U46) -> 1648
T47: TOTAL ESTATAL HORAS | W47: =SUM(W16:W46) -> 61214
J50: =SUM(J16:J46) -> 0 | K50: =SUM(K16:K46) -> 0 | L50: =SUM(L16:L46) -> 5940 | M50: =SUM(M16:M46) -> 5956 | N50: =SUM(N16:N46) -> 6237 | O50: =SUM(O16:O46) -> 6526 | P50: =SUM(P16:P46) -> 6249 | Q50: =SUM(Q16:Q46) -> 6823 | ... U50: =SUM(U16:U46) -> 5663
N53: RESUMEN OFICIALIA MAYOR DE GOBIERNO
J55: PARTIDAS | L55: PERSONAL SOLICITADO | N55: TOTAL HORAS
J56: MEXICALI | L56: =F16+F17+F18+F19+F30+F31+F32+F33+F20+F21+F22+F23+F24+F25+F26+F27+F28+F29 -> 23 | N56: =SUM(W16:W33) -> 20188
J57: TECATE | L57: =F34+F35 -> 6 | N57: =SUM(W34:W35) -> 8240
J58: TIJUANA | L58: =F36+F37 -> 5 | N58: =SUM(W36:W37) -> 6760
J59: ROSARITO | L59: =F38+F39 -> 5 | N59: =SUM(W38:W39) -> 5288
J60: ENSENADA | L60: =(F40+F41+F42+F43+F44+F45+F46) -> 16 | N60: =SUM(W40:W46) -> 20738
J61: TOTALES | L61: =SUM(L56:M60) -> 55 | N61: =SUM(N56:O60) -> 61214

Sheet S.H.
B1: OFICIALIA MAYOR DE GOBIERNO
B2: DIRECCION DE SERVICIOS GENERALES
B3: SUBDIRECCION DE SERVICIOS GENERALES
B5: CALCULO DEL SERVICIO DE LIMPIEZA PARA EL PERIODO DEL 03 DE MARZO AL 31 DE DICIEMBRE DE 2023
B6: PROCEDIMIENTO DE LICITACIÓN PÚBLICA REGIONAL No. 32065001-004-2023 “SERVICIO DE LIMPIEZA PARA DEPENDENCIAS DE GOBIERNO DEL ESTADO DE BAJA CALIFORNIA”
B7: ANEXO UBICACIONES Y HORARIOS DEL SERVICIO
B8: SECRETARIA DE HACIENDA DEL ESTADO
G10: DIAS DE SERVICIO | J10: ENE | K10: FEB | L10: MAR | M10: ABR | N10: MAY | O10: JUN | P10: JUL | Q10: AGO | R10: SEP | S10: OCT | T10: NOV | U10: DIC | W10: TOTAL DIAS MAR-DIC
G11: LUNES-VIERNES | J11: 0 | K11: 0 | L11: 20 | M11: 20 | N11: 21 | O11: 22 | P11: 21 | Q11: 23 | R11: 20 | S11: 20 | T11: 20 | U11: 19 | W11: =SUM(K11:U11) -> 206
G12: SABADO | J12: 0 | K12: 0 | L12: 4 | M12: 5 | N12: 4 | O12: 4 | P12: 5 | Q12: 4 | R12: 4 | S12: 4 | T12: 4 | U12: 5 | W12: =SUM(K12:U12) -> 43
G13: LUN- MIER - VIER | J13: 0 | K13: 0 | L13: 12 | M13: 11 | N13: 12 | O13: 13 | P13: 13 | Q13: 13 | R13: 13 | S13: 12 | T13: 11 | U13: 12 | W13: =SUM(K13:U13) -> 122
G14: MARTES-VIERNES | J14: 0 | K14: 0 | L14: 9 | M14: 7 | N14: 8 | O14: 9 | P14: 8 | Q14: 9 | R14: 8 | S14: 8 | T14: 8 | U14: 8 | W14: =SUM(K14:U14) -> 82
W15: =SUM(W11:W14) -> 453
B16: PARTIDA | C16: UBICACION | D16: DIRECCIÓN | E16: HORARIOS | F16: PERSONAL SOLICITADO | G16: HORAS POR DIA POR PERSONA | H16: HORAS DIARIAS POR TURNO | J16: ENE | K16: FEB | L16: MAR | M16: ABR | N16: MAY | O16: JUN | P16: JUL | Q16: AGO | R16: SEP | S16: OCT | T16: NOV | U16: DIC | W16: TOTAL HORAS
C17: MEXICALI
B18: 1 | C18: RECAUDACIÓN CENTRAL MEXICALI | D18: CALZADA INDEPENDENCIA Y AVENIDA DE LOS HÉROES #994, CENTRO CIVICO, 21000. PRIMER PISO DEL EDIFICIO DEL PODER EJECUTIVO. | E18: Lunes a viernes 7:00 a 15:00 | F18: 1 | G18: 8 | H18: =F18*G18 -> 8 | J18: 0 | K18: =+K11*H18 -> 0 | L18: =+L11*H18 -> 160 | M18: =+M11*H18 -> 160 | N18: =N11*H18 -> 168 | O18: =O11*H18 -> 176 | P18: =P11*H18 -> 168 | Q18: =Q11*H18 -> 184 | R18: =R11*H18 -> 160 | S18: =S11*H18 -> 160 | T18: =T11*H18 -> 160 | U18: =U11*H18 -> 152 | W18: =SUM(K18:U18) -> 1648
B19: 2 | C19: REGULARIZACIÓN FEX MEXICALI | D19: RÍO NUEVO #955, AGUALEGUAS, 21090 | E19: Lunes a viernes 8:00 a 16:00 | F19: 1 | G19: 8 | H19: =F19*G19 -> 8 | J19: =J11*H19 -> 0 | K19: 0 | L19: 176 | M19: 0 | N19: 0 | O19: 0 | P19: 0 | Q19: 0 | R19: 0 | S19: 0 | T19: 0 | U19: 0 | W19: =SUM(K19:U19) -> 176
E20: sabado 8:00 a 16:00 | F20: 1 | G20: 8 | H20: =F20*G20 -> 8 | J20: 0 | K20: 0 | L20: 32 | M20: 0 | N20: 0 | O20: 0 | P20: 0 | Q20: 0 | R20: 0 | S20: 0 | T20: 0 | U20: 0 | W20: =SUM(K20:U20) -> 32
B21: 3 | C21: REGULARIZACIÓN CEART MEXICALI | D21: RÍO NUEVO, 21120, MEXICALI | E21: Lunes a viernes 8:00 a 16:00 | F21: 1 | G21: 8 | H21: =F21*G21 -> 8 | J21: 0 | K21: 0 | L21: 176 | M21: 0 | N21: 0 | O21: 0 | P21: 0 | Q21: 0 | R21: 0 | S21: 0 | T21: 0 | U21: 0 | W21: =SUM(K21:U21) -> 176
E22: sabado 8:00 a 16:00 | F22: 1 | G22: 8 | H22: =F22*G22 -> 8 | J22: 0 | K22: 0 | L22: 32 | M22: 0 | N22: 0 | O22: 0 | P22: 0 | Q22: 0 | R22: 0 | S22: 0 | T22: 0 | U22: 0 | W22: =SUM(K22:U22) -> 32
B23: 4 | C23: DIRECCIÓN DE ADMINISTRACIÓN | D23: CALZADA INDEPENDENCIA Y AVENIDA DE LOS HÉROES #994, CENTRO CIVICO, 21000. PRIMER PISO DEL EDIFICIO DEL PODER EJECUTIVO. | E23: Lunes a viernes 7:00 a 12:00 | F23: 1 | G23: 5 | H23: =F23*G23 -> 5 | J23: =+J11*H23 -> 0 | K23: 0 | L23: =+L11*H23 -> 100 | M23: =+M11*H23 -> 100 | N23: =N11*H23 -> 105 | O23: =O11*H23 -> 110 | P23: =P11*H23 -> 105 | Q23: =Q11*H23 -> 115 | R23: =R11*H23 -> 100 | S23: =S11*H23 -> 100 | T23: =T11*H23 -> 100 | U23: =U11*H23 -> 95 | W23: =SUM(K23:U23) -> 1030
B24: 5 | C24: CENCAFI | D24: CALZADA MILTÓN CASTELLANOS #1573, CONJUNTO URBANO CALISS, 21010 | E24: Lunes a viernes 8:00 a 11:00 | F24: 1 | G24: 3 | H24: =F24*G24 -> 3 | J24: =+J11*H24 -> 0 | K24: =+K11*H24 -> 0 | L24: =+L11*H24 -> 60 | M24: =+M11*H24 -> 60 | N24: =N11*H24 -> 63 | O24: =O11*H24 -> 66 | P24: =P11*H24 -> 63 | Q24: =Q11*H24 -> 69 | R24: =R11*H24 -> 60 | S24: =S11*H24 -> 60 | T24: =T11*H24 -> 60 | U24: =U11*H24 -> 57 | W24: =SUM(K24:U24) -> 618
B25: 6 | C25: ÁREA OPERATIVA, BAÑOS COMUNES Y DEPARTAMENTO DE NÓMINAS DE LA DIRECCIÓN DE EGRESOS | E25: Lunes a viernes 7:00 a 15:00 | F25: 1 | G25: 8 | H25: =F25*G25 -> 8 | J25: =+J11*H25 -> 0 | K25: =+K11*H25 -> 0 | L25: =+L11*H25 -> 160 | M25: =+M11*H25 -> 160 | N25: =N11*H25 -> 168 | O25: =O11*H25 -> 176 | P25: =P11*H25 -> 168 | Q25: =Q11*H25 -> 184 | R25: =R11*H25 -> 160 | S25: =S11*H25 -> 160 | T25: =T11*H25 -> 160 | U25: =U11*H25 -> 152 | W25: =SUM(K25:U25) -> 1648
B26: 7 | C26: OFICINA DE COBRO GONZÁLEZ ORTEGA (PALACO) | D26: CALLE 4TA Y CARRETERA A SAN LUIS RIO COLORADO #249, DELEGACION GONZALEZ ORTEGA MEXICALI. | E26: Lunes a viernes 8:00 a 16:00 | F26: 1 | G26: 8 | H26: =F26*G26 -> 8 | J26: 0 | K26: 0 | L26: 0 | M26: 0 | N26: 23 | O26: 176 | P26: 168 | Q26: 184 | R26: 168 | S26: 176 | T26: 176 | U26: 168 | W26: =SUM(K26:U26) -> 1239
E27: sabado 8:00 a 16:00 | F27: 1 | G27: 8 | H27: =F27*G27 -> 8 | J27: 0 | K27: 0 | L27: 0 | M27: 0 | N27: 32 | O27: 32 | P27: 40 | Q27: 32 | R27: 40 | S27: 32 | T27: 32 | U27: 32 | W27: =SUM(K27:U27) -> 272
B28: 8 | C28: INVERSIÓN PÚBLICA | E28: Lunes, Miercoles y Viernes 11:00 a 14:00 | F28: 1 | G28: 3 | H28: =F28*G28 -> 3 | J28: =+J13*H28 -> 0 | K28: =+K13*H28 -> 0 | L28: =+L13*H28 -> 36 | M28: =+M13*H28 -> 33 | N28: =+N13*H28 -> 36 | O28: =+O13*H28 -> 39 | P28: =+P13*H28 -> 39 | Q28: =+Q13*H28 -> 39 | R28: =+R13*H28 -> 39 | S28: =+S13*H28 -> 36 | T28: =+T13*H28 -> 33 | U28: =+U13*H28 -> 36 | W28: =SUM(K28:U28) -> 366
B29: 9 | C29: SUBRECAUDACIÓN AUXILIAR DE RENTAS MEXICALI | E29: Lunes a viernes 9:00 a 18:00 | F29: 1 | G29: 9 | H29: =F29*G29 -> 9 | J29: =+J11*H29 -> 0 | K29: =+K11*H29 -> 0 | L29: =+L11*H29 -> 180 | M29: =+M11*H29 -> 180 | N29: =+N11*H29 -> 189 | O29: =O11*H29 -> 198 | P29: =P11*H29 -> 189 | Q29: =Q11*H29 -> 207 | R29: =R11*H29 -> 180 | S29: =S11*H29 -> 180 | T29: =T11*H29 -> 180 | U29: =U11*H29 -> 171 | W29: =SUM(K29:U29) -> 1854
D30: CALZADA INDEPENDENCIA #994, CENTRO CIVICO, 21000 | E30: Lunes a viernes 8:00 a 14:00 | F30: 1 | G30: 6 | H30: =F30*G30 -> 6 | J30: =+J11*H30 -> 0 | K30: =+K11*H30 -> 0 | L30: =+L11*H30 -> 120 | M30: =+M11*H30 -> 120 | N30: =N11*H30 -> 126 | O30: =O11*H30 -> 132 | P30: =P11*H30 -> 126 | Q30: =Q11*H30 -> 138 | R30: =R11*H30 -> 120 | S30: =S11*H30 -> 120 | T30: =T11*H30 -> 120 | U30: =U11*H30 -> 114 | W30: =SUM(K30:U30) -> 1236
E31: sabado 9:00 a 13:00 | F31: 1 | G31: 4 | H31: =F31*G31 -> 4 | J31: =+J12*H31 -> 0 | K31: =+K12*H31 -> 0 | L31: =+L12*H31 -> 16 | M31: =+M12*H31 -> 20 | N31: =+N12*H31 -> 16 | O31: =O12*H31 -> 16 | P31: =P12*H31 -> 20 | Q31: =Q12*H31 -> 16 | R31: =R12*H31 -> 16 | S31: =S12*H31 -> 16 | T31: =T12*H31 -> 16 | U31: =U12*H31 -> 20 | W31: =SUM(K31:U31) -> 172
B32: 10 | C32: SUBRECAUDACIÓN AUXILIAR DE RENTAS CD. MORELOS | D32: AV. MORELOS Y LEYES DE REFORMA # 512, CD. MORELOS, 21960. | E32: Lunes a viernes 8:00 a 11:00 | F32: 1 | G32: 3 | H32: =F32*G32 -> 3 | J32: =+J11*H32 -> 0 | K32: =+K11*H32 -> 0 | L32: =+L11*H32 -> 60 | M32: =+M11*H32 -> 60 | N32: =+N11*H32 -> 63 | O32: =O11*H32 -> 66 | P32: =P11*H32 -> 63 | Q32: =Q11*H32 -> 69 | R32: =R11*H32 -> 60 | S32: =S11*H32 -> 60 | T32: =T11*H32 -> 60 | U32: =U11*H32 -> 57 | W32: =SUM(K32:U32) -> 618
B33: 11 | C33: SUBRECAUDACIÓN AUXILIAR DE RENTAS GUADALUPE VICTORIA | D33: CALLE 8 CON MIGUEL HIDALGO, DEL SOL, 21720, GUADALUPE VICTORIA | E33: Lunes a viernes 8:00 a 10:00 | F33: 1 | G33: 2 | H33: =F33*G33 -> 2 | J33: =+J11*H33 -> 0 | K33: =+K11*H33 -> 0 | L33: =+L11*H33 -> 40 | M33: =+M11*H33 -> 40 | N33: =N11*H33 -> 42 | O33: =O11*H33 -> 44 | P33: =P11*H33 -> 42 | Q33: =Q11*H33 -> 46 | R33: =R11*H33 -> 40 | S33: =S11*H33 -> 40 | T33: =T11*H33 -> 40 | U33: =U11*H33 -> 38 | W33: =SUM(K33:U33) -> 412
B34: 12 | C34: SUBRECAUDACIÓN AUXILIAR DE RENTAS SAN FELIPE | D34: AV. MAR CARIBE NORTE #182, AMPLIACIÓN SEGUNDA SECCIÓN, 21850. SAN FELIPE | E34: Lunes a viernes 8:00 a 10:00 | F34: 1 | G34: 2 | H34: =F34*G34 -> 2 | J34: =+J11*H34 -> 0 | K34: =+K11*H34 -> 0 | L34: =+L11*H34 -> 40 | M34: =+M11*H34 -> 40 | N34: =N11*H34 -> 42 | O34: =O11*H34 -> 44 | P34: =P11*H34 -> 42 | Q34: =Q11*H34 -> 46 | R34: =R11*H34 -> 40 | S34: =S11*H34 -> 40 | T34: =T11*H34 -> 40 | U34: =U11*H34 -> 38 | W34: =SUM(K34:U34) -> 412
B35: 13 | C35: ARCHIVO GENERAL (CAIPE) | D35: MIMIAHUAPAN #1684, CALAFIA, 21040 | E35: Lunes a viernes 8:00 a 11:00 | F35: 1 | G35: 3 | H35: =F35*G35 -> 3 | J35: =+J11*H35 -> 0 | K35: =+K11*H35 -> 0 | L35: =+L11*H35 -> 60 | M35: =+M11*H35 -> 60 | N35: =N11*H35 -> 63 | O35: =O11*H35 -> 66 | P35: =P11*H35 -> 63 | Q35: =Q11*H35 -> 69 | R35: =R11*H35 -> 60 | S35: =S11*H35 -> 60 | T35: =T11*H35 -> 60 | U35: =U11*H35 -> 57 | W35: =SUM(K35:U35) -> 618
B36: 14 | C36: SUBSECRETARÍA DE TECNOLOGÍAS DE INFORMACIÓN Y COMUNICACIONES | E36: Lunes a viernes 7:00 a 14:00 | F36: 1 | G36: 7 | H36: =F36*G36 -> 7 | J36: =+J11*H36 -> 0 | K36: =+K11*H36 -> 0 | L36: =+L11*H36 -> 140 | M36: =+M11*H36 -> 140 | N36: =N11*H36 -> 147 | O36: =O11*H36 -> 154 | P36: =P11*H36 -> 147 | Q36: =Q11*H36 -> 161 | R36: =R11*H36 -> 140 | S36: =S11*H36 -> 140 | T36: =T11*H36 -> 140 | U36: =U11*H36 -> 133 | W36: =SUM(K36:U36) -> 1442
B37: 15 | C37: OFICINAS DE LA SECRETARÍA DE HACIENDA | D37: CUARTO PISO EDIFICIO DEL PODER EJECUTIVO | E37: Lunes a viernes 7:00 a 14:00 | F37: 1 | G37: 7 | H37: =F37*G37 -> 7 | J37: =+J11*H37 -> 0 | K37: =+K11*H37 -> 0 | L37: =+L11*H37 -> 140 | M37: =+M11*H37 -> 140 | N37: =N11*H37 -> 147 | O37: =O11*H37 -> 154 | P37: =P11*H37 -> 147 | Q37: =Q11*H37 -> 161 | R37: =R11*H37 -> 140 | S37: =S11*H37 -> 140 | T37: =T11*H37 -> 140 | U37: =U11*H37 -> 133 | W37: =SUM(K37:U37) -> 1442
B38: 16 | C38: PROCURADURÍA FISCAL | D38: CALZADA INDEPENDENCIA Y AVENIDA DE LOS HÉROES #994, CENTRO CIVICO, 21000. PRIMER PISO DEL EDIFICIO DEL PODER EJECUTIVO. | E38: Lunes a viernes 13:00 a 14:00 | F38: 1 | G38: 1 | H38: =F38*G38 -> 1 | J38: =+J11*H38 -> 0 | K38: =+K11*H38 -> 0 | L38: =+L11*H38 -> 20 | M38: =+M11*H38 -> 20 | N38: =N11*H38 -> 21 | O38: =O11*H38 -> 22 | P38: =P11*H38 -> 21 | Q38: =Q11*H38 -> 23 | R38: =R11*H38 -> 20 | S38: =S11*H38 -> 20 | T38: =T11*H38 -> 20 | U38: =U11*H38 -> 19 | W38: =SUM(K38:U38) -> 206
B39: 17 | C39: DIRECCIÓN DE SEGUIMIENTO A PARAESTATALES | E39: Lunes a viernes 13:00 a 14:00 | F39: 1 | G39: 1 | H39: =F39*G39 -> 1 | J39: =+J11*H39 -> 0 | K39: =+K11*H39 -> 0 | L39: =+L11*H39 -> 20 | M39: =+M11*H39 -> 20 | N39: =N11*H39 -> 21 | O39: =O11*H39 -> 22 | P39: =P11*H39 -> 21 | Q39: =Q11*H39 -> 23 | R39: =R11*H39 -> 20 | S39: =S11*H39 -> 20 | T39: =T11*H39 -> 20 | U39: =U11*H39 -> 19 | W39: =SUM(K39:U39) -> 206
B40: 18 | C40: CONTABILIDAD, BAÑOS COMUNES Y SERVICIO ADMINISTRATIVO | E40: Lunes a viernes 12:00 a 14:00 | F40: 1 | G40: 2 | H40: =F40*G40 -> 2 | J40: =+J11*H40 -> 0 | K40: =+K11*H40 -> 0 | L40: =+L11*H40 -> 40 | M40: =+M11*H40 -> 40 | N40: =N11*H40 -> 42 | O40: =O11*H40 -> 44 | P40: =P11*H40 -> 42 | Q40: =Q11*H40 -> 46 | R40: =R11*H40 -> 40 | S40: =S11*H40 -> 40 | T40: =T11*H40 -> 40 | U40: =U11*H40 -> 38 | W40: =SUM(K40:U40) -> 412
B41: 19 | C41: DIRECCIÓN DE GESTIÓN FINANCIERA | E41: Lunes a viernes 7:00 a 12:00 | F41: 1 | G41: 5 | H41: =F41*G41 -> 5 | J41: =+J11*H41 -> 0 | K41: =+K11*H41 -> 0 | L41: =+L11*H41 -> 100 | M41: =+M11*H41 -> 100 | N41: =N11*H41 -> 105 | O41: =O11*H41 -> 110 | P41: =P11*H41 -> 105 | Q41: =Q11*H41 -> 115 | R41: =R11*H41 -> 100 | S41: =S11*H41 -> 100 | T41: =T11*H41 -> 100 | U41: =U11*H41 -> 95 | W41: =SUM(K41:U41) -> 1030
B42: 20 | C42: DIRECCIÓN DE AUDITORIA FISCAL | D42: PRIMER PISO EDIFICIO DEL PODER EJECUTIVO | E42: Lunes a viernes 8:00 a 12:00 | F42: 1 | G42: 4 | H42: =F42*G42 -> 4 | J42: =+J11*H42 -> 0 | K42: =+K11*H42 -> 0 | L42: =+L11*H42 -> 80 | M42: =+M11*H42 -> 80 | N42: =+N11*H42 -> 84 | O42: =O11*H42 -> 88 | P42: =P11*H42 -> 84 | Q42: =Q11*H42 -> 92 | R42: =R11*H42 -> 80 | S42: =S11*H42 -> 80 | T42: =T11*H42 -> 80 | U42: =U11*H42 -> 76 | W42: =SUM(K42:U42) -> 824
B43: 21 | C43: UNIDAD DE CUENTA PÚBLICA | E43: Lunes a viernes 8:00 a 11:00 | F43: 1 | G43: 3 | H43: =F43*G43 -> 3 | J43: =+J11*H43 -> 0 | K43: =+K11*H43 -> 0 | L43: =+L11*H43 -> 60 | M43: =+M11*H43 -> 60 | N43: =N11*H43 -> 63 | O43: =O11*H43 -> 66 | P43: =P11*H43 -> 63 | Q43: =Q11*H43 -> 69 | R43: =R11*H43 -> 60 | S43: =S11*H43 -> 60 | T43: =T11*H43 -> 60 | U43: =U11*H43 -> 57 | W43: =SUM(K43:U43) -> 618
B44: 22 | C44: DIRECCIÓN DE AUDITORIA INTERNA Y BAÑOS COMUNES | D44: SOTANO EDIFICIO DEL PODER EJECUTIVO | E44: Lunes a viernes 7:00 a 12:00 | F44: 1 | G44: 5 | H44: =F44*G44 -> 5 | J44: =+J11*H44 -> 0 | K44: =+K11*H44 -> 0 | L44: =+L11*H44 -> 100 | M44: =+M11*H44 -> 100 | N44: =+N11*H44 -> 105 | O44: =O11*H44 -> 110 | P44: =P11*H44 -> 105 | Q44: =Q11*H44 -> 115 | R44: =R11*H44 -> 100 | S44: =S11*H44 -> 100 | T44: =T11*H44 -> 100 | U44: =U11*H44 -> 95 | W44: =SUM(K44:U44) -> 1030
F45: =SUM(F18:F44) -> 27 | G45: TOTALES DE HORAS/MES | J45: =SUM(J18:J44) -> 0 | K45: =SUM(K18:K44) -> 0 | L45: =SUM(L18:L44) -> 2148 | M45: =SUM(M18:M44) -> 1733 | N45: =SUM(N18:N44) -> 1871 | O45: =SUM(O18:O44) -> 2111 | P45: =SUM(P18:P44) -> 2031 | Q45: =SUM(Q18:Q44) -> 2203 | ... U45: =SUM(U18:U44) -> 1852 | W45: =SUM(W18:W44) -> 19769
B47: SECRETARIA DE HACIENDA DEL ESTADO
B48: CALCULO DEL SERVICIO DE LIMPIEZA PARA EL PERIODO DEL 02 DE MARZO AL 31 DE DICIEMBRE DE 2023
B51: PARTIDA | C51: UBICACION | D51: DIRECCIÓN | E51: HORARIOS | F51: PERSONAL SOLICITADO | G51: HORAS POR DIA POR PERSONA | H51: HORAS DIARIAS POR TURNO | J51: ENE | K51: FEB | L51: MAR | M51: ABR | N51: MAY | O51: JUN | P51: JUL | Q51: AGO | R51: SEP | S51: OCT | T51: NOV | U51: DIC | W51: TOTAL HORAS
C52: TIJUANA /TECATE
B53: 24 | C53: RECAUDACIÓN DE RENTAS TECATE | D53: MISIÓN SAN FRANCISCO S/N | E53: Lunes a viernes 7:00 a 11:00 | F53: 1 | G53: 4 | H53: 4 | J53: 0 | K53: =+K11*H53 -> 0 | L53: =+L11*H53 -> 80 | M53: =+M11*H53 -> 80 | N53: =$H$53*N11 -> 84 | O53: =$H$53*O11 -> 88 | P53: =$H$53*P11 -> 84 | Q53: =$H$53*Q11 -> 92 | R53: =$H$53*R11 -> 80 | S53: =$H$53*S11 -> 80 | T53: =$H$53*T11 -> 80 | U53: =$H$53*U11 -> 76 | W53: =SUM(K53:U53) -> 824
E54: Sábados 9:00 a 12:00 | F54: 1 | G54: 3 | H54: 3 | J54: =+J12*H54 -> 0 | K54: =+K12*H54 -> 0 | L54: =+L12*H54 -> 12 | M54: =+M12*H54 -> 15 | N54: =$H$54*N12 -> 12 | O54: =$H$54*O12 -> 12 | P54: =$H$54*P12 -> 15 | Q54: =$H$54*Q12 -> 12 | R54: =$H$54*R12 -> 12 | S54: =$H$54*S12 -> 12 | T54: =$H$54*T12 -> 12 | U54: =$H$54*U12 -> 15 | W54: =SUM(K54:U54) -> 129
B55: 25 | C55: RECAUDACIÓN CENTRAL TIJUANA (INCLUYE OFICINA DE CENCAFI) | D55: CONSORCIO TECNOLÓGICO EN LA CARRETERA LIBRE TIJUANA - TECATE KM 26.5, COLONIA EL FLORIDO | E55: Lunes a viernes 7:00 a 14:00 | F55: 1 | G55: 7 | H55: 7 | J55: =+J11*H55 -> 0 | K55: =+K11*H55 -> 0 | L55: =+L11*H55 -> 140 | M55: =+M11*H55 -> 140 | N55: =+N11*H55 -> 147 | O55: =$H$55*O11 -> 154 | P55: =$H$55*P11 -> 147 | Q55: =$H$55*Q11 -> 161 | R55: =$H$55*R11 -> 140 | S55: =$H$55*S11 -> 140 | T55: =$H$55*T11 -> 140 | U55: =$H$55*U11 -> 133 | W55: =SUM(K55:U55) -> 1442
E56: Lunes a viernes 11:00 a 17:00 | F56: 1 | G56: 6 | H56: 6 | J56: =+J11*H56 -> 0 | K56: =+K11*H56 -> 0 | L56: =+L11*H56 -> 120 | M56: =+M11*H56 -> 120 | N56: =+N11*H56 -> 126 | O56: =$H$56*O11 -> 132 | P56: =$H$56*P11 -> 126 | Q56: =$H$56*Q11 -> 138 | R56: =$H$56*R11 -> 120 | S56: =$H$56*S11 -> 120 | T56: =$H$56*T11 -> 120 | U56: =$H$56*U11 -> 114 | W56: =SUM(K56:U56) -> 1236
B57: 26 | C57: REGULARIZACIÓN OTAY | E57: Lunes a viernes 8:00 a 16:00 | F57: 1 | G57: 8 | H57: =F57*G57 -> 8 | J57: 0 | K57: 0 | L57: 176 | M57: 0 | N57: 0 | O57: 0 | P57: 0 | Q57: 0 | R57: 0 | S57: 0 | T57: 0 | U57: 0 | W57: =SUM(K57:U57) -> 176
E58: Sábado 8:00 a 16:00 | F58: 1 | G58: 8 | H58: =F58*G58 -> 8 | J58: 0 | K58: 0 | L58: 32 | M58: 0 | N58: 0 | O58: 0 | P58: 0 | Q58: 0 | R58: 0 | S58: 0 | T58: 0 | U58: 0 | W58: =SUM(K58:U58) -> 32
B59: 27 | C59: REGULARIZACIÓN PLAZA MONARCAS | D59: BLVD. MANUEL J. CLOUTHIER #5561, EL LAGO DE LOS BUENOS, C.P. 22550, TIJUANA | E59: Lunes a viernes 8:00 a 16:00 | F59: 1 | G59: 8 | H59: =F59*G59 -> 8 | J59: 0 | K59: 0 | L59: 176 | M59: 0 | N59: 0 | O59: 0 | P59: 0 | Q59: 0 | R59: 0 | S59: 0 | T59: 0 | U59: 0 | W59: =SUM(K59:U59) -> 176
E60: Sábado 8:00 a 16:00 | F60: 1 | G60: 8 | H60: =F60*G60 -> 8 | J60: 0 | K60: 0 | L60: 32 | M60: 0 | N60: 0 | O60: 0 | P60: 0 | Q60: 0 | R60: 0 | S60: 0 | T60: 0 | U60: 0 | W60: =SUM(K60:U60) -> 32
B61: 28 | C61: PLAZA MONARCAS | D61: BLVD. MANUEL J. CLOUTHIER #5561, EL LAGO DE LOS BUENOS, C.P. 22550, TIJUANA | E61: Lunes a viernes 8:00 a 16:00 | F61: 1 | G61: 8 | H61: =F61*G61 -> 8 | J61: 0 | K61: 0 | L61: 176 | M61: 0 | N61: 0 | O61: 176 | P61: 168 | Q61: 184 | R61: 168 | S61: 176 | T61: 176 | U61: 168 | W61: =SUM(K61:U61) -> 1392
E62: Sábado 8:00 a 16:00 | F62: 1 | G62: 8 | H62: =F62*G62 -> 8 | J62: 0 | K62: 0 | L62: 32 | M62: 0 | N62: 0 | O62: 32 | P62: 40 | Q62: 32 | R62: 40 | S62: 32 | T62: 32 | U62: 32 | W62: =SUM(K62:U62) -> 272
B63: 29 | C63: SUBRECAUDACIÓN AUXILIAR VÍA RÁPIDA | D63: VÍA RÁPIDA #12651, COLONIA 20 DE NOVIEMBRE, C.P. 22436, TIJUANA | E63: Lunes a viernes 9:00 a 17:00 | F63: 1 | G63: 8 | H63: 8 | J63: =+J11*H63 -> 0 | K63: =+K11*H63 -> 0 | L63: =+L11*H63 -> 160 | M63: =+M11*H63 -> 160 | N63: =+N11*H63 -> 168 | O63: =$H$63*O11 -> 176 | P63: =$H$63*P11 -> 168 | Q63: =$H$63*Q11 -> 184 | R63: =$H$63*R11 -> 160 | S63: =$H$63*S11 -> 160 | T63: =$H$63*T11 -> 160 | U63: =$H$63*U11 -> 152 | W63: =SUM(K63:U63) -> 1648
E64: Lunes a viernes 7:00 a 12:00 | F64: 1 | G64: 5 | H64: 5 | J64: =+J11*H64 -> 0 | K64: =+K11*H64 -> 0 | L64: =+L11*H64 -> 100 | M64: =+M11*H64 -> 100 | N64: =$H$64*N11 -> 105 | O64: =$H$64*O11 -> 110 | P64: =$H$64*P11 -> 105 | Q64: =$H$64*Q11 -> 115 | R64: =$H$64*R11 -> 100 | S64: =$H$64*S11 -> 100 | T64: =$H$64*T11 -> 100 | U64: =$H$64*U11 -> 95 | W64: =SUM(K64:U64) -> 1030
E65: Sábado 9:00 a 13:00 | F65: 1 | G65: 4 | H65: 4 | J65: =+J12*H65 -> 0 | K65: =+K12*H65 -> 0 | L65: =+L12*H65 -> 16 | M65: =+M12*H65 -> 20 | N65: =$H$65*N12 -> 16 | O65: =$H$65*O12 -> 16 | P65: =$H$65*P12 -> 20 | Q65: =$H$65*Q12 -> 16 | R65: =$H$65*R12 -> 16 | S65: =$H$65*S12 -> 16 | T65: =$H$65*T12 -> 16 | U65: =$H$65*U12 -> 20 | W65: =SUM(K65:U65) -> 172
B66: 30 | C66: SUBRECAUDACIÓN AUXILIAR CERRO COLORADO | D66: BLVD. MANUEL J. CLOUTHIER #19724 COLONIA EL LAGO, C.P. 22210, FRENTE A PLAZA MONARCA. | E66: Lunes a viernes 10:00 a 16:00 | F66: 1 | G66: 6 | H66: 6 | J66: =+J11*H66 -> 0 | K66: =+K11*H66 -> 0 | L66: =+L11*H66 -> 120 | M66: =+M11*H66 -> 120 | N66: =$H$66*N11 -> 126 | O66: =$H$66*O11 -> 132 | P66: =$H$66*P11 -> 126 | Q66: =$H$66*Q11 -> 138 | R66: =$H$66*R11 -> 120 | S66: =$H$66*S11 -> 120 | T66: =$H$66*T11 -> 120 | U66: =$H$66*U11 -> 114 | W66: =SUM(K66:U66) -> 1236
E67: Lunes a viernes 8:00 a 13:00 | F67: 1 | G67: 5 | H67: 5 | J67: =+J11*H67 -> 0 | K67: =+K11*H67 -> 0 | L67: =+L11*H67 -> 100 | M67: =+M11*H67 -> 100 | N67: =$H$67*N11 -> 105 | O67: =$H$67*O11 -> 110 | P67: =$H$67*P11 -> 105 | Q67: =$H$67*Q11 -> 115 | R67: =$H$67*R11 -> 100 | S67: =$H$67*S11 -> 100 | T67: =$H$67*T11 -> 100 | U67: =$H$67*U11 -> 95 | W67: =SUM(K67:U67) -> 1030
E68: Sábado 9:00 a 13:00 | F68: 1 | G68: 4 | H68: 4 | J68: =+J12*H68 -> 0 | K68: =+K12*H68 -> 0 | L68: =+L12*H68 -> 16 | M68: =+M12*H68 -> 20 | N68: =$H$68*N12 -> 16 | O68: =$H$68*O12 -> 16 | P68: =$H$68*P12 -> 20 | Q68: =$H$68*Q12 -> 16 | R68: =$H$68*R12 -> 16 | S68: =$H$68*S12 -> 16 | T68: =$H$68*T12 -> 16 | U68: =$H$68*U12 -> 20 | W68: =SUM(K68:U68) -> 172
B69: 31 | C69: PROCURADURÍA FISCAL TIJUANA | D69: CALLE RÍO SUCHIATE #10036, REVOLUCIÓN, TIJUANA B.C. 22015 | E69: Lunes a viernes 9:00 a 11:00 | F69: 1 | G69: 2 | H69: 2 | J69: =+J11*H69 -> 0 | K69: =+K11*H69 -> 0 | L69: =+L11*H69 -> 40 | M69: =+M11*H69 -> 40 | N69: =$H$69*N11 -> 42 | O69: =$H$69*O11 -> 44 | P69: =$H$69*P11 -> 42 | Q69: =$H$69*Q11 -> 46 | R69: =$H$69*R11 -> 40 | S69: =$H$69*S11 -> 40 | T69: =$H$69*T11 -> 40 | U69: =$H$69*U11 -> 38 | W69: =SUM(K69:U69) -> 412
B70: 32 | C70: INVERSIÓN PÚBLICA / CENCAFI | E70: Martes y viernes 10:00 a 11:00 | F70: 1 | G70: 1 | H70: 1 | J70: 0 | K70: 0 | L70: =+L14*H70 -> 9 | M70: =+M14*H70 -> 7 | N70: =$H$70*N14 -> 8 | O70: =$H$70*O14 -> 9 | P70: =$H$70*P14 -> 8 | Q70: =$H$70*Q14 -> 9 | R70: =$H$70*R14 -> 8 | S70: =$H$70*S14 -> 8 | T70: =$H$70*T14 -> 8 | U70: =$H$70*U14 -> 8 | W70: =SUM(K70:U70) -> 82
B71: 33 | C71: REGULARIZACIÓN CEART TECATE | D71: FEDERICO BENITEZ S/N, DOWNEY, 21450, TECATE | E71: Lunes a viernes 8:00 a 16:00 | F71: 1 | G71: 8 | H71: =F71*G71 -> 8 | J71: 0 | K71: 0 | L71: 176 | M71: 0 | N71: 0 | O71: 0 | P71: 0 | Q71: 0 | R71: 0 | S71: 0 | T71: 0 | U71: 0 | W71: =SUM(K71:U71) -> 176
E72: Sábado 8:00 a 16:00 | F72: 1 | G72: 8 | H72: =F72*G72 -> 8 | J72: 0 | K72: 0 | L72: 32 | M72: 0 | N72: 0 | O72: 0 | P72: 0 | Q72: 0 | R72: 0 | S72: 0 | T72: 0 | U72: 0 | W72: =SUM(K72:U72) -> 32
B73: 34 | C73: SAT BC CONSORCIO | D73: CARRETERA LIBRE TIJUANA - TECATE KM 26.5, EL FLORIDO, TIJUANA B.C. | E73: Lunes a viernes 6:00 a 14:00 | F73: 4 | G73: 8 | H73: =G73*F73 -> 32 | J73: =+J11*H73 -> 0 | K73: =+K11*H73 -> 0 | L73: =+L11*H73 -> 640 | M73: =+M11*H73 -> 640 | N73: =$H$73*N11 -> 672 | O73: =$H$73*O11 -> 704 | P73: =$H$73*P11 -> 672 | Q73: =$H$73*Q11 -> 736 | R73: =$H$73*R11 -> 640 | S73: =$H$73*S11 -> 640 | T73: =$H$73*T11 -> 640 | U73: =$H$73*U11 -> 608 | W73: =SUM(K73:U73) -> 6592
E74: Lunes a viernes 13:00 a 20:00 | F74: 3 | G74: 7 | H74: =G74*F74 -> 21 | J74: =+J11*H74 -> 0 | K74: =+K11*H74 -> 0 | L74: =+L11*H74 -> 420 | M74: =+M11*H74 -> 420 | N74: =$H$74*N11 -> 441 | O74: =$H$74*O11 -> 462 | P74: =$H$74*P11 -> 441 | Q74: =$H$74*Q11 -> 483 | R74: =$H$74*R11 -> 420 | S74: =$H$74*S11 -> 420 | T74: =$H$74*T11 -> 420 | U74: =$H$74*U11 -> 399 | W74: =SUM(K74:U74) -> 4326
E75: Sábado 7:00 a 15:00 | F75: 5 | G75: 8 | H75: =G75*F75 -> 40 | J75: =+J12*H75 -> 0 | K75: =+K12*H75 -> 0 | L75: =+L12*H75 -> 160 | M75: =+M12*H75 -> 200 | N75: =$H$75*N12 -> 160 | O75: =$H$75*O12 -> 160 | P75: =$H$75*P12 -> 200 | Q75: =$H$75*Q12 -> 160 | R75: =$H$75*R12 -> 160 | S75: =$H$75*S12 -> 160 | T75: =$H$75*T12 -> 160 | U75: =$H$75*U12 -> 200 | W75: =SUM(K75:U75) -> 1720
G76: TOTALES DE HORAS/MES | J76: =SUM(J53:J75) -> 0 | K76: =SUM(K53:K75) -> 0 | L76: =SUM(L53:L75) -> 2965 | M76: =SUM(M53:M75) -> 2182 | N76: =SUM(N53:N75) -> 2228 | O76: =SUM(O53:O75) -> 2533 | P76: =SUM(P53:P75) -> 2487 | Q76: =SUM(Q53:Q75) -> 2637 | ... U76: =SUM(U53:U75) -> 2287 | W76: =SUM(W53:W75) -> 24339
C78: SECRETARIA DE HACIENDA DEL ESTADO
C79: CALCULO DEL SERVICIO DE LIMPIEZA PARA EL PERIODO DEL 02 DE MARZO AL 31 DE DICIEMBRE DE 2023
B81: PARTIDA | C81: UBICACION | E81: HORARIOS | F81: PERSONAL SOLICITADO | G81: HORAS POR DIA POR PERSONA | H81: HORAS DIARIAS POR TURNO | J81: ENE | K81: FEB | L81: MAR | M81: ABR | N81: MAY | O81: JUN | P81: JUL | Q81: AGO | R81: SEP | S81: OCT | T81: NOV | U81: DIC | W81: TOTAL HORAS
C82: ENSENADA
B83: 35 | C83: RECAUDACIÓN ENSENADA | D83: CARRETERA TRANSPENINSULAR LA PAZ - ENSENADA # 6500 EX. EJIDO CHAPULTEPEC, C.P. 22785 | E83: Lunes a viernes 7:00 a 14:00 | F83: 1 | G83: 7 | H83: 7 | J83: =+J11*H83 -> 0 | K83: =+K11*H83 -> 0 | L83: =+L11*H83 -> 140 | M83: =+M11*H83 -> 140 | N83: =$H$83*N11 -> 147 | O83: =$H$83*O11 -> 154 | P83: =$H$83*P11 -> 147 | Q83: =$H$83*Q11 -> 161 | R83: =$H$83*R11 -> 140 | S83: =$H$83*S11 -> 140 | T83: =$H$83*T11 -> 140 | U83: =$H$83*U11 -> 133 | W83: =SUM(K83:U83) -> 1442
E84: Sabado 9:00 a 13:00 | F84: 1 | G84: 4 | H84: 4 | J84: =+J12*H84 -> 0 | K84: =+K12*H84 -> 0 | L84: =+L12*H84 -> 16 | M84: =+M12*H84 -> 20 | N84: =$H$84*N12 -> 16 | O84: =$H$84*O12 -> 16 | P84: =$H$84*P12 -> 20 | Q84: =$H$84*Q12 -> 16 | R84: =$H$84*R12 -> 16 | S84: =$H$84*S12 -> 16 | T84: =$H$84*T12 -> 16 | U84: =$H$84*U12 -> 20 | W84: =SUM(K84:U84) -> 172
B85: 36 | C85: MÓDULO DE RECAUDACIÓN MANZANA 8 | D85: BLVD. LAS DUNAS S/N PLAYA ENSENADA | E85: Lunes, miercoles y viernes 10:00 a 11:00 | F85: 1 | G85: 1 | H85: 1 | J85: =+J13*H85 -> 0 | K85: =+K13*H85 -> 0 | L85: =+L13*H85 -> 12 | M85: =+M13*H85 -> 11 | N85: =$H$85*N13 -> 12 | O85: =$H$85*O13 -> 13 | P85: =$H$85*P13 -> 13 | Q85: =$H$85*Q13 -> 13 | R85: =$H$85*R13 -> 13 | S85: =$H$85*S13 -> 12 | T85: =$H$85*T13 -> 11 | U85: =$H$85*U13 -> 12 | W85: =SUM(K85:U85) -> 122
B86: 37 | C86: COORDINACIÓN DE TECNOLOGÍAS DE INFORMACIÓN Y COMUNICACIONES | E86: Lunes, miercoles y viernes 15:00 a 16:00 | F86: 1 | G86: 1 | H86: 1 | J86: =+J13*H86 -> 0 | K86: =+K13*H86 -> 0 | L86: =+L13*H86 -> 12 | M86: =+M13*H86 -> 11 | N86: =$H$86*N13 -> 12 | O86: =$H$86*O13 -> 13 | P86: =$H$86*P13 -> 13 | Q86: =$H$86*Q13 -> 13 | R86: =$H$86*R13 -> 13 | S86: =$H$86*S13 -> 12 | T86: =$H$86*T13 -> 11 | U86: =$H$86*U13 -> 12 | W86: =SUM(K86:U86) -> 122
B87: 38 | C87: CENCAFI ENSENADA | D87: TRANSPENINSULAR (REFORMA) 0 COLONIA EL CIPRES (GUARNICION MILITAR) | E87: Lunes a viernes 12:00 a 15:00 | F87: 1 | G87: 3 | H87: 3 | J87: =+J11*H87 -> 0 | K87: =+K11*H87 -> 0 | L87: =+L11*H87 -> 60 | M87: =+M11*H87 -> 60 | N87: =+N11*H87 -> 63 | O87: =$H$87*O11 -> 66 | P87: =$H$87*P11 -> 63 | Q87: =$H$87*Q11 -> 69 | R87: =$H$87*R11 -> 60 | S87: =$H$87*S11 -> 60 | T87: =$H$87*T11 -> 60 | U87: =$H$87*U11 -> 57 | W87: =SUM(K87:U87) -> 618
B88: 39 | C88: AUDITORIA FISCAL | E88: Lunes a viernes 8:00 a 12:00 | F88: 1 | G88: 4 | H88: 4 | J88: =+J11*H88 -> 0 | K88: =+K11*H88 -> 0 | L88: =+L11*H88 -> 80 | M88: =+M11*H88 -> 80 | N88: =$H$88*N11 -> 84 | O88: =$H$88*O11 -> 88 | P88: =$H$88*P11 -> 84 | Q88: =$H$88*Q11 -> 92 | R88: =$H$88*R11 -> 80 | S88: =$H$88*S11 -> 80 | T88: =$H$88*T11 -> 80 | U88: =$H$88*U11 -> 76 | W88: =SUM(K88:U88) -> 824
G90: TOTALES DE HORAS/MES | J90: =SUM(J83:J88) -> 0 | K90: =SUM(K83:K88) -> 0 | L90: =SUM(L83:L88) -> 320 | M90: =SUM(M83:M88) -> 322 | N90: =SUM(N83:N88) -> 334 | O90: =SUM(O83:O88) -> 350 | P90: =SUM(P83:P88) -> 340 | Q90: =SUM(Q83:Q88) -> 364 | ... U90: =SUM(U83:U88) -> 310 | W90: =SUM(W83:W88) -> 3300
B95: SECRETARIA DE HACIENDA DEL ESTADO
B96: CALCULO DEL SERVICIO DE LIMPIEZA PARA EL PERIODO DEL 02 DE MARZO AL 31 DE DICIEMBRE DE 2023
B99: PARTIDA | C99: UBICACION | D99: DIRECCIÓN | E99: HORARIOS | F99: PERSONAL SOLICITADO | G99: HORAS POR DIA POR PERSONA | H99: HORAS DIARIAS POR TURNO | J99: ENE | K99: FEB | L99: MAR | M99: ABR | N99: MAY | O99: JUN | P99: JUL | Q99: AGO | R99: SEP | S99: OCT | T99: NOV | U99: DIC | W99: TOTAL HORAS
C100: ROSARITO
B101: 40 | C101: RECAUDACIÓN DE RENTAS ROSARITO | D101: CALLE JOSÉ HAROS #2004 | E101: Lunes a viernes 8:00 a 13:00 | F101: 1 | G101: 5 | H101: 5 | J101: =+J11*H101 -> 0 | K101: =+K11*H101 -> 0 | L101: =+L11*H101 -> 100 | M101: =+M11*H101 -> 100 | N101: =$H$101*N11 -> 105 | O101: =$H$101*O11 -> 110 | P101: =$H$101*P11 -> 105 | Q101: =$H$101*Q11 -> 115 | R101: =$H$101*R11 -> 100 | S101: =$H$101*S11 -> 100 | T101: =$H$101*T11 -> 100 | U101: =$H$101*U11 -> 95 | W101: =SUM(K101:U101) -> 1030
E102: Sábado 9:00 a 12:00 | F102: 1 | G102: 3 | H102: 3 | J102: =+J12*H102 -> 0 | K102: =+K12*H102 -> 0 | L102: =+L12*H102 -> 12 | M102: =+M12*H102 -> 15 | N102: =$H$102*N12 -> 12 | O102: =$H$102*O12 -> 12 | P102: =$H$102*P12 -> 15 | Q102: =$H$102*Q12 -> 12 | R102: =$H$102*R12 -> 12 | S102: =$H$102*S12 -> 12 | T102: =$H$102*T12 -> 12 | U102: =$H$102*U12 -> 15 | W102: =SUM(K102:U102) -> 129
G103: TOTALES DE HORAS/MES | J103: =SUM(J101:J102) -> 0 | K103: =SUM(K101:K102) -> 0 | L103: =SUM(L101:L102) -> 112 | M103: =SUM(M101:M102) -> 115 | N103: =SUM(N101:N102) -> 117 | O103: =SUM(O101:O102) -> 122 | P103: =SUM(P101:P102) -> 120 | Q103: =SUM(Q101:Q102) -> 127 | ... U103: =SUM(U101:U102) -> 110 | W103: =SUM(W101:W102) -> 1159
T105: TOTAL ESTATAL | W105: =W45+W76+W90+W103 -> 48567
N107: RESUMEN SECRETARIA DE HACIENDA
J109: PARTIDAS | L109: PERSONAL SOLICITADO | N109: TOTAL HORAS | P109: PRECIO /HORA | R109: IMPORTE SIN IVA | T109: IMPORTE CON IVA | W109: ACUMULADO
J110: MEXICALI | L110: =SUM(F18:F44) -> 27 | N110: =W45 -> 19769
J111: TIJUANA / TECATE | L111: =SUM(F53:F75) -> 32 | N111: =W76 -> 24339
J112: ENSENADA | L112: =SUM(F83:F88) -> 6 | N112: =W90 -> 3300
J113: ROSARITO | L113: =SUM(F101:F102) -> 2 | N113: =W103 -> 1159
J114: TOTALES | L114: =SUM(L110:M113) -> 67 | N114: =SUM(N110:O113) -> 48567

Sheet S.H.F.P.
A1: OFICIALIA MAYOR DE GOBIERNO
A2: DIRECCION DE SERVICIOS GENERALES
A3: SUBDIRECCION DE SERVICIOS GENERALES
A5: CALCULO DEL SERVICIO DE LIMPIEZA PARA EL PERIODO DEL 03 DE MARZO AL 31 DE DICIEMBRE DE 2023
A6: PROCEDIMIENTO DE LICITACIÓN PÚBLICA REGIONAL No. 32065001-004-2023 “SERVICIO DE LIMPIEZA PARA DEPENDENCIAS DE GOBIERNO DEL ESTADO DE BAJA CALIFORNIA”
A7: ANEXO UBICACIONES Y HORARIOS DEL SERVICIO
A8: SECRETARIA DE LA HONESTIDAD Y FUNCION PUBLICA
F10: DIAS DE SERVICIO | I10: ENE | J10: FEB | K10: MAR | L10: ABR | M10: MAY | N10: JUN | O10: JUL | P10: AGO | Q10: SEP | R10: OCT | S10: NOV | T10: DIC | V10: TOTAL DIAS MAR-DIC
F11: LUNES A VIERNES | I11: 0 | J11: 0 | K11: 20 | L11: 20 | M11: 21 | N11: 22 | O11: 21 | P11: 23 | Q11: 20 | R11: 20 | S11: 20 | T11: 19 | V11: =SUM(J11:T11) -> 206
V12: =SUM(V11:V11) -> 206
A14: PARTIDA | B14: UBICACION | C14: DIRECCIÓN | D14: HORARIOS | E14: PERSONAL SOLICITADO | F14: HORAS POR DIA POR PERSONA | G14: HORAS DIARIAS POR TURNO | I14: ENE | J14: FEB | K14: MAR | L14: ABR | M14: MAY | N14: JUN | O14: JUL | P14: AGO | Q14: SEP | R14: OCT | S14: NOV | T14: DIC | V14: TOTAL HORAS
A15: MEXICALI | B15: PLAZA MEXICO EN EL CENTRO HISTÓRICO DE MEXICALI | C15: AVENIDA SEBASTIAN LERDO DE TEJADA Y CALLE " E " # 1276 COL. NUEVA MEXICALI,B.C. | D15: Lunes a Viernes 6:00 a 13:00 | E15: 1 | F15: 7 | G15: 7 | I15: =+I11*G15 -> 0 | J15: =+J11*G15 -> 0 | K15: =+K11*G15 -> 140 | L15: =+L11*G15 -> 140 | M15: =+M11*G15 -> 147 | N15: =+N11*G15 -> 154 | O15: =+O11*G15 -> 147 | P15: =+P11*G15 -> 161 | Q15: =+Q11*G15 -> 140 | R15: =+R11*G15 -> 140 | S15: =+S11*G15 -> 140 | T15: =+T11*G15 -> 133 | V15: =SUM(J15:T15) -> 1442
A16: MEXICALI | B16: PLAZA MÉXICO EN EL CENTRO HISTÓRICO DE MEXICALI | C16: AVENIDA SEBASTIAN LERDO DE TEJADA Y CALLE " E " # 1276 COL. NUEVA MEXICALI,B.C. | D16: Lunes a Viernes 6:00 a 10:00 | E16: 1 | F16: 4 | G16: 4 | I16: =+I11*G16 -> 0 | J16: =+J11*G16 -> 0 | K16: =+K11*G16 -> 80 | L16: =+L11*G16 -> 80 | M16: =+M11*G16 -> 84 | N16: =+N11*G16 -> 88 | O16: =+O11*G16 -> 84 | P16: =+P11*G16 -> 92 | Q16: =+Q11*G16 -> 80 | R16: =+R11*G16 -> 80 | S16: =+S11*G16 -> 80 | T16: =+T11*G16 -> 76 | V16: =SUM(J16:T16) -> 824
A17: MEXICALI | B17: SECRETARIA DE LA HONESTIDAD | C17: CUARTO PISO EDIFICIO DEL EJECUTIVO, CENTRO CIVICO. | D17: Lunes a viernes 07:00 a 10:00 | E17: 1 | F17: 3 | G17: 3 | I17: =+I11*G17 -> 0 | J17: =+J11*G17 -> 0 | K17: =+K11*G17 -> 60 | L17: =+L11*G17 -> 60 | M17: =+M11*G17 -> 63 | N17: =+N11*G17 -> 66 | O17: =+O11*G17 -> 63 | P17: =+P11*G17 -> 69 | Q17: =+Q11*G17 -> 60 | R17: =+R11*G17 -> 60 | S17: =+S11*G17 -> 60 | T17: =+T11*G17 -> 57 | V17: =SUM(J17:T17) -> 618
A18: MEXICALI | B18: DIRECCIÓN DE FISCALIZACIÓN Y COMISIÓN ESTATAL DE AVALÚOS | C18: CALZADA INDEPENDENCIA Y CALLE CALAFIA. | D18: Lunes a viernes 07:00 a 10:00 | E18: 1 | F18: 3 | G18: 3 | I18: =+I11*G18 -> 0 | J18: =+J11*G18 -> 0 | K18: =+K11*G18 -> 60 | L18: =+L11*G18 -> 60 | M18: =+M11*G18 -> 63 | N18: =+N11*G18 -> 66 | O18: =+O11*G18 -> 63 | P18: =+P11*G18 -> 69 | Q18: =+Q11*G18 -> 60 | R18: =+R11*G18 -> 60 | S18: =+S11*G18 -> 60 | T18: =+T11*G18 -> 57 | V18: =SUM(J18:T18) -> 618
A19: TIJUANA | B19: OFICINA DE TIJUANA | C19: BLVD. AGUA CALIENTE TIJUANA. | D19: Lunes a Viernes 6:00 a 10:00 | E19: 1 | F19: 4 | G19: =E19*F19 -> 4 | I19: =+I11*G19 -> 0 | J19: =+J11*G19 -> 0 | K19: =+K11*G19 -> 80 | L19: =+L11*G19 -> 80 | M19: =$G$19*M11 -> 84 | N19: =$G$19*N11 -> 88 | O19: =$G$19*O11 -> 84 | P19: =$G$19*P11 -> 92 | Q19: =$G$19*Q11 -> 80 | R19: =$G$19*R11 -> 80 | S19: =$G$19*S11 -> 80 | T19: =$G$19*T11 -> 76 | V19: =SUM(J19:T19) -> 824
A20: ENSENADA | B20: CENTRO DE GOBIERNO ENSENADA | C20: CARRETERA TRANSPENINSULAR ENSENADA - LA PAZ #6500, EX EJIDO CHAPULTEPEC, 22785, ENSENADA. | D20: Lunes a Viernes 10:00 a 12:00 | E20: 1 | F20: 2 | G20: =E20*F20 -> 2 | I20: =+I11*G20 -> 0 | J20: =+J11*G20 -> 0 | K20: =+K11*G20 -> 40 | L20: =+L11*G20 -> 40 | M20: =+M11*G20 -> 42 | N20: =+N11*G20 -> 44 | O20: =+O11*G20 -> 42 | P20: =+P11*G20 -> 46 | Q20: =+Q11*G20 -> 40 | R20: =+R11*G20 -> 40 | S20: =+S11*G20 -> 40 | T20: =+T11*G20 -> 38 | V20: =SUM(J20:T20) -> 412
E21: =SUM(E15:E20) -> 6 | S21: TOTAL | V21: =SUM(V15:V20) -> 4738
I24: =SUM(I15:I20) -> 0 | J24: =SUM(J15:J20) -> 0 | K24: =SUM(K15:K20) -> 460 | L24: =SUM(L15:L20) -> 460 | M24: =SUM(M15:M20) -> 483 | N24: =SUM(N15:N20) -> 506 | O24: =SUM(O15:O20) -> 483 | P24: =SUM(P15:P20) -> 529 | ... T24: =SUM(T15:T20) -> 437 | V24: =SUM(J24:U24) -> 4738
J27: RESUMEN SECRETARIA DE LA HONESTIDAD
J29: PARTIDAS | L29: PERSONAL SOLICITADO | N29: TOTAL HORAS | P29: PRECIO /HORA | Q29: IMPORTE SIN IVA | S29: IMPORTE CON IVA | V29: ACUMULADO
J30: MEXICALI | L30: =E15+E16+E17+E18 -> 4 | N30: =SUM(V15:V18) -> 3502
J31: TIJUANA | L31: =+E19 -> 1 | N31: =V19 -> 824
J32: ENSENADA | L32: =E20 -> 1 | N32: =V20 -> 412
J33: TOTALES | L33: =SUM(L30:L32) -> 6 | N33: =SUM(N30:O32) -> 4738

Sheet S.P.A. 
A1: OFICIALIA MAYOR DE GOBIERNO
A2: DIRECCION DE SERVICIOS GENERALES
A3: SUBDIRECCION DE SERVICIOS GENERALES
A5: CALCULO DEL SERVICIO DE LIMPIEZA PARA EL PERIODO DEL 03 DE MARZO AL 31 DE DICIEMBRE DE 2023
A6: PROCEDIMIENTO DE LICITACIÓN PÚBLICA REGIONAL No. 32065001-004-2023 “SERVICIO DE LIMPIEZA PARA DEPENDENCIAS DE GOBIERNO DEL ESTADO DE BAJA CALIFORNIA”
A7: ANEXO UBICACIONES Y HORARIOS DEL SERVICIO
A8: SECRETARIA DE PESCA Y ACUACULTURA
F10: DIAS DE SERVICIO | I10: ENE | J10: FEB | K10: MAR | L10: ABR | M10: MAY | N10: JUN | O10: JUL | P10: AGO | Q10: SEP | R10: OCT | S10: NOV | T10: DIC | V10: TOTAL DIAS MAR-DIC
F11: LUNES-VIERNES | I11: 0 | J11: 0 | K11: 20 | L11: 20 | M11: 21 | N11: 22 | O11: 21 | P11: 23 | Q11: 20 | R11: 20 | S11: 20 | T11: 19 | V11: =SUM(J11:T11) -> 206
A14: PARTIDA | B14: UBICACION | C14: DIRECCIÓN | D14: HORARIOS | E14: PERSONAL SOLICITADO | F14: HORAS POR DIA POR PERSONA | G14: HORAS DIARIAS POR TURNO | I14: ENE | J14: FEB | K14: MAR | L14: ABR | M14: MAY | N14: JUN | O14: JUL | P14: AGO | Q14: SEP | R14: OCT | S14: NOV | T14: DIC | V14: TOTAL HORAS
A15: ENSENADA | B15: EDIFICIO DEL PODER EJECUTIVO DE ENSENADA Y SUB SECRETARIA DE PESCA | C15: CARRETERA TRANSPENINSULAR ENSENADA - LA PAZ #6500, EX EJIDO CHAPULTEPEC, 22785, ENSENADA. | D15: Lunes a viernes 6:00 A 14:00 | E15: 1 | F15: 8 | G15: =E15*F15 -> 8 | I15: =+I11*G15 -> 0 | J15: =+J11*G15 -> 0 | K15: =+K11*G15 -> 160 | L15: =+L11*G15 -> 160 | M15: =$G$15*M11 -> 168 | N15: =$G$15*N11 -> 176 | O15: =$G$15*O11 -> 168 | P15: =$G$15*P11 -> 184 | Q15: =$G$15*Q11 -> 160 | R15: =$G$15*R11 -> 160 | S15: =$G$15*S11 -> 160 | T15: =$G$15*T11 -> 152 | V15: =SUM(J15:T15) -> 1648
E16: =SUM(E15:E15) -> 1 | S16: ENSENADA | V16: =SUM(V15:V15) -> 1648
I18: =I15 -> 0 | J18: =J15 -> 0 | K18: =K15 -> 160 | L18: =L15 -> 160 | M18: =M15 -> 168 | N18: =N15 -> 176 | O18: =O15 -> 168 | P18: =P15 -> 184 | ... T18: =T15 -> 152 | V18: =SUM(J18:T18) -> 1648
M21: RESUMEN SECRETARIA DE PESCA Y ACUACULTURA
J23: PARTIDAS | M23: PERSONAL SOLICITADO | O23: TOTAL HORAS | Q23: PRECIO POR HORA | S23: IMPORTE SIN IVA | V23: IMPORTE CON IVA
J24: ENSENADA | M24: 1 | O24: =V16 -> 1648
J25: TOTALES | M25: =SUM(M24) -> 1 | O25: =SUM(O24:O24) -> 1648

Sheet S.E.I.
A1: OFICIALIA MAYOR DE GOBIERNO
A2: DIRECCION DE SERVICIOS GENERALES
A3: SUBDIRECCION DE SERVICIOS GENERALES
A5: CALCULO DEL SERVICIO DE LIMPIEZA PARA EL PERIODO DEL 03 DE MARZO AL 31 DE DICIEMBRE DE 2023
A6: PROCEDIMIENTO DE LICITACIÓN PÚBLICA REGIONAL No. 32065001-004-2023 “SERVICIO DE LIMPIEZA PARA DEPENDENCIAS DE GOBIERNO DEL ESTADO DE BAJA CALIFORNIA”
A7: ANEXO UBICACIONES Y HORARIOS DEL SERVICIO
A8: CALCULO DEL SERVICIO DE LIMPIEZA PARA EL EJERCICIO FISCAL 2023
F10: DIAS DE SERVICIO | I10: ENE | J10: FEB | K10: MAR | L10: ABR | M10: MAY | N10: JUN | O10: JUL | P10: AGO | Q10: SEP | R10: OCT | S10: NOV | T10: DIC | V10: TOTAL DIAS MAR-DIC
F11: LUNES A VIERNES | I11: 0 | J11: 0 | K11: 20 | L11: 20 | M11: 21 | N11: 22 | O11: 21 | P11: 23 | Q11: 20 | R11: 20 | S11: 20 | T11: 19 | V11: =SUM(J11:T11) -> 206
V12: =SUM(V11:V11) -> 206
A14: PARTIDA | B14: UBICACION | C14: DIRECCIÓN | D14: HORARIOS | E14: PERSONAL SOLICITADO | F14: HORAS POR DIA POR PERSONA | G14: HORAS DIARIAS POR TURNO | I14: ENE | J14: FEB | K14: MAR | L14: ABR | M14: MAY | N14: JUN | O14: JUL | P14: AGO | Q14: SEP | R14: OCT | S14: NOV | T14: DIC | V14: TOTAL HORAS
A15: MEXICALI | B15: SECRETARIA DE ECONOMIA | C15: CUARTO Y SEGUNDO PISO EDIFICIO DEL PODER EJECUTIVO | D15: Lunes a viernes 6:00 a 14:00 | E15: 1 | F15: 8 | G15: =E15*F15 -> 8 | I15: =+I11*G15 -> 0 | J15: =+J11*G15 -> 0 | K15: =+K11*G15 -> 160 | L15: =+L11*G15 -> 160 | M15: =$G$15*M11 -> 168 | N15: =$G$15*N11 -> 176 | O15: =$G$15*O11 -> 168 | P15: =$G$15*P11 -> 184 | Q15: =$G$15*Q11 -> 160 | R15: =$G$15*R11 -> 160 | S15: =$G$15*S11 -> 160 | T15: =$G$15*T11 -> 152 | V15: =SUM(J15:T15) -> 1648
A16: MEXICALI | B16: SECRETARIA DE ECONOMIA | C16: CUARTO Y SEGUNDO PISO DEL PODER EJECUTIVO | D16: Lunes a viernes 6:00 a 10:00 | E16: 1 | F16: 4 | G16: =E16*F16 -> 4 | I16: =+I11*G16 -> 0 | J16: =+J11*G16 -> 0 | K16: =+K11*G16 -> 80 | L16: =+L11*G16 -> 80 | M16: =$G$16*M11 -> 84 | N16: =$G$16*N11 -> 88 | O16: =$G$16*O11 -> 84 | P16: =$G$16*P11 -> 92 | Q16: =$G$16*Q11 -> 80 | R16: =$G$16*R11 -> 80 | S16: =$G$16*S11 -> 80 | T16: =$G$16*T11 -> 76 | V16: =SUM(J16:T16) -> 824
A17: MEXICALI | B17: OFICINAS "LA PLAZITA" | C17: BLVD. JUSTO SIERRA #377 LOCAL 35 COLONIA CUAUHTEMOC SUR. | D17: Lunes a viernes 8:00 a 12:00 | E17: 1 | F17: 4 | G17: =E17*F17 -> 4 | I17: =+I11*G17 -> 0 | J17: =+J11*G17 -> 0 | K17: =+K11*G17 -> 80 | L17: =+L11*G17 -> 80 | M17: =+M11*G17 -> 84 | N17: =+N11*G17 -> 88 | O17: =+O11*G17 -> 84 | P17: =+P11*G17 -> 92 | Q17: =+Q11*G17 -> 80 | R17: =+R11*G17 -> 80 | S17: =+S11*G17 -> 80 | T17: =+T11*G17 -> 76 | V17: =SUM(J17:T17) -> 824
A18: MEXICALI | B18: DIRECCIÓN DE INDUSTRIAS CREATIVAS CEART | C18: RÍO NUEVO, 21120. | D18: Lunes a viernes 8:00 a 12:00 | E18: 1 | F18: 4 | G18: =E18*F18 -> 4 | I18: =+I11*G18 -> 0 | J18: =+J11*G18 -> 0 | K18: =+K11*G18 -> 80 | L18: =+L11*G18 -> 80 | M18: =$G$18*M11 -> 84 | N18: =$G$18*N11 -> 88 | O18: =$G$18*O11 -> 84 | P18: =$G$18*P11 -> 92 | Q18: =$G$18*Q11 -> 80 | R18: =$G$18*R11 -> 80 | S18: =$G$18*S11 -> 80 | T18: =$G$18*T11 -> 76 | V18: =SUM(J18:T18) -> 824
A19: MEXICALI | B19: OFICINAS CENTRO HISTÓRICO | D19: Lunes a viernes 8:00 a 12:00 | E19: 1 | F19: 4 | G19: =E19*F19 -> 4 | I19: =(I11*G19) -> 0 | J19: =(J11*G19) -> 0 | K19: =(K11*G19) -> 80 | L19: =(L11*G19) -> 80 | M19: =(M11*G19) -> 84 | N19: =(N11*G19) -> 88 | O19: =(O11*G19) -> 84 | P19: =(P11*G19) -> 92 | Q19: =(Q11*G19) -> 80 | R19: =(R11*G19) -> 80 | S19: =(S11*G19) -> 80 | T19: =(T11*G19) -> 76 | V19: =SUM(J19:T19) -> 824
A20: SAN FELIPE | B20: OFICINA DE ECONOMÍA | C20: LOCAL 107 AVENIDA MAR DE CORTEZ #614, CENTRO COMERCIAL LA PLAZITA | D20: Lunes a viernes 8:00 a 12:00 | E20: 1 | F20: 4 | G20: =E20*F20 -> 4 | I20: =(I11*G20) -> 0 | J20: =(J11*G20) -> 0 | K20: =(K11*G20) -> 80 | L20: =(L11*G20) -> 80 | M20: =(M11*G20) -> 84 | N20: =(N11*G20) -> 88 | O20: =(O11*G20) -> 84 | P20: =(P11*G20) -> 92 | Q20: =(Q11*G20) -> 80 | R20: =(R11*G20) -> 80 | S20: =(S11*G20) -> 80 | T20: =(T11*G20) -> 76 | V20: =SUM(J20:T20) -> 824
A21: PLAYAS DE ROSARITO | B21: OFICINA DE ECONOMÍA | C21: CALLE JOSÉ HAROS AGUILAR #2003 LOCAL 7 FRACCIONAMIENTO VILLA TURÍSTICA | D21: Lunes a viernes 8:00 a 12:00 | E21: 1 | F21: 4 | G21: =E21*F21 -> 4 | I21: =(I11*G21) -> 0 | J21: =(J11*G21) -> 0 | K21: =(K11*G21) -> 80 | L21: =(L11*G21) -> 80 | M21: =(M11*G21) -> 84 | N21: =(N11*G21) -> 88 | O21: =(O11*G21) -> 84 | P21: =(P11*G21) -> 92 | Q21: =(Q11*G21) -> 80 | R21: =(R11*G21) -> 80 | S21: =(S11*G21) -> 80 | T21: =(T11*G21) -> 76 | V21: =SUM(J21:T21) -> 824
A22: TIJUANA | B22: CONSORCIO | D22: Lunes a viernes 8:00 a 16:00 | E22: 1 | F22: 8 | G22: =E22*F22 -> 8 | I22: =+I11*G22 -> 0 | J22: =+J11*G22 -> 0 | K22: =+K11*G22 -> 160 | L22: =+L11*G22 -> 160 | M22: =+M11*G22 -> 168 | N22: =+N11*G22 -> 176 | O22: =$G$22*O11 -> 168 | P22: =$G$22*P11 -> 184 | Q22: =$G$22*Q11 -> 160 | R22: =$G$22*R11 -> 160 | S22: =$G$22*S11 -> 160 | T22: =$G$22*T11 -> 152 | V22: =SUM(J22:T22) -> 1648
A23: TECATE | B23: OFICINAS DE ECONOMÍA UBICADAS EN ADMICARGA | D23: Lunes a viernes 8:00 a 12:00 | E23: 1 | F23: 4 | G23: =E23*F23 -> 4 | I23: =(I11*G23) -> 0 | J23: =(J11*G23) -> 0 | K23: =(K11*G23) -> 80 | L23: =(L11*G23) -> 80 | M23: =(M11*G23) -> 84 | N23: =(N11*G23) -> 88 | O23: =(O11*G23) -> 84 | P23: =(P11*G23) -> 92 | Q23: =(Q11*G23) -> 80 | R23: =(R11*G23) -> 80 | S23: =(S11*G23) -> 80 | T23: =(T11*G23) -> 76 | V23: =SUM(J23:T23) -> 824
A24: ENSENADA | B24: SECRETARIA DE ECONOMIA CENTRO DE GOBIERNO | C24: CARRETERA TRANSPENINSULAR ENSENADA - LA PAZ #6500, EX EJIDO CHAPULTEC, 22185. | D24: Lunes a viernes 8:00 a 12:00 | E24: 1 | F24: 4 | G24: =E24*F24 -> 4 | I24: =(I11*G24) -> 0 | J24: =(J11*G24) -> 0 | K24: =(K11*G24) -> 80 | L24: =(L11*G24) -> 80 | M24: =(M11*G24) -> 84 | N24: =(N11*G24) -> 88 | O24: =(O11*G24) -> 84 | P24: =(P11*G24) -> 92 | Q24: =(Q11*G24) -> 80 | R24: =(R11*G24) -> 80 | S24: =(S11*G24) -> 80 | T24: =(T11*G24) -> 76 | V24: =SUM(J24:T24) -> 824
E25: =SUM(E15:E24) -> 10
S26: TOTAL ESTATAL | V26: =SUM(V15:V24) -> 9888
I28: =SUM(I15:I24) -> 0 | J28: =SUM(J15:J24) -> 0 | K28: =SUM(K15:K24) -> 960 | L28: =SUM(L15:L24) -> 960 | M28: =SUM(M15:M24) -> 1008 | N28: =SUM(N15:N24) -> 1056 | O28: =SUM(O15:O24) -> 1008 | P28: =SUM(P15:P24) -> 1104 | ... T28: =SUM(T15:T24) -> 912 | V28: =SUM(J28:U28) -> 9888
N31: RESUMEN SECRETARIA DE ECONOMIA
J33: PARTIDAS | L33: PERSONAL SOLICITADO | N33: TOTAL HORAS | P33: PRECIO /HORA | Q33: IMPORTE SIN IVA | S33: IMPORTE CON IVA | V33: ACUMULADO
J34: MEXICALI | L34: 5 | N34: =SUM(V15:V19) -> 4944
J35: SAN FELIPE | L35: 1 | N35: =V20 -> 824
J36: ROSARITO | L36: 1 | N36: =V21 -> 824
J37: TIJUANA | L37: 1 | N37: =V22 -> 1648
J38: TECATE | L38: 1 | N38: =V23 -> 824
J39: ENSENADA | L39: 1 | N39: =V24 -> 824
J40: TOTALES | L40: =SUM(L34:M39) -> 10 | N40: =SUM(N34:N39) -> 9888

Sheet S.A.D.E.R.
A1: OFICIALIA MAYOR DE GOBIERNO
A2: DIRECCION DE SERVICIOS GENERALES
A3: SUBDIRECCION DE SERVICIOS GENERALES
A5: CALCULO DEL SERVICIO DE LIMPIEZA PARA EL PERIODO DEL 03 DE MARZO AL 31 DE DICIEMBRE DE 2023
A6: PROCEDIMIENTO DE LICITACIÓN PÚBLICA REGIONAL No. 32065001-004-2023 “SERVICIO DE LIMPIEZA PARA DEPENDENCIAS DE GOBIERNO DEL ESTADO DE BAJA CALIFORNIA”
A7: ANEXO UBICACIONES Y HORARIOS DEL SERVICIO
A8: SECRETARIA DE AGRICULTURA Y DESARROLLO RURAL
G10: DIAS DE SERVICIO | I10: ENE | J10: FEB | K10: MAR | L10: ABR | M10: MAY | N10: JUN | O10: JUL | P10: AGO | Q10: SEP | R10: OCT | S10: NOV | T10: DIC | V10: TOTAL DIAS MAR-DIC
G11: LUNES-VIERNES | I11: 0 | J11: 0 | K11: 20 | L11: 20 | M11: 21 | N11: 22 | O11: 21 | P11: 23 | Q11: 20 | R11: 20 | S11: 20 | T11: 19 | V11: =SUM(J11:T11) -> 206
A14: PARTIDA | B14: UBICACION | C14: DIRECCIÓN | D14: HORARIOS | E14: PERSONAL SOLICITADO | F14: HORAS POR DIA POR PERSONA | G14: HORAS DIARIAS POR TURNO | I14: ENE | J14: FEB | K14: MAR | L14: ABR | M14: MAY | N14: JUN | O14: JUL | P14: AGO | Q14: SEP | R14: OCT | S14: NOV | T14: DIC | V14: TOTAL HORAS
B15: MEXICALI
A16: MEXICALI | B16: OFICINA DE LA SECRETARIA DEL CAMPO Y SEGURIDAD ALIMENTARIA | C16: CARRETERA MEXICALI - SAN LUIS R.C. KM. 22.5 EJIDO SINALOA, 21620. | D16: Lunes a viernes 6:00 a 14:00 | E16: 2 | F16: 8 | G16: =E16*F16 -> 16 | I16: =+I11*G16 -> 0 | J16: =+J11*G16 -> 0 | K16: =+K11*G16 -> 320 | L16: =+L11*G16 -> 320 | M16: =$G$16*M11 -> 336 | N16: =$G$16*N11 -> 352 | O16: =$G$16*O11 -> 336 | P16: =$G$16*P11 -> 368 | Q16: =$G$16*Q11 -> 320 | R16: =$G$16*R11 -> 320 | S16: =$G$16*S11 -> 320 | T16: =$G$16*T11 -> 304 | V16: =SUM(J16:T16) -> 3296
A17: MEXICALI | B17: SECRETARIA DEL CAMPO Y SEGURIDAD ALIMENTARIA (CCIIAA MEXICALI) | C17: CARRETERA MEXICALI - SAN LUIS R.C. KM. 22.5 EJIDO SINALOA, 21620. | D17: Lunes a viernes 6:00 a 14:00 | E17: 1 | F17: 8 | G17: =E17*F17 -> 8 | I17: =+I11*G17 -> 0 | J17: =+J11*G17 -> 0 | K17: =+K11*G17 -> 160 | L17: =+L11*G17 -> 160 | M17: =+M11*G17 -> 168 | N17: =$G$17*N11 -> 176 | O17: =$G$17*O11 -> 168 | P17: =$G$17*P11 -> 184 | Q17: =$G$17*Q11 -> 160 | R17: =$G$17*R11 -> 160 | S17: =$G$17*S11 -> 160 | T17: =$G$17*T11 -> 152 | V17: =SUM(J17:T17) -> 1648
S18: SUMA MEXICALI | V18: =SUM(V16:V17) -> 4944
A20: PARTIDA | B20: UBICACION | C20: DIRECCIÓN | D20: HORARIOS | E20: PERSONAL SOLICITADO | F20: HORAS POR DIA POR PERSONA | G20: HORAS DIARIAS POR TURNO | I20: ENE | J20: FEB | K20: MAR | L20: ABR | M20: MAY | N20: JUN | O20: JUL | P20: AGO | Q20: SEP | R20: OCT | S20: NOV | T20: DIC | V20: TOTAL HORAS
B21: TIJUANA
A22: TIJUANA | B22: SCSA CENTRO DE OBIERNO TIJUANA | C22: CARRETERA LIBRE TIJUANA - TECATE KM 26.5 ESQUINA BLVD. NOGALES, EL FLORIDO, 22253. | D22: Lunes a viernes 9:00 a 11:00 | E22: 1 | F22: 2 | G22: =E22*F22 -> 2 | I22: =+I11*G22 -> 0 | J22: =+J11*G22 -> 0 | K22: =+K11*G22 -> 40 | L22: =+L11*G22 -> 40 | M22: =+M11*G22 -> 42 | N22: =$G$22*N11 -> 44 | O22: =$G$22*O11 -> 42 | P22: =$G$22*P11 -> 46 | Q22: =$G$22*Q11 -> 40 | R22: =$G$22*R11 -> 40 | S22: =$G$22*S11 -> 40 | T22: =$G$22*T11 -> 38 | V22: =SUM(J22:T22) -> 412
S23: SUMA TIJUANA | V23: =SUM(V22) -> 412
A25: PARTIDA | B25: UBICACION | C25: DIRECCIÓN | D25: HORARIOS | E25: PERSONAL SOLICITADO | F25: HORAS POR DIA POR PERSONA | G25: HORAS DIARIAS POR TURNO | I25: ENE | J25: FEB | K25: MAR | L25: ABR | M25: MAY | N25: JUN | O25: JUL | P25: AGO | Q25: SEP | R25: OCT | S25: NOV | T25: DIC | V25: TOTAL HORAS
B26: TECATE
A27: 4 | B27: SCSA TECATE | C27: MISION SANTO DOMINGO #1016 | D27: Lunes a viernes 9:00 a 11:00 | E27: 1 | F27: 2 | G27: =E27*F27 -> 2 | I27: =+I11*G27 -> 0 | J27: =+J11*G27 -> 0 | K27: =+K11*G27 -> 40 | L27: =+L11*G27 -> 40 | M27: =$G$27*M11 -> 42 | N27: =$G$27*N11 -> 44 | O27: =$G$27*O11 -> 42 | P27: =$G$27*P11 -> 46 | Q27: =$G$27*Q11 -> 40 | R27: =$G$27*R11 -> 40 | S27: =$G$27*S11 -> 40 | T27: =$G$27*T11 -> 38 | V27: =SUM(J27:T27) -> 412
S28: SUMA TECATE | V28: =SUM(V27) -> 412
A30: PARTIDA | B30: UBICACION | D30: HORARIOS | E30: PERSONAL SOLICITADO | F30: HORAS POR DIA POR PERSONA | G30: HORAS DIARIAS POR TURNO | I30: ENE | J30: FEB | K30: MAR | L30: ABR | M30: MAY | N30: JUN | O30: JUL | P30: AGO | Q30: SEP | R30: OCT | S30: NOV | T30: DIC | V30: TOTAL HORAS
B31: ENSENADA
A32: 5 | B32: SCSA CENTRO DE GOBIERNO ENSENADA | C32: CARRETERA TRANSPENINSULAR ENSENADA - LA PAZ #6500, EX EJIDO CHAPULTEPEC, 22785, ENSENADA. | D32: Lunes a viernes 7:00 a 10:00 | E32: 1 | F32: 3 | G32: =E32*F32 -> 3 | I32: =+I11*G32 -> 0 | J32: =+J11*G32 -> 0 | K32: =+K11*G32 -> 60 | L32: =+L11*G32 -> 60 | M32: =$G$32*M11 -> 63 | N32: =$G$32*N11 -> 66 | O32: =$G$32*O11 -> 63 | P32: =$G$32*P11 -> 69 | Q32: =$G$32*Q11 -> 60 | R32: =$G$32*R11 -> 60 | S32: =$G$32*S11 -> 60 | T32: =$G$32*T11 -> 57 | V32: =SUM(J32:T32) -> 618
A33: 6 | B33: SCSA CENTRO DE GOBIERNO SAN QUINTIN | C33: AVENIDA "A" S/N, FRACCIONAMIENTO CIUDAD DE SAN QUINTÍN, 22930. | D33: Lunes a viernes 7:00 a 9:00 | E33: 1 | F33: 2 | G33: =E33*F33 -> 2 | I33: =+I11*G33 -> 0 | J33: =+J11*G33 -> 0 | K33: =+K11*G33 -> 40 | L33: =+L11*G33 -> 40 | M33: =$G$33*M11 -> 42 | N33: =$G$33*N11 -> 44 | O33: =$G$33*O11 -> 42 | P33: =$G$33*P11 -> 46 | Q33: =$G$33*Q11 -> 40 | R33: =$G$33*R11 -> 40 | S33: =$G$33*S11 -> 40 | T33: =$G$33*T11 -> 38 | V33: =SUM(J33:T33) -> 412
E34: =E16+E17+E22+E27+E32+E33 -> 7 | S34: SUMA ENSENADA | V34: =SUM(V32:V33) -> 1030
S36: SUMA ESTATAL | V36: =V18+V23+V28+V34 -> 6798
I38: =I16+I17+I22+I27+I32+I33 -> 0 | J38: =J16+J17+J22+J27+J32+J33 -> 0 | K38: =K16+K17+K22+K27+K32+K33 -> 660 | L38: =L16+L17+L22+L27+L32+L33 -> 660 | M38: =M16+M17+M22+M27+M32+M33 -> 693 | N38: =N16+N17+N22+N27+N32+N33 -> 726 | O38: =O16+O17+O22+O27+O32+O33 -> 693 | P38: =P16+P17+P22+P27+P32+P33 -> 759 | ... T38: =T16+T17+T22+T27+T32+T33 -> 627 | V38: =SUM(J38:T38) -> 6798
M40: RESUMEN SECRETARIA DE AGRICULTURA
J42: PARTIDAS | M42: PERSONAL SOLICITADO | O42: TOTAL HORAS | Q42: PRECIO POR HORA | S42: IMPORTE SIN IVA | V42: IMPORTE CON IVA
J43: MEXICALI | M43: =E16+E17 -> 3 | O43: =V18 -> 4944
J44: TIJUANA | M44: =E22 -> 1 | O44: =V23 -> 412
J45: TECATE | M45: =E27 -> 1 | O45: =V28 -> 412
J46: ENSENADA | M46: =E32+E33 -> 2 | O46: =V34 -> 1030
J47: TOTALES | M47: =SUM(M43:M46) -> 7 | O47: =SUM(O43:O46) -> 6798

Sheet S.T.
A1: OFICIALIA MAYOR DE GOBIERNO
A2: DIRECCION DE SERVICIOS GENERALES
A3: SUBDIRECCION DE SERVICIOS GENERALES
A5: CALCULO DEL SERVICIO DE LIMPIEZA PARA EL PERIODO DEL 03 DE MARZO AL 31 DE DICIEMBRE DE 2023
A6: PROCEDIMIENTO DE LICITACIÓN PÚBLICA REGIONAL No. 32065001-004-2023 “SERVICIO DE LIMPIEZA PARA DEPENDENCIAS DE GOBIERNO DEL ESTADO DE BAJA CALIFORNIA”
A7: ANEXO UBICACIONES Y HORARIOS DEL SERVICIO
A8: SECRETARIA DE TURISMO
G10: DIAS DE SERVICIO | I10: ENE | J10: FEB | K10: MAR | L10: ABR | M10: MAY | N10: JUN | O10: JUL | P10: AGO | Q10: SEP | R10: OCT | S10: NOV | T10: DIC | V10: TOTAL DIAS MAR-DIC
G11: LUNES-VIERNES | I11: 0 | J11: 0 | K11: 20 | L11: 20 | M11: 21 | N11: 22 | O11: 21 | P11: 23 | Q11: 20 | R11: 20 | S11: 20 | T11: 19 | V11: =SUM(J11:T11) -> 206
A14: PARTIDA | B14: UBICACION | C14: DIRECCIÓN | D14: HORARIOS | E14: PERSONAL SOLICITADO | F14: HORAS POR DIA POR PERSONA | G14: HORAS DIARIAS POR TURNO | I14: ENE | J14: FEB | K14: MAR | L14: ABR | M14: MAY | N14: JUN | O14: JUL | P14: AGO | Q14: SEP | R14: OCT | S14: NOV | T14: DIC | V14: TOTAL HORAS
B15: MEXICALI
A16: 1 | B16: OFICINA CENTRAL | C16: BLVD. BENITO JUAREZ Y L. MONTEJANO | D16: Lunes a viernes 8:00 a 13:00 | E16: 1 | F16: 5 | G16: 5 | I16: =+I11*G16 -> 0 | J16: =+J11*G16 -> 0 | K16: =+K11*G16 -> 100 | L16: =+L11*G16 -> 100 | M16: =$G$16*M11 -> 105 | N16: =$G$16*N11 -> 110 | O16: =$G$16*O11 -> 105 | P16: =$G$16*P11 -> 115 | Q16: =$G$16*Q11 -> 100 | R16: =$G$16*R11 -> 100 | S16: =$G$16*S11 -> 100 | T16: =$G$16*T11 -> 95 | V16: =SUM(J16:T16) -> 1030
S17: SUIMA MEXICALI | V17: =SUM(V16:V16) -> 1030
A19: PARTIDA | B19: UBICACION | C19: DIRECCIÓN | D19: HORARIOS | E19: PERSONAL SOLICITADO | F19: HORAS POR DIA POR PERSONA | G19: HORAS DIARIAS POR TURNO | I19: ENE | J19: FEB | K19: MAR | L19: ABR | M19: MAY | N19: JUN | O19: JUL | P19: AGO | Q19: SEP | R19: OCT | S19: NOV | T19: DIC | V19: TOTAL HORAS
B20: ENSENADA
A21: 2 | B21: OFICINAS ADMINISTRATIVAS DE ENSENADA | C21: LÁZARO CÁRDENAS #1477, CENTRO, FRACCIONAMIENTO BAHÍA ENSENADA | D21: Lunes a viernes 8:00 a 13:00 | E21: 1 | F21: 5 | G21: =E21*F21 -> 5 | I21: =+I11*G21 -> 0 | J21: =+J11*G21 -> 0 | K21: =+K11*G21 -> 100 | L21: =+L11*G21 -> 100 | M21: =+M11*G21 -> 105 | N21: =$G$21*N11 -> 110 | O21: =$G$21*O11 -> 105 | P21: =$G$21*P11 -> 115 | Q21: =$G$21*Q11 -> 100 | R21: =$G$21*R11 -> 100 | S21: =$G$21*S11 -> 100 | T21: =$G$21*T11 -> 95 | V21: =SUM(J21:T21) -> 1030
S22: SUMA ENSENADA | V22: =SUM(V21) -> 1030
A24: PARTIDA | B24: UBICACION | D24: HORARIOS | E24: PERSONAL SOLICITADO | F24: HORAS POR DIA POR PERSONA | G24: HORAS DIARIAS POR TURNO | I24: ENE | J24: FEB | K24: MAR | L24: ABR | M24: MAY | N24: JUN | O24: JUL | P24: AGO | Q24: SEP | R24: OCT | S24: NOV | T24: DIC | V24: TOTAL HORAS
B25: ROSARITO
A26: 3 | B26: CENTRO DE CONVENCIONES | C26: AUTOPISTA TIJUANA -ENSENADA ESCENICA ·1029, EJIDO MAZATLAN, PLAYAS DE ROSARITO | D26: Lunes a viernes 8:00 a 13:00 | E26: 1 | F26: 5 | G26: 5 | I26: =+I11*G26 -> 0 | J26: =+J11*G26 -> 0 | K26: =+K11*G26 -> 100 | L26: =+L11*G26 -> 100 | M26: =$G$26*M11 -> 105 | N26: =$G$26*N11 -> 110 | O26: =$G$26*O11 -> 105 | P26: =$G$26*P11 -> 115 | Q26: =$G$26*Q11 -> 100 | R26: =$G$26*R11 -> 100 | S26: =$G$26*S11 -> 100 | T26: =$G$26*T11 -> 95 | V26: =SUM(J26:T26) -> 1030
S27: SUMA ROSARITO | V27: =SUM(V26) -> 1030
A29: PARTIDA | B29: UBICACION | D29: HORARIOS | E29: PERSONAL SOLICITADO | F29: HORAS POR DIA POR PERSONA | G29: HORAS DIARIAS POR TURNO | I29: ENE | J29: FEB | K29: MAR | L29: ABR | M29: MAY | N29: JUN | O29: JUL | P29: AGO | Q29: SEP | R29: OCT | S29: NOV | T29: DIC | V29: TOTAL HORAS
B30: SAN QUINTIN
A31: 6 | B31: OFICINAS ADMINISTRATIVAS SAN QUINTIN | C31: EJIDO PADRE KINO | D31: Lunes a viernes 8:00 a 13:00 | E31: 1 | F31: 5 | G31: =E31*F31 -> 5 | I31: =+I11*G31 -> 0 | J31: =+J11*G31 -> 0 | K31: =+K11*G31 -> 100 | L31: =+L11*G31 -> 100 | M31: =+M11*G31 -> 105 | N31: =+N11*G31 -> 110 | O31: =+O11*G31 -> 105 | P31: =+P11*G31 -> 115 | Q31: =+Q11*G31 -> 100 | R31: =+R11*G31 -> 100 | S31: =+S11*G31 -> 100 | T31: =+T11*G31 -> 95 | V31: =SUM(J31:T31) -> 1030
S32: SUMA SAN QUINTIN | V32: =SUM(V31:V31) -> 1030
I35: =(I16+I21+I26+I31) -> 0 | J35: =(J16+J21+J26+J31) -> 0 | K35: =(K16+K21+K26+K31) -> 400 | L35: =(L16+L21+L26+L31) -> 400 | M35: =(M16+M21+M26+M31) -> 420 | N35: =(N16+N21+N26+N31) -> 440 | O35: =(O16+O21+O26+O31) -> 420 | P35: =(P16+P21+P26+P31) -> 460 | ... T35: =(T16+T21+T26+T31) -> 380 | V35: =SUM(J35:T35) -> 4120
M37: RESUMEN SECRETARIA DE TURISMO
J39: PARTIDAS | M39: PERSONAL SOLICITADO | O39: TOTAL HORAS | Q39: PRECIO POR HORA | S39: IMPORTE SIN IVA | V39: IMPORTE CON IVA
J40: MEXICALI | M40: =E16 -> 1 | O40: =V17 -> 1030
J41: ENSENADA | M41: =E21 -> 1 | O41: =V22 -> 1030
J42: ROSARITO | M42: =E26 -> 1 | O42: =V27 -> 1030
J43: SAN QUINTIN | M43: =E31 -> 1 | O43: =V32 -> 1030
J44: TOTALES | M44: =SUM(M40:N43) -> 4 | O44: =SUM(O40:P43) -> 4120

Sheet SMADS
A1: DIRECCION DE SERVICIOS GENERALES
A2: SUBDIRECCION DE SERVICIOS GENERALES
A4: CALCULO DEL SERVICIO DE LIMPIEZA PARA EL PERIODO DEL 03 DE MARZO AL 31 DE DICIEMBRE DE 2023
A5: PROCEDIMIENTO DE LICITACIÓN PÚBLICA REGIONAL No. 32065001-004-2023 “SERVICIO DE LIMPIEZA PARA DEPENDENCIAS DE GOBIERNO DEL ESTADO DE BAJA CALIFORNIA”
A6: ANEXO UBICACIONES Y HORARIOS DEL SERVICIO
A7: CALCULO DEL SERVICIO DE LIMPIEZA PARA EL EJERCICIO FISCAL 2023 MEDIO AMBIENTE
G9: DIAS DE SERVICIO | I9: ENE | J9: FEB | K9: MAR | L9: ABR | M9: MAY | N9: JUN | O9: JUL | P9: AGO | Q9: SEP | R9: OCT | S9: NOV | T9: DIC | V9: TOTAL DIAS MAR-DIC
G10: LUNES-VIERNES | I10: 0 | J10: 0 | K10: 20 | L10: 20 | M10: 21 | N10: 22 | O10: 21 | P10: 23 | Q10: 20 | R10: 20 | S10: 20 | T10: 19 | V10: =SUM(J10:T10) -> 206
V11: =SUM(V10:V10) -> 206
A13: PARTIDA | B13: UBICACION | C13: DIRECCIÓN | D13: HORARIOS | E13: PERSONAL SOLICITADO | F13: HORAS POR DIA POR PERSONA | G13: HORAS DIARIAS POR TURNO | I13: ENE | J13: FEB | K13: MAR | L13: ABR | M13: MAY | N13: JUN | O13: JUL | P13: AGO | Q13: SEP | R13: OCT | S13: NOV | T13: DIC | V13: TOTAL HORAS
B14: MEXICALI
A15: 1 | B15: SECRETARIA DEL MEDIO AMBIENTE Y DESARROLLO SUSTENTABLE | C15: BLVD. BENITO JUÁREZ NO.1 COLONIA ESTEBAN CANTU | D15: Lunes a viernes 8:00 A 13:00 | E15: 1 | F15: 5 | G15: =E15*F15 -> 5 | I15: =+I10*G15 -> 0 | J15: =+J10*G15 -> 0 | K15: =+K10*G15 -> 100 | L15: =+L10*G15 -> 100 | M15: =$G$15*M10 -> 105 | N15: =$G$15*N10 -> 110 | O15: =$G$15*O10 -> 105 | P15: =$G$15*P10 -> 115 | Q15: =$G$15*Q10 -> 100 | R15: =$G$15*R10 -> 100 | S15: =$G$15*S10 -> 100 | T15: =$G$15*T10 -> 95 | V15: =SUM(J15:T15) -> 1030
S16: SUIMA MEXICALI | V16: =SUM(V15:V15) -> 1030
A18: PARTIDA | B18: UBICACION | C18: DIRECCIÓN | D18: HORARIOS | E18: PERSONAL SOLICITADO | F18: HORAS POR DIA POR PERSONA | G18: HORAS DIARIAS POR TURNO | I18: ENE | J18: FEB | K18: MAR | L18: ABR | M18: MAY | N18: JUN | O18: JUL | P18: AGO | Q18: SEP | R18: OCT | S18: NOV | T18: DIC | V18: TOTAL HORAS
B19: TIJUANA
A20: 3 | B20: SECRETARIA DEL MEDIO AMBIENTE Y DESARROLLO SUSTENTABLE | C20: CALLE ORIENTE S/N ESQUINA CALLE NUEVA SUR, CIUDAD INDUSTRIAL. LABORATORIO AMBIENTAL. | D20: Lunes a viernes 8:00 A 14:00 | E20: 2 | F20: 6 | G20: =E20*F20 -> 12 | I20: =+I10*G20 -> 0 | J20: =+J10*G20 -> 0 | K20: =+K10*G20 -> 240 | L20: =+L10*G20 -> 240 | M20: =+M10*G20 -> 252 | N20: =$G$20*N10 -> 264 | O20: =$G$20*O10 -> 252 | P20: =$G$20*P10 -> 276 | Q20: =$G$20*Q10 -> 240 | R20: =$G$20*R10 -> 240 | S20: =$G$20*S10 -> 240 | T20: =$G$20*T10 -> 228 | V20: =SUM(J20:T20) -> 2472
S21: SUMA TIJUANA | V21: =SUM(V20) -> 2472
A23: PARTIDA | B23: UBICACION | D23: HORARIOS | E23: PERSONAL SOLICITADO | F23: HORAS POR DIA POR PERSONA | G23: HORAS DIARIAS POR TURNO | I23: ENE | J23: FEB | K23: MAR | L23: ABR | M23: MAY | N23: JUN | O23: JUL | P23: AGO | Q23: SEP | R23: OCT | S23: NOV | T23: DIC | V23: TOTAL HORAS
B24: ENSENADA
A25: 4 | B25: SECRETARIA DEL MEDIO AMBIENTE Y DESARROLLO SUSTENTABLE | C25: CARRETERA TRANSPENINSULAR ENSENADA - LA PAZ #6500, EX EJIDO CHAPULTEPEC, 22785, ENSENADA. | D25: Lunes a viernes 8:00 a 12:00 | E25: 1 | F25: 4 | G25: =E25*F25 -> 4 | I25: =+I10*G25 -> 0 | J25: =+J10*G25 -> 0 | K25: =+K10*G25 -> 80 | L25: =+L10*G25 -> 80 | M25: =$G$25*M10 -> 84 | N25: =$G$25*N10 -> 88 | O25: =$G$25*O10 -> 84 | P25: =$G$25*P10 -> 92 | Q25: =$G$25*Q10 -> 80 | R25: =$G$25*R10 -> 80 | S25: =$G$25*S10 -> 80 | T25: =$G$25*T10 -> 76 | V25: =SUM(J25:T25) -> 824
E26: =E15+E20+E25 -> 4 | S26: SUMA ENSENADA | V26: =SUM(V25) -> 824
S28: SUMA ESTATAL | V28: =V16+V21+V26 -> 4326
I30: =I15+I20+I25 -> 0 | J30: =J15+J20+J25 -> 0 | K30: =K15+K20+K25 -> 420 | L30: =L15+L20+L25 -> 420 | M30: =M15+M20+M25 -> 441 | N30: =N15+N20+N25 -> 462 | O30: =O15+O20+O25 -> 441 | P30: =P15+P20+P25 -> 483 | ... T30: =T15+T20+T25 -> 399 | V30: =SUM(J30:T30) -> 4326
L32: RESUMEN SECRETARIA DEL MEDIO AMBIENTE
J34: PARTIDAS | M34: PERSONAL SOLICITADO | O34: TOTAL HORAS | Q34: PRECIO POR HORA | S34: IMPORTE SIN IVA | V34: IMPORTE CON IVA
J35: MEXICALI | M35: =E15 -> 1 | O35: =V16 -> 1030
J36: TIJUANA | M36: =E20 -> 2 | O36: =V21 -> 2472
J37: ENSENADA | M37: =E25 -> 1 | O37: =V26 -> 824
J38: TOTALES | M38: =SUM(M35:M37) -> 4 | O38: =SUM(O35:P37) -> 4326

Sheet S.B.
A1: OFICIALIA MAYOR DE GOBIERNO
A2: DIRECCION DE SERVICIOS GENERALES
A3: SUBDIRECCION DE SERVICIOS GENERALES
A5: CALCULO DEL SERVICIO DE LIMPIEZA PARA EL PERIODO DEL 03 DE MARZO AL 31 DE DICIEMBRE DE 2023
A6: PROCEDIMIENTO DE LICITACIÓN PÚBLICA REGIONAL No. 32065001-004-2023 “SERVICIO DE LIMPIEZA PARA DEPENDENCIAS DE GOBIERNO DEL ESTADO DE BAJA CALIFORNIA”
A7: ANEXO UBICACIONES Y HORARIOS DEL SERVICIO
A8: SECRETARÍA DE BIENESTAR
F10: DIAS DE SERVICIO | I10: ENE | J10: FEB | K10: MAR | L10: ABR | M10: MAY | N10: JUN | O10: JUL | P10: AGO | Q10: SEP | R10: OCT | S10: NOV | T10: DIC | V10: TOTAL DIAS MAR-DIC
F11: LUNES-VIERNES | I11: 0 | J11: 0 | K11: 20 | L11: 20 | M11: 21 | N11: 22 | O11: 21 | P11: 23 | Q11: 20 | R11: 20 | S11: 20 | T11: 19 | V11: =SUM(J11:T11) -> 206
F12: LUNES, MIERCOLES Y VIERNES | I12: 0 | J12: 0 | K12: 12 | L12: 11 | M12: 12 | N12: 13 | O12: 13 | P12: 13 | Q12: 13 | R12: 12 | S12: 11 | T12: 12 | V12: =SUM(J12:T12) -> 122
F13: MARTES Y JUEVES | I13: 0 | J13: 0 | K13: 8 | L13: 8 | M13: 9 | N13: 9 | O13: 8 | P13: 10 | Q13: 8 | R13: 8 | S13: 9 | T13: 7 | V13: =SUM(J13:T13) -> 84
F14: MARTES Y VIERNES | I14: 0 | J14: 0 | K14: 9 | L14: 7 | M14: 8 | N14: 9 | O14: 8 | P14: 9 | Q14: 9 | R14: 8 | S14: 8 | T14: 8 | V14: =SUM(J14:T14) -> 83
V15: =SUM(V11:V14) -> 495
A17: PARTIDA | B17: UBICACION | C17: DIRECCIÓN | D17: HORARIOS | E17: PERSONAL SOLICITADO | F17: HORAS POR DIA POR PERSONA | G17: HORAS DIARIAS POR TURNO | I17: ENE | J17: FEB | K17: MAR | L17: ABR | M17: MAY | N17: JUN | O17: JUL | P17: AGO | Q17: SEP | R17: OCT | S17: NOV | T17: DIC | V17: TOTAL HORAS
B18: MEXICALI
A19: 1 | B19: OFICINA PODER EJECUTIVO | C19: CALZADA INDEPENDENCIA Y AVENIDA DE LOS HÉROES #994. EDIFICIO DEL PODER EJECUTIVO. | D19: Lunes a viernes 6:00 a 12:00 | E19: 1 | F19: 6 | G19: =E19*F19 -> 6 | I19: =+I11*G19 -> 0 | J19: =+J11*G19 -> 0 | K19: =+K11*G19 -> 120 | L19: =+L11*G19 -> 120 | M19: =+M11*G19 -> 126 | N19: =+N11*G19 -> 132 | O19: =$G$19*O11 -> 126 | P19: =$G$19*P11 -> 138 | Q19: =$G$19*Q11 -> 120 | R19: =$G$19*R11 -> 120 | S19: =$G$19*S11 -> 120 | T19: =$G$19*T11 -> 114 | V19: =SUM(J19:T19) -> 1236
A20: 2 | B20: OFICINA CENTRAL (SOTANO) | C20: CALZADA INDEPENDENCIA Y HÉROES #994. EDIFICIO DEL PODER EJECUTIVO. | D20: Martes y Viernes 8:00 a 10:00 | E20: 1 | F20: 2 | G20: =E20*F20 -> 2 | I20: =+I14*G20 -> 0 | J20: =+J14*G20 -> 0 | K20: =+K14*G20 -> 18 | L20: =+L14*G20 -> 14 | M20: =$G$20*M14 -> 16 | N20: =+N14*G20 -> 18 | O20: =+O14*G20 -> 16 | P20: =+P14*G20 -> 18 | Q20: =+Q14*G20 -> 18 | R20: =+R14*G20 -> 16 | S20: =+S14*G20 -> 16 | T20: =+T14*G20 -> 16 | V20: =SUM(J20:T20) -> 166
A21: 3 | B21: EXTERNA COL. GUAJARDO | D21: Martes y Viernes 8:00 a 10:00 | E21: 1 | F21: 2 | G21: =E21*F21 -> 2 | I21: =+I14*G21 -> 0 | J21: =+J14*G21 -> 0 | K21: =+K14*G21 -> 18 | L21: =+L14*G21 -> 14 | M21: =$G$21*M14 -> 16 | N21: =+N14*G21 -> 18 | O21: =+O14*G21 -> 16 | P21: =+P14*G21 -> 18 | Q21: =+Q14*G21 -> 18 | R21: =+R14*G21 -> 16 | S21: =+S14*G21 -> 16 | T21: =+T14*G21 -> 16 | V21: =SUM(J21:T21) -> 166
A22: 4 | B22: PLAZA BAJA CALIFORNIA LOCAL 1-A | C22: CALLE CALAFIA No. 1115. | D22: Lunes a viernes 8:00 a 11:00 | E22: 1 | F22: 3 | G22: =E22*F22 -> 3 | I22: =+I11*G22 -> 0 | J22: =+J11*G22 -> 0 | K22: =+K11*G22 -> 60 | L22: =+L11*G22 -> 60 | M22: =+M11*G22 -> 63 | N22: =+N11*G22 -> 66 | O22: =$O$11*G22 -> 63 | P22: =$P$11*G22 -> 69 | Q22: =$Q$11*G22 -> 60 | R22: =$R$11*G22 -> 60 | S22: =$S$11*G22 -> 60 | T22: =$T$11*G22 -> 57 | V22: =SUM(J22:T22) -> 618
S23: SUMA MEXICALI | V23: =SUM(V19:V22) -> 2186
A25: PARTIDA | B25: UBICACION | C25: DIRECCIÓN | D25: HORARIOS | E25: PERSONAL SOLICITADO | F25: HORAS POR DIA POR PERSONA | G25: HORAS DIARIAS POR TURNO | I25: ENE | J25: FEB | K25: MAR | L25: ABR | M25: MAY | N25: JUN | O25: JUL | P25: AGO | Q25: SEP | R25: OCT | S25: NOV | T25: DIC | V25: TOTAL HORAS
B26: TECATE
A27: 4 | B27: OFICINAS DE GOBIERNO TECATE | C27: MISION SANTO DOMINGO #1016 | D27: Lunes, Miercoles y Viernes 8:00 a 11:00 | E27: 1 | F27: 3 | G27: =E27*F27 -> 3 | I27: =+I12*G27 -> 0 | J27: =+J12*G27 -> 0 | K27: =+K12*G27 -> 36 | L27: =+L12*G27 -> 33 | M27: =+M12*G27 -> 36 | N27: =$G$27*N12 -> 39 | O27: =$G$27*O12 -> 39 | P27: =$G$27*P12 -> 39 | Q27: =$G$27*Q12 -> 39 | R27: =$G$27*R12 -> 36 | S27: =$G$27*S12 -> 33 | T27: =$G$27*T12 -> 36 | V27: =SUM(J27:T27) -> 366
S28: SUMA TECATE | V28: =SUM(V27) -> 366
A30: PARTIDA | B30: UBICACION | C30: DIRECCIÓN | D30: HORARIOS | E30: PERSONAL SOLICITADO | F30: HORAS POR DIA POR PERSONA | G30: HORAS DIARIAS POR TURNO | I30: ENE | J30: FEB | K30: MAR | L30: ABR | M30: MAY | N30: JUN | O30: JUL | P30: AGO | Q30: SEP | R30: OCT | S30: NOV | T30: DIC | V30: TOTAL HORAS
B31: ENSENADA
A32: 5 | B32: OFICINAS DE GOBIERNO ENSENADA | D32: Lunes, Miercoles y Viernes 8:00 a 10:00 | E32: 1 | F32: 2 | G32: =E32*F32 -> 2 | I32: =+I12*G32 -> 0 | J32: =+J12*G32 -> 0 | K32: =+K12*G32 -> 24 | L32: =+L12*G32 -> 22 | M32: =+M12*G32 -> 24 | N32: =+N12*G32 -> 26 | O32: =+O12*G32 -> 26 | P32: =+P12*G32 -> 26 | Q32: =+Q12*G32 -> 26 | R32: =+R12*G32 -> 24 | S32: =+S12*G32 -> 22 | T32: =+T12*G32 -> 24 | V32: =SUM(J32:T32) -> 244
S33: SUMA ENSENADA | V33: =SUM(V32) -> 244
A35: PARTIDA | B35: UBICACION | C35: DIRECCIÓN | D35: HORARIOS | E35: PERSONAL SOLICITADO | F35: HORAS POR DIA POR PERSONA | G35: HORAS DIARIAS POR TURNO | I35: ENE | J35: FEB | K35: MAR | L35: ABR | M35: MAY | N35: JUN | O35: JUL | P35: AGO | Q35: SEP | R35: OCT | S35: NOV | T35: DIC | V35: TOTAL HORAS
B36: ROSARITO
A37: 6 | B37: OFICINAS DE GOBIERNO ROSARITO | D37: Martes y Jueves 8:00 a 10:00 | E37: 1 | F37: 2 | G37: =E37*F37 -> 2 | I37: =+I13*G37 -> 0 | J37: =+J13*G37 -> 0 | K37: =+K13*G37 -> 16 | L37: =+L13*G37 -> 16 | M37: =+M13*G37 -> 18 | N37: =$G$37*N13 -> 18 | O37: =$G$37*O13 -> 16 | P37: =$G$37*P13 -> 20 | Q37: =$G$37*Q13 -> 16 | R37: =$G$37*R13 -> 16 | S37: =$G$37*S13 -> 18 | T37: =$G$37*T13 -> 14 | V37: =SUM(J37:T37) -> 168
S38: SUMA ROSARITO | V38: =SUM(V37) -> 168
A40: PARTIDA | B40: UBICACION | C40: DIRECCIÓN | D40: HORARIOS | E40: PERSONAL SOLICITADO | F40: HORAS POR DIA POR PERSONA | G40: HORAS DIARIAS POR TURNO | I40: ENE | J40: FEB | K40: MAR | L40: ABR | M40: MAY | N40: JUN | O40: JUL | P40: AGO | Q40: SEP | R40: OCT | S40: NOV | T40: DIC | V40: TOTAL HORAS
B41: TIJUANA
A42: 8 | B42: OFICINAS DE GOBIERNO TIJUANA (PLAZA PATRIA) | C42: BLVD. GUSTAVO DÍAZ ORDAZ #12649, EL PARAISO, 22106, TIJUANA. | D42: Lunes a viernes 8:00 a 11:00 | E42: 1 | F42: 3 | G42: =E42*F42 -> 3 | I42: =+I11*G42 -> 0 | J42: =+J11*G42 -> 0 | K42: =+K11*G42 -> 60 | L42: =+L11*G42 -> 60 | M42: =+M11*G42 -> 63 | N42: =+N11*G42 -> 66 | O42: =+O11*G42 -> 63 | P42: =+P11*G42 -> 69 | Q42: =+Q11*G42 -> 60 | R42: =+R11*G42 -> 60 | S42: =+S11*G42 -> 60 | T42: =+T11*G42 -> 57 | V42: =SUM(J42:T42) -> 618
A43: 9 | B43: OFICINAS DE GOBIERNO TIJUANA (DIF ZONA RIO TERCERA ETAPA) | D43: Lunes a viernes 8:00 a 13:00 | E43: 1 | F43: 5 | G43: =E43*F43 -> 5 | I43: =+I11*G43 -> 0 | J43: =+J11*G43 -> 0 | K43: =+K11*G43 -> 100 | L43: =+L11*G43 -> 100 | M43: =+M11*G43 -> 105 | N43: =+N11*G43 -> 110 | O43: =+O11*G43 -> 105 | P43: =+P11*G43 -> 115 | Q43: =+Q11*G43 -> 100 | R43: =+R11*G43 -> 100 | S43: =+S11*G43 -> 100 | T43: =+T11*G43 -> 95 | V43: =SUM(J43:T43) -> 1030
S44: SUMA TIJUANA | V44: =SUM(V42:V43) -> 1648
E45: =SUM(E19:E22,E27,E32,E37,E42:E43) -> 9
S46: SUMA ESTATAL | V46: =SUM(V44,V38,V28,V23,V33) -> 4612
I48: =(I19+I20+I21+I22+I27+I32+I37+I42+I43) -> 0 | J48: =(J19+J20+J21+J22+J27+J32+J37+J42+J43) -> 0 | K48: =(K19+K20+K21+K22+K27+K32+K37+K42+K43) -> 452 | L48: =(L19+L20+L21+L22+L27+L32+L37+L42+L43) -> 439 | M48: =(M19+M20+M21+M22+M27+M32+M37+M42+M43) -> 467 | N48: =(N19+N20+N21+N22+N27+N32+N37+N42+N43) -> 493 | O48: =(O19+O20+O21+O22+O27+O32+O37+O42+O43) -> 470 | P48: =(P19+P20+P21+P22+P27+P32+P37+P42+P43) -> 512 | ... T48: =(T19+T20+T21+T22+T27+T32+T37+T42+T43) -> 429 | V48: =SUM(J48:T48) -> 4612
N52: RESUMEN SECRETARIA DE INTEGRACION
J54: PARTIDAS | M54: PERSONAL SOLICITADO | O54: TOTAL HORAS | Q54: PRECIO /HORA | S54: IMPORTE SIN IVA | V54: IMPORTE CON IVA
J55: MEXICALI | M55: 4 | O55: =V23 -> 2186
J56: TECATE | M56: =E27 -> 1 | O56: =V28 -> 366
J57: ENSENADA | M57: =E32 -> 1 | O57: =V33 -> 244
J58: ROSARITO | M58: =E37 -> 1 | O58: =V38 -> 168
J59: TIJUANA | M59: 2 | O59: =V44 -> 1648
J60: TOTALES | M60: =SUM(M55:M59) -> 9 | O60: =SUM(O55:P59) -> 4612

Sheet STPS
A1: OFICIALIA MAYOR DE GOBIERNO
A2: DIRECCION DE SERVICIOS GENERALES
A3: SUBDIRECCION DE SERVICIOS GENERALES
A5: CALCULO DEL SERVICIO DE LIMPIEZA PARA EL PERIODO DEL 03 DE MARZO AL 31 DE DICIEMBRE DE 2023
A6: PROCEDIMIENTO DE LICITACIÓN PÚBLICA REGIONAL No. 32065001-004-2023 “SERVICIO DE LIMPIEZA PARA DEPENDENCIAS DE GOBIERNO DEL ESTADO DE BAJA CALIFORNIA”
A7: ANEXO UBICACIONES Y HORARIOS DEL SERVICIO
A8: SECRETARIA DEL TRABAJO Y PREVISION SOCIAL
F10: DIAS DE SERVICIO | I10: ENE | J10: FEB | K10: MAR | L10: ABR | M10: MAY | N10: JUN | O10: JUL | P10: AGO | Q10: SEP | R10: OCT | S10: NOV | T10: DIC | V10: TOTAL DIAS MAR-DIC
F11: LUNES-VIERNES | I11: 0 | J11: 0 | K11: 20 | L11: 20 | M11: 21 | N11: 22 | O11: 21 | P11: 23 | Q11: 20 | R11: 20 | S11: 20 | T11: 19 | V11: =SUM(J11:T11) -> 206
F12: MIERCOLES Y VIERNES | I12: 0 | J12: 0 | K12: 9 | L12: 7 | M12: 8 | N12: 9 | O12: 8 | P12: 9 | Q12: 9 | R12: 7 | S12: 8 | T12: 9 | V12: =SUM(J12:T12) -> 83
V13: =SUM(V11:V12) -> 289
A14: PARTIDA | B14: UBICACION | C14: DIRECCIÓN | D14: HORARIOS | E14: PERSONAL SOLICITADO | F14: HORAS POR DIA POR PERSONA | G14: HORAS DIARIAS POR TURNO | I14: ENE | J14: FEB | K14: MAR | L14: ABR | M14: MAY | N14: JUN | O14: JUL | P14: AGO | Q14: SEP | R14: OCT | S14: NOV | T14: DIC | V14: TOTAL HORAS
B15: MEXICALI
A16: 1 | B16: SERVICIO NACIONAL DEL EMPLEO | C16: AV. PIONEROS Y CALLE CALAFIA #1100 CENTRO CIVICO | D16: Lunes a viernes 6:00 a 12:00 | E16: 1 | F16: 6 | G16: =E16*F16 -> 6 | I16: =+I11*G16 -> 0 | J16: =+J11*G16 -> 0 | K16: =+K11*G16 -> 120 | L16: =+L11*G16 -> 120 | M16: =$G$16*M11 -> 126 | N16: =$G$16*N11 -> 132 | O16: =$G$16*O11 -> 126 | P16: =$G$16*P11 -> 138 | Q16: =$G$16*Q11 -> 120 | R16: =$G$16*R11 -> 120 | S16: =$G$16*S11 -> 120 | T16: =$G$16*T11 -> 114 | V16: =SUM(J16:T16) -> 1236
A17: 2 | B17: SECRETARIA DEL TRABAJO Y PREVISION SOCIAL | C17: RÓMULO O´FARRILL #901, CENTRO CIVICO | D17: Lunes a viernes 6:00 a 12:00 | E17: 2 | F17: 6 | G17: =E17*F17 -> 12 | I17: =+I11*G17 -> 0 | J17: =+J11*G17 -> 0 | K17: =+K11*G17 -> 240 | L17: =+L11*G17 -> 240 | M17: =+M11*G17 -> 252 | N17: =+N11*G17 -> 264 | O17: =+O11*G17 -> 252 | P17: =+P11*G17 -> 276 | Q17: =+Q11*G17 -> 240 | R17: =+R11*G17 -> 240 | S17: =+S11*G17 -> 240 | T17: =+T11*G17 -> 228 | V17: =SUM(J17:U17) -> 2472
A18: 3 | B18: TRIBUNAL DE ARBITRAJE DEL ESTADO | C18: RÍO YAQUI #634, COLONIA DEL PERIODISTA, 21230 | D18: Lunes a viernes 6:00 a 12:00 | E18: 1 | F18: 6 | G18: 6 | I18: =+I11*G18 -> 0 | J18: =+J11*G18 -> 0 | K18: =+K11*G18 -> 120 | L18: =+L11*G18 -> 120 | M18: =+M11*G18 -> 126 | N18: =+N11*G18 -> 132 | O18: =+O11*G18 -> 126 | P18: =+P11*G18 -> 138 | Q18: =+Q11*G18 -> 120 | R18: =+R11*G18 -> 120 | S18: =+S11*G18 -> 120 | T18: =+T11*G18 -> 114 | V18: =SUM(J18:T18) -> 1236
S19: SUMA MEXICALI | V19: =SUM(V16:V18) -> 4944
A21: PARTIDA | B21: UBICACION | C21: DIRECCIÓN | D21: HORARIOS | E21: PERSONAL SOLICITADO | F21: HORAS POR DIA POR PERSONA | G21: HORAS DIARIAS POR TURNO | I21: ENE | J21: FEB | K21: MAR | L21: ABR | M21: MAY | N21: JUN | O21: JUL | P21: AGO | Q21: SEP | R21: OCT | S21: NOV | T21: DIC | V21: TOTAL HORAS
B22: ENSENADA
A23: 4 | B23: EDIFICIO CENTRO DE GOBIERNO, ENSENADA | C23: CARRETERA TRANSPENINSULAR LA PAZ - ENSENADA # 6500 EX. EJIDO CHAPULTEPEC, C.P. 22785 | D23: Miercoles y viernes 13:00 a 15:00 | E23: 1 | F23: 2 | G23: =E23*F23 -> 2 | I23: =I12*G23 -> 0 | J23: =J12*G23 -> 0 | K23: =K12*G23 -> 18 | L23: =L12*G23 -> 14 | M23: =M12*G23 -> 16 | N23: =N12*G23 -> 18 | O23: =O12*G23 -> 16 | P23: =P12*G23 -> 18 | Q23: =Q12*G23 -> 18 | R23: =R12*G23 -> 14 | S23: =S12*G23 -> 16 | T23: =T12*G23 -> 18 | U23: =U12*S23 -> 0 | V23: =SUM(J23:T23) -> 166
S24: SUMA ENSENADA | V24: =SUM(V23) -> 166
E25: =E16+E17+E18+E23 -> 5
S26: SUMA ESTATAL | V26: =V19+V24 -> 5110
I29: =I16+I17+I18+I23 -> 0 | J29: =J16+J17+J18+J23 -> 0 | K29: =K16+K17+K18+K23 -> 498 | L29: =L16+L17+L18+L23 -> 494 | M29: =M16+M17+M18+M23 -> 520 | N29: =N16+N17+N18+N23 -> 546 | O29: =O16+O17+O18+O23 -> 520 | P29: =P16+P17+P18+P23 -> 570 | ... T29: =T16+T17+T18+T23 -> 474 | V29: =SUM(J29:T29) -> 5110
M32: RESUMEN SECRETARIA DEL TRABAJO
J34: PARTIDAS | M34: PERSONAL SOLICITADO | O34: TOTAL HORAS | Q34: PRECIO POR HORA | S34: IMPORTE SIN IVA | V34: IMPORTE CON IVA
J35: MEXICALI | M35: =+E16+E17+E18 -> 4 | O35: =V19 -> 4944
J36: ENSENADA | M36: 1 | O36: =V24 -> 166
J37: TOTALES | M37: =SUM(M35:N36) -> 5 | O37: =SUM(O35:P36) -> 5110

Sheet DRPPC
A1: OFICIALIA MAYOR DE GOBIERNO
A2: DIRECCION DE SERVICIOS GENERALES
A3: SUBDIRECCION DE SERVICIOS GENERALES
A5: CALCULO DEL SERVICIO DE LIMPIEZA PARA EL PERIODO DEL 03 DE MARZO AL 31 DE DICIEMBRE DE 2023
A6: PROCEDIMIENTO DE LICITACIÓN PÚBLICA REGIONAL No. 32065001-004-2023 “SERVICIO DE LIMPIEZA PARA DEPENDENCIAS DE GOBIERNO DEL ESTADO DE BAJA CALIFORNIA”
A7: ANEXO UBICACIONES Y HORARIOS DEL SERVICIO
A8: DIRECCION DE REGISTRO PUBLICO DE LA PROPIEDAD Y DE COMERCIO
F10: DIAS DE SERVICIO | I10: ENE | J10: FEB | K10: MAR | L10: ABR | M10: MAY | N10: JUN | O10: JUL | P10: AGO | Q10: SEP | R10: OCT | S10: NOV | T10: DIC | V10: TOTAL DIAS MAR-DIC
F11: LUNES-VIERNES | I11: 0 | J11: 0 | K11: 20 | L11: 20 | M11: 21 | N11: 22 | O11: 21 | P11: 23 | Q11: 20 | R11: 20 | S11: 20 | T11: 19 | V11: =SUM(J11:T11) -> 206
V12: =SUM(V11:V11) -> 206
A14: PARTIDA | B14: UBICACION | C14: DIRECCIÓN | D14: HORARIOS | E14: PERSONAL SOLICITADO | F14: HORAS POR DIA POR PERSONA | G14: HORAS DIARIAS POR TURNO | I14: ENE | J14: FEB | K14: MAR | L14: ABR | M14: MAY | N14: JUN | O14: JUL | P14: AGO | Q14: SEP | R14: OCT | S14: NOV | T14: DIC | V14: TOTAL HORAS
B15: MEXICALI
A16: 1 | B16: DIRECCION DE REGISTO PUBLICO DE LA PROPIEDAD, PRIMER PISO EDIFICIO DEL EJECUTIVO | C16: CALZADA INDEPENDENCIA Y AVENIDA DE LOS HÉROES #994, CENTRO CIVICO, 21000. EDIFICIO DEL PODER EJECUTIVO. | D16: Lunes a viernes 07:30 A 15:00 | E16: 1 | F16: 7.5 | G16: =E16*F16 -> 7.5 | I16: 0 | J16: =+J11*G16 -> 0 | K16: =+K11*G16 -> 150 | L16: =+L11*G16 -> 150 | M16: =$G$16*M11 -> 157.5 | N16: =$G$16*N11 -> 165 | O16: =$G$16*O11 -> 157.5 | P16: =$G$16*P11 -> 172.5 | Q16: =$G$16*Q11 -> 150 | R16: =$G$16*R11 -> 150 | S16: =$G$16*S11 -> 150 | T16: =$G$16*T11 -> 142.5 | V16: =SUM(J16:T16) -> 1545
S17: TOTAL MEXICALI | V17: =SUM(V16:V16) -> 1545
A19: PARTIDA | B19: UBICACION | C19: DIRECCIÓN | D19: HORARIOS | E19: PERSONAL SOLICITADO | F19: HORAS POR DIA POR PERSONA | G19: HORAS DIARIAS POR TURNO | I19: ENE | J19: FEB | K19: MAR | L19: ABR | M19: MAY | N19: JUN | O19: JUL | P19: AGO | Q19: SEP | R19: OCT | S19: NOV | T19: DIC | V19: TOTAL HORAS
B20: TIJUANA
A21: 2 | B21: REGISTRO PUBLICO DE LA PROPIEDAD, OFICINA REGISTRAL ROSARITO | C21: XAVIER VILLAURRUTIA #1271, ZONA URBANA RÍO TIJUANA, 22010, TIJUANA. | D21: Lunes a viernes 07:30 A 15:00 | E21: 1 | F21: 7.5 | G21: =E21*F21 -> 7.5 | I21: =+I11*G21 -> 0 | J21: =+J11*G21 -> 0 | K21: =+K11*G21 -> 150 | L21: =+L11*G21 -> 150 | M21: =$G$21*M11 -> 157.5 | N21: =$G$21*N11 -> 165 | O21: =$G$21*O11 -> 157.5 | P21: =$G$21*P11 -> 172.5 | Q21: =$G$21*Q11 -> 150 | R21: =$G$21*R11 -> 150 | S21: =$G$21*S11 -> 150 | T21: =$G$21*T11 -> 142.5 | V21: =SUM(J21:T21) -> 1545
S22: TOTAL TIJUANA | V22: =SUM(V21:V21) -> 1545
A25: PARTIDA | B25: UBICACION | D25: HORARIOS | E25: PERSONAL SOLICITADO | F25: HORAS POR DIA POR PERSONA | G25: HORAS DIARIAS POR TURNO | I25: ENE | J25: FEB | K25: MAR | L25: ABR | M25: MAY | N25: JUN | O25: JUL | P25: AGO | Q25: SEP | R25: OCT | S25: NOV | T25: DIC | V25: TOTAL HORAS
B26: ENSENADA
A27: 3 | B27: REGISTRO PUBLICO DE LA PROPIEDAD, OFICINA REGISTRAL ENSENADA | C27: CARRETERA TRANSPENINSULAR ENSENADA - LA PAZ #6500, EX EJIDO CHAPULTEPEC, 22785, ENSENADA. | D27: Lunes a viernes 07:00 A 13:00 | E27: 1 | F27: 6 | G27: =E27*F27 -> 6 | I27: =+I11*G27 -> 0 | J27: =+J11*G27 -> 0 | K27: =+K11*G27 -> 120 | L27: =+L11*G27 -> 120 | M27: =+M11*G27 -> 126 | N27: =+N11*G27 -> 132 | O27: =+O11*G27 -> 126 | P27: =+P11*G27 -> 138 | Q27: =+Q11*G27 -> 120 | R27: =+R11*G27 -> 120 | S27: =+S11*G27 -> 120 | T27: =+T11*G27 -> 114 | V27: =SUM(J27:T27) -> 1236
S28: TOTAL ENSENADA | V28: =SUM(V27:V27) -> 1236
A30: PARTIDA | B30: UBICACION | D30: HORARIOS | E30: PERSONAL SOLICITADO | F30: HORAS POR DIA POR PERSONA | G30: HORAS DIARIAS POR TURNO | I30: ENE | J30: FEB | K30: MAR | L30: ABR | M30: MAY | N30: JUN | O30: JUL | P30: AGO | Q30: SEP | R30: OCT | S30: NOV | T30: DIC | V30: TOTAL HORAS
B31: TECATE
A32: 4 | B32: REGISTRO PUBLICO DE LA PROPIEDAD, OFICINA REGISTRAL TECATE | C32: CALLE MISIÓN SANTO DOMINGO #1016, COLONIA EL DESCANSO, TECATE. | D32: Lunes a viernes 08:00 A 12:00 | E32: 1 | F32: 4 | G32: =E32*F32 -> 4 | I32: =+I11*G32 -> 0 | J32: =+J11*G32 -> 0 | K32: =+K11*G32 -> 80 | L32: =+L11*G32 -> 80 | M32: =+M11*G32 -> 84 | N32: =+N11*G32 -> 88 | O32: =+O11*G32 -> 84 | P32: =+P11*G32 -> 92 | Q32: =+Q11*G32 -> 80 | R32: =+R11*G32 -> 80 | S32: =+S11*G32 -> 80 | T32: =+T11*G32 -> 76 | V32: =SUM(J32:T32) -> 824
S33: TOTAL TECATE | V33: =SUM(V32:V32) -> 824
A35: PARTIDA | B35: UBICACION | D35: HORARIOS | E35: PERSONAL SOLICITADO | F35: HORAS POR DIA POR PERSONA | G35: HORAS DIARIAS POR TURNO | I35: ENE | J35: FEB | K35: MAR | L35: ABR | M35: MAY | N35: JUN | O35: JUL | P35: AGO | Q35: SEP | R35: OCT | S35: NOV | T35: DIC | V35: TOTAL HORAS
B36: ROSARITO
A37: 4 | B37: REGISTRO PUBLICO DE LA PROPIEDAD, CENTRO DE GOBIERNO | C37: AVENIDA JOSÉ HAROS #2007 FRACCIONAMIENTO VILLA TURÍSTICA, PLAYAS DE ROSARITO | D37: Lunes a viernes 07:00 A 10:00 | E37: 1 | F37: 3 | G37: =E37*F37 -> 3 | I37: =+I11*G37 -> 0 | J37: =+J11*G37 -> 0 | K37: =+K11*G37 -> 60 | L37: =+L11*G37 -> 60 | M37: =+M11*G37 -> 63 | N37: =+N11*G37 -> 66 | O37: =+O11*G37 -> 63 | P37: =+P11*G37 -> 69 | Q37: =+Q11*G37 -> 60 | R37: =+R11*G37 -> 60 | S37: =+S11*G37 -> 60 | T37: =+T11*G37 -> 57 | V37: =SUM(J37:T37) -> 618
E38: =SUM(E16,E21,E27,E32,E37) -> 5 | S38: TOTAL ROSARITO | V38: =SUM(V37:V37) -> 618
R41: TOTAL DE HORAS ESTATAL | V41: =(V17+V22+V28+V33+V38) -> 5768
I43: =(I16+I21+I27+I32+I37) -> 0 | J43: =(J16+J21+J27+J32+J37) -> 0 | K43: =(K16+K21+K27+K32+K37) -> 560 | L43: =(L16+L21+L27+L32+L37) -> 560 | M43: =(M16+M21+M27+M32+M37) -> 588 | N43: =(N16+N21+N27+N32+N37) -> 616 | O43: =(O16+O21+O27+O32+O37) -> 588 | P43: =(P16+P21+P27+P32+P37) -> 644 | ... T43: =(T16+T21+T27+T32+T37) -> 532 | V43: =SUM(J43:U43) -> 5768
L46: RESUMEN REGISTRO PUBLICO
K48: PARTIDAS | M48: PERSONAL SOLICITADO | N48: TOTAL HORAS | O48: PRECIO / HORA | P48: IMPORTE SIN IVA | Q48: IMPORTE CON IVA | R48: ACUMULADO
K49: MEXICALI | M49: 1 | N49: =V17 -> 1545
K50: TIJUANA | M50: =E21 -> 1 | N50: =V22 -> 1545
K51: ENSENADA | M51: =E27 -> 1 | N51: =V28 -> 1236
K52: TECATE | M52: =E32 -> 1 | N52: =V33 -> 824
K53: ROSARITO | M53: =E37 -> 1 | N53: =V38 -> 618
K54: TOTALES | M54: =SUM(M49:M53) -> 5 | N54: =SUM(N49:N53) -> 5768

Sheet S.I.S.I.G.
A1: OFICIALIA MAYOR DE GOBIERNO
A2: DIRECCION DE SERVICIOS GENERALES
A3: SUBDIRECCION DE SERVICIOS GENERALES
A5: CALCULO DEL SERVICIO DE LIMPIEZA PARA EL PERIODO DEL 03 DE MARZO AL 31 DE DICIEMBRE DE 2023
A6: PROCEDIMIENTO DE LICITACIÓN PÚBLICA REGIONAL No. 32065001-004-2023 “SERVICIO DE LIMPIEZA PARA DEPENDENCIAS DE GOBIERNO DEL ESTADO DE BAJA CALIFORNIA”
A7: ANEXO UBICACIONES Y HORARIOS DEL SERVICIO
A8: SECRETARIA DE INCLUSION SOCIAL E IGUALDAD DE GENERO
F10: DIAS DE SERVICIO | I10: ENE | J10: FEB | K10: MAR | L10: ABR | M10: MAY | N10: JUN | O10: JUL | P10: AGO | Q10: SEP | R10: OCT | S10: NOV | T10: DIC | V10: TOTAL DIAS MAR-DIC
F11: LUNES-VIERNES | I11: 0 | J11: 0 | K11: 20 | L11: 20 | M11: 21 | N11: 22 | O11: 21 | P11: 23 | Q11: 20 | R11: 20 | S11: 20 | T11: 19 | V11: =SUM(J11:T11) -> 206
V12: =SUM(V11:V11) -> 206
A14: PARTIDA | B14: UBICACION | C14: DIRECCIÓN | D14: HORARIOS | E14: PERSONAL SOLICITADO | F14: HORAS POR DIA POR PERSONA | G14: HORAS DIARIAS POR TURNO | I14: ENE | J14: FEB | K14: MAR | L14: ABR | M14: MAY | N14: JUN | O14: JUL | P14: AGO | Q14: SEP | R14: OCT | S14: NOV | T14: DIC | V14: TOTAL HORAS
B15: MEXICALI
A16: 1 | B16: EDIFICIO DEL PODER EJECUTIVO SEGUNDO PISO | C16: CALZADA INDEPENDENCIA Y AVENIDA DE LOS HÉROES #994, CENTRO CIVICO, 21000. EDIFICIO DEL PODER EJECUTIVO. | D16: Lunes a viernes 8:00 a 12:00 | E16: 1 | F16: 4 | G16: =E16*F16 -> 4 | I16: =+I11*G16 -> 0 | J16: =+J11*G16 -> 0 | K16: =+K11*G16 -> 80 | L16: =+L11*G16 -> 80 | M16: =$G$16*M11 -> 84 | N16: =$G$16*N11 -> 88 | O16: =$G$16*O11 -> 84 | P16: =$G$16*P11 -> 92 | Q16: =$G$16*Q11 -> 80 | R16: =$G$16*R11 -> 80 | S16: =$G$16*S11 -> 80 | T16: =$G$16*T11 -> 76 | V16: =SUM(J16:T16) -> 824
R17: TOTAL HORAS MEXICALI | V17: =SUM(V16:V16) -> 824
A19: PARTIDA | B19: UBICACION | C19: DIRECCIÓN | D19: HORARIOS | E19: PERSONAL SOLICITADO | F19: HORAS POR DIA POR PERSONA | G19: HORAS DIARIAS POR TURNO | I19: ENE | J19: FEB | K19: MAR | L19: ABR | M19: MAY | N19: JUN | O19: JUL | P19: AGO | Q19: SEP | R19: OCT | S19: NOV | T19: DIC | V19: TOTAL HORAS
B20: TIJUANA
A21: 2 | B21: PLAZA PATRIA | C21: BLVD. GUSTAVO DÍAZ ORDAZ #12649, EL PARAISO, 22106, TIJUANA. | D21: Lunes a viernes 8:00 a 12:00 | E21: 1 | F21: 4 | G21: =E21*F21 -> 4 | I21: =+I11*G21 -> 0 | J21: =+J11*G21 -> 0 | K21: =+K11*G21 -> 80 | L21: =+L11*G21 -> 80 | M21: =$G$21*M11 -> 84 | N21: =$G$21*N11 -> 88 | O21: =$G$21*O11 -> 84 | P21: =$G$21*P11 -> 92 | Q21: =$G$21*Q11 -> 80 | R21: =$G$21*R11 -> 80 | S21: =$G$21*S11 -> 80 | T21: =$G$21*T11 -> 76 | V21: =SUM(J21:T21) -> 824
R22: TOTAL HORAS TIJUANA | V22: =SUM(V21:V21) -> 824
A25: PARTIDA | B25: UBICACION | C25: DIRECCIÓN | D25: HORARIOS | E25: PERSONAL SOLICITADO | F25: HORAS POR DIA POR PERSONA | G25: HORAS DIARIAS POR TURNO | I25: ENE | J25: FEB | K25: MAR | L25: ABR | M25: MAY | N25: JUN | O25: JUL | P25: AGO | Q25: SEP | R25: OCT | S25: NOV | T25: DIC | V25: TOTAL HORAS
B26: ENSENADA
A27: 3 | B27: CENTRO DE GOBIERNO DEL ESTADO | C27: CARRETERA TRANSPENINSULAR ENSENADA - LA PAZ #6500, EX EJIDO CHAPULTEPEC, 22785, ENSENADA. | D27: Lunes a viernes 8:00 a 12:00 | E27: 1 | F27: 4 | G27: =E27*F27 -> 4 | I27: =+I11*G27 -> 0 | J27: =+J11*G27 -> 0 | K27: =+K11*G27 -> 80 | L27: =+L11*G27 -> 80 | M27: =+M11*G27 -> 84 | N27: =+N11*G27 -> 88 | O27: =+O11*G27 -> 84 | P27: =+P11*G27 -> 92 | Q27: =+Q11*G27 -> 80 | R27: =+R11*G27 -> 80 | S27: =+S11*G27 -> 80 | T27: =+T11*G27 -> 76 | V27: =SUM(J27:T27) -> 824
R28: TOTAL HORAS ENSENADA | V28: =SUM(V27:V27) -> 824
A30: PARTIDA | B30: UBICACION | C30: DIRECCIÓN | D30: HORARIOS | E30: PERSONAL SOLICITADO | F30: HORAS POR DIA POR PERSONA | G30: HORAS DIARIAS POR TURNO | I30: ENE | J30: FEB | K30: MAR | L30: ABR | M30: MAY | N30: JUN | O30: JUL | P30: AGO | Q30: SEP | R30: OCT | S30: NOV | T30: DIC | V30: TOTAL HORAS
B31: SAN QUINTIN
A32: 4 | B32: CENTRO DE GOBIERNO DEL ESTADO | C32: AVENIDA "A" ENTRE 9 Y 10 S/N, FRACCIONAMIENTO SAN QUINTÍN, 22940. | D32: Lunes a viernes 8:00 a 12:00 | E32: 1 | F32: 4 | G32: =E32*F32 -> 4 | I32: =+I11*G32 -> 0 | J32: =+J11*G32 -> 0 | K32: =+K11*G32 -> 80 | L32: =+L11*G32 -> 80 | M32: =+M11*G32 -> 84 | N32: =+N11*G32 -> 88 | O32: =+O11*G32 -> 84 | P32: =+P11*G32 -> 92 | Q32: =+Q11*G32 -> 80 | R32: =+R11*G32 -> 80 | S32: =+S11*G32 -> 80 | T32: =+T11*G32 -> 76 | V32: =SUM(J32:T32) -> 824
R33: TOTAL HORAS SAN QUINTIN | V33: =SUM(V32:V32) -> 824
E34: =SUM(E16,E21,E27,E32) -> 4
R35: TOTAL DE HORAS ESTATAL | V35: =V17+V22+V28+V33 -> 3296
I37: =I16+I21+I27+I32 -> 0 | J37: =J16+J21+J27+J32 -> 0 | K37: =K16+K21+K27+K32 -> 320 | L37: =L16+L21+L27+L32 -> 320 | M37: =M16+M21+M27+M32 -> 336 | N37: =N16+N21+N27+N32 -> 352 | O37: =O16+O21+O27+O32 -> 336 | P37: =P16+P21+P27+P32 -> 368 | ... T37: =T16+T21+T27+T32 -> 304 | V37: =SUM(J37:T37) -> 3296
L40: RESUMEN SECRETARIA DE INCLUSION
K42: PARTIDAS | M42: PERSONAL SOLICITADO | N42: TOTAL HORAS | O42: PRECIO /HORA | P42: IMPORTE SIN IVA | Q42: IMPORTE CON IVA | R42: ACUMULADO
K43: MEXICALI | M43: =E16 -> 1 | N43: =V17 -> 824
K44: TIJUANA | M44: =E21 -> 1 | N44: =V22 -> 824
K45: ENSENADA | M45: =E27 -> 1 | N45: =V28 -> 824
K46: SAN QUINTIN | M46: =E32 -> 1 | N46: =V33 -> 824
K47: TOTALES | M47: =SUM(M43:M46) -> 4 | N47: =SUM(N43:N46) -> 3296

Sheet S.S.C.
A1: OFICIALIA MAYOR DE GOBIERNO
A2: DIRECCION DE SERVICIOS GENERALES
A3: SUBDIRECCION DE SERVICIOS GENERALES
A5: CALCULO DEL SERVICIO DE LIMPIEZA PARA EL PERIODO DEL 03 DE MARZO AL 31 DE DICIEMBRE DE 2023
A6: PROCEDIMIENTO DE LICITACIÓN PÚBLICA REGIONAL No. 32065001-004-2023 “SERVICIO DE LIMPIEZA PARA DEPENDENCIAS DE GOBIERNO DEL ESTADO DE BAJA CALIFORNIA”
A7: ANEXO UBICACIONES Y HORARIOS DEL SERVICIO
A8: SECRETARIA DE SEGURIDAD CIUDADANA DE BAJA CALIFORNIA
F10: DIAS DE SERVICIO | I10: ENE | J10: FEB | K10: MAR | L10: ABR | M10: MAY | N10: JUN | O10: JUL | P10: AGO | Q10: SEP | R10: OCT | S10: NOV | T10: DIC | V10: TOTAL DIAS MAR-DIC
F11: LUNES A VIERNES | I11: 0 | J11: 0 | K11: 20 | L11: 20 | M11: 21 | N11: 22 | O11: 21 | P11: 23 | Q11: 20 | R11: 20 | S11: 20 | T11: 19 | V11: =SUM(J11:T11) -> 206
F12: LUNES A DOMINGO | I12: 0 | J12: 0 | K12: 29 | L12: 30 | M12: 31 | N12: 30 | O12: 31 | P12: 31 | Q12: 30 | R12: 31 | S12: 30 | T12: 31 | V12: =SUM(J12:T12) -> 304
F13: LUNES A SABADO | I13: 0 | J13: 0 | K13: 25 | L13: 25 | M13: 27 | N13: 26 | O13: 26 | P13: 27 | Q13: 26 | R13: 26 | S13: 26 | T13: 26 | V13: =SUM(J13:T13) -> 260
F14: SABADO | I14: 0 | J14: 0 | K14: 4 | L14: 5 | M14: 4 | N14: 4 | O14: 5 | P14: 4 | Q14: 4 | R14: 4 | S14: 4 | T14: 5 | V14: =SUM(J14:T14) -> 43
V15: =SUM(V11:V14) -> 813
A17: PARTIDA | B17: UBICACION | C17: DIRECCIÓN | D17: HORARIOS | E17: PERSONAL SOLICITADO | F17: HORAS POR DIA POR PERSONA | G17: HORAS DIARIAS POR TURNO | I17: ENE | J17: FEB | K17: MAR | L17: ABR | M17: MAY | N17: JUN | O17: JUL | P17: AGO | Q17: SEP | R17: OCT | S17: NOV | T17: DIC | V17: TOTAL HORAS
B18: MEXICALI
A19: 1 | B19: C4 | C19: CALZADA ANAHUAC #958, JARDINES DEL LAGO, 21330. | D19: Lunes a Domingo 7:00 a 15:00 | E19: 2 | F19: 8 | G19: =E19*F19 -> 16 | I19: =+I12*G19 -> 0 | J19: =+J12*G19 -> 0 | K19: =+K12*G19 -> 464 | L19: =+L12*G19 -> 480 | M19: =+M12*G19 -> 496 | N19: =+N12*G19 -> 480 | O19: =+O12*G19 -> 496 | P19: =+P12*G19 -> 496 | Q19: =+Q12*G19 -> 480 | R19: =+R12*G19 -> 496 | S19: =+S12*G19 -> 480 | T19: =+T12*G19 -> 496 | V19: =SUM(J19:T19) -> 4864
D20: Lunes a Domingo 14:00 a 21:00 | E20: 1 | F20: 4 | G20: =E20*F20 -> 4 | I20: =+I12*G20 -> 0 | J20: =$J12*G20 -> 0 | K20: =+K12*G20 -> 116 | L20: =+L12*G20 -> 120 | M20: =+M12*G20 -> 124 | N20: =+N12*G20 -> 120 | O20: =+O12*G20 -> 124 | P20: =+P12*G20 -> 124 | Q20: =+Q12*G20 -> 120 | R20: =+R12*G20 -> 124 | S20: =+S12*G20 -> 120 | T20: =+T12*G20 -> 124 | V20: =SUM(J20:T20) -> 1216
A21: 2 | B21: EDIFICIO ESCORPIO | C21: AV. DE LOS HEROES Y CALLE LIBERTAD S/N, CENTRO CIVICO | D21: Lunes a viernes 07:00 a 15:00 | E21: 3 | F21: 8 | G21: =E21*F21 -> 24 | I21: =+I11*G21 -> 0 | J21: =+J11*G21 -> 0 | K21: =+K11*G21 -> 480 | L21: =+L11*G21 -> 480 | M21: =+M11*G21 -> 504 | N21: =+N11*G21 -> 528 | O21: =+O11*G21 -> 504 | P21: =+P11*G21 -> 552 | Q21: =+Q11*G21 -> 480 | R21: =+R11*G21 -> 480 | S21: =+S11*G21 -> 480 | T21: =+T11*G21 -> 456 | V21: =SUM(J21:T21) -> 4944
D22: Lunes a viernes 09:00 a 17:00 | E22: 1 | F22: 8 | G22: =E22*F22 -> 8 | I22: =+I11*G22 -> 0 | J22: =+J11*G22 -> 0 | K22: =+K11*G22 -> 160 | L22: =+L11*G22 -> 160 | M22: =+M11*G22 -> 168 | N22: =+N11*G22 -> 176 | O22: =+O11*G22 -> 168 | P22: =+P11*G22 -> 184 | Q22: =+Q11*G22 -> 160 | R22: =+R11*G22 -> 160 | S22: =+S11*G22 -> 160 | T22: =+T11*G22 -> 152 | V22: =SUM(J22:T22) -> 1648
D23: Sabado 10:00 a 14:00 | E23: 1 | F23: 4 | G23: =E23*F23 -> 4 | I23: =+I14*G23 -> 0 | J23: =+J14*G23 -> 0 | K23: =+J14*G23 -> 0 | L23: =+L14*G23 -> 20 | M23: =+M14*G23 -> 16 | N23: =+N14*G23 -> 16 | O23: =+O14*G23 -> 20 | P23: =+P14*G23 -> 16 | Q23: =+Q14*G23 -> 16 | R23: =+R14*G23 -> 16 | S23: =+S14*G23 -> 16 | T23: =+T14*G23 -> 20 | V23: =SUM(J23:T23) -> 156
E24: =SUM(E19:E23) -> 8 | S24: TOTAL MEXICALI | V24: =SUM(V19:V23) -> 12828
A26: PARTIDA | B26: UBICACION | C26: DIRECCIÓN | D26: HORARIOS | E26: PERSONAL SOLICITADO | F26: HORAS POR DIA POR PERSONA | G26: HORAS DIARIAS POR TURNO | I26: ENE | J26: FEB | K26: MAR | L26: ABR | M26: MAY | N26: JUN | O26: JUL | P26: AGO | Q26: SEP | R26: OCT | S26: NOV | T26: DIC | V26: TOTAL HORAS
B27: TIJUANA
A28: 3 | B28: C4 | C28: PARQUE INDUSTRIAL EL FLORIDO, 22254. | D28: Lunes a Domingo 7:00 a 15:00 | E28: 3 | F28: 8 | G28: =E28*F28 -> 24 | I28: =+I12*G28 -> 0 | J28: =+J12*G28 -> 0 | K28: =+K12*G28 -> 696 | L28: =+L12*G28 -> 720 | M28: =+M12*G28 -> 744 | N28: =+N12*G28 -> 720 | O28: =+O12*G28 -> 744 | P28: =+P12*G28 -> 744 | Q28: =+Q12*G28 -> 720 | R28: =+R12*G28 -> 744 | S28: =+S12*G28 -> 720 | T28: =+T12*G28 -> 744 | V28: =SUM(J28:T28) -> 7296
A29: 4 | B29: FUERZA ESTATAL | C29: ANTIGUA CARRETERA LIBRE TECATE-TIJUANA KM. 15/133, COL. PIEDRAS BLANCAS, TIJUANA, B.C. | D29: Lunes a viernes 7:00 a 15:00 | E29: 4 | F29: 8 | G29: =E29*F29 -> 32 | I29: =+I11*G29 -> 0 | J29: =+J11*G29 -> 0 | K29: =+K11*G29 -> 640 | L29: =+L11*G29 -> 640 | M29: =+M11*G29 -> 672 | N29: =+N11*G29 -> 704 | O29: =$G$29*O11 -> 672 | P29: =$G$29*P11 -> 736 | Q29: =$G$29*Q11 -> 640 | R29: =$G$29*R11 -> 640 | S29: =$G$29*S11 -> 640 | T29: =$G$29*T11 -> 608 | V29: =SUM(J29:T29) -> 6592
D30: Sabado 8:00 a 12:00 | E30: 4 | F30: 4 | G30: =E30*F30 -> 16 | I30: =+I14*G30 -> 0 | J30: =+J14*G30 -> 0 | K30: =+K14*G30 -> 64 | L30: =+L14*G30 -> 80 | M30: =+M14*G30 -> 64 | N30: =+N14*G30 -> 64 | O30: =+O14*G30 -> 80 | P30: =+P14*G30 -> 64 | Q30: =+Q14*G30 -> 64 | R30: =+R14*G30 -> 64 | S30: =+S14*G30 -> 64 | T30: =+T14*G30 -> 80 | V30: =SUM(J30:T30) -> 688
A31: 5 | B31: BACHILLERATO MILITARIZADO | C31: CALLE PRIVADA NATURA #17341-0 SECCION BOSQUES FRACC NATURA | D31: Lunes a viernes 7:00 a 15:00 | E31: 1 | F31: 8 | G31: =E31*F31 -> 8 | I31: =I11*G31 -> 0 | J31: =J11*G31 -> 0 | K31: =K11*G31 -> 160 | L31: =L11*G31 -> 160 | M31: =M11*G31 -> 168 | N31: =N11*G31 -> 176 | O31: =O11*G31 -> 168 | P31: =P11*G31 -> 184 | Q31: =Q11*G31 -> 160 | R31: =R11*G31 -> 160 | S31: =S11*G31 -> 160 | T31: =T11*G31 -> 152 | V31: =SUM(J31:T31) -> 1648
D32: Lunes a viernes 10:00 a 18:00 | E32: 1 | F32: 8 | G32: =E32*F32 -> 8 | I32: =I11*G32 -> 0 | J32: =J11*G32 -> 0 | K32: =K11*G32 -> 160 | L32: =L11*G32 -> 160 | M32: =M11*G32 -> 168 | N32: =N11*G32 -> 176 | O32: =O11*G32 -> 168 | P32: =P11*G32 -> 184 | Q32: =Q11*G32 -> 160 | R32: =R11*G32 -> 160 | S32: =S11*G32 -> 160 | T32: =T11*G32 -> 152 | V32: =SUM(J32:T32) -> 1648
E33: =SUM(E28:E32) -> 13 | S33: TOTAL TIJUANA | V33: =SUM(V28:V32) -> 17872
A35: PARTIDA | B35: UBICACION | C35: DIRECCIÓN | D35: HORARIOS | E35: PERSONAL SOLICITADO | F35: HORAS POR DIA POR PERSONA | G35: HORAS DIARIAS POR TURNO | I35: ENE | J35: FEB | K35: MAR | L35: ABR | M35: MAY | N35: JUN | O35: JUL | P35: AGO | Q35: SEP | R35: OCT | S35: NOV | T35: DIC | V35: TOTAL HORAS
B36: TECATE
A37: 6 | B37: CENFOCAP | C37: CARRETERA LIBRE TECATE - TIJUANA KM. 140 TECATE. | D37: Lunes a viernes 7:00 a 15:00 | E37: 3 | F37: 8 | G37: =E37*F37 -> 24 | I37: =I11*G37 -> 0 | J37: =J11*G37 -> 0 | K37: =K11*G37 -> 480 | L37: =L11*G37 -> 480 | M37: =M11*G37 -> 504 | N37: =N11*G37 -> 528 | O37: =O11*G37 -> 504 | P37: =P11*G37 -> 552 | Q37: =Q11*G37 -> 480 | R37: =R11*G37 -> 480 | S37: =S11*G37 -> 480 | T37: =T11*G37 -> 456 | V37: =SUM(J37:T37) -> 4944
D38: Sabado 7:00 a 13:00 | E38: 1 | F38: 6 | G38: =E38*F38 -> 6 | I38: =+I14*G38 -> 0 | J38: =+J14*G38 -> 0 | K38: =+K14*G38 -> 24 | L38: =+L14*G38 -> 30 | M38: =+M14*G38 -> 24 | N38: =+N14*G38 -> 24 | O38: =+O14*G38 -> 30 | P38: =+P14*G38 -> 24 | Q38: =+Q14*G38 -> 24 | R38: =+R14*G38 -> 24 | S38: =+S14*G38 -> 24 | T38: =+T14*G38 -> 30 | V38: =SUM(J38:T38) -> 258
A39: 7 | B39: BASE GUARDIA ESTATAL, DORMITORIOS DENTRO DE CENFOCAP | C39: CARRETERA LIBRE TECATE - TIJUANA KM. 140 TECATE. | D39: Lunes a Sabado 7:00 a 15:00 | E39: 1 | F39: 8 | G39: =E39*F39 -> 8 | I39: =+I13*G39 -> 0 | J39: =+J13*G39 -> 0 | K39: =+K13*G39 -> 200 | L39: =+L13*G39 -> 200 | M39: =+M13*G39 -> 216 | N39: =$G$39*N13 -> 208 | O39: =$G$39*O13 -> 208 | P39: =$G$39*P13 -> 216 | Q39: =$G$39*Q13 -> 208 | R39: =$G$39*R13 -> 208 | S39: =$G$39*S13 -> 208 | T39: =$G$39*T13 -> 208 | V39: =SUM(J39:T39) -> 2080
A40: 8 | B40: C4 TECATE | C40: MISIÓN DE SANTA ROSALIA #1, EL DESCANSO, 21478, TECATE. | D40: Lunes a Sabado 6:00 a 14:00 | E40: 1 | F40: 8 | G40: =E40*F40 -> 8 | I40: =+I13*G40 -> 0 | J40: =+J13*G40 -> 0 | K40: =+K13*G40 -> 200 | L40: =+L13*G40 -> 200 | M40: =+M13*G40 -> 216 | N40: =+N13*G40 -> 208 | O40: =+O13*G40 -> 208 | P40: =+P13*G40 -> 216 | Q40: =+Q13*G40 -> 208 | R40: =+R13*G40 -> 208 | S40: =+S13*G40 -> 208 | T40: =+T13*G40 -> 208 | V40: =SUM(J40:T40) -> 2080
E41: =SUM(E37:E40) -> 6 | S41: TOTAL TECATE | V41: =SUM(V37:V40) -> 9362
A43: PARTIDA | B43: UBICACION | C43: DIRECCIÓN | D43: HORARIOS | E43: PERSONAL SOLICITADO | F43: HORAS POR DIA POR PERSONA | G43: HORAS DIARIAS POR TURNO | I43: ENE | J43: FEB | K43: MAR | L43: ABR | M43: MAY | N43: JUN | O43: JUL | P43: AGO | Q43: SEP | R43: OCT | S43: NOV | T43: DIC | V43: TOTAL HORAS
B44: ROSARITO
A45: 9 | B45: C4 ROSARITO | C45: GENERAL JUAN VICARIO #16, BENITO JUÁREZ, 22710, ROSARITO. | D45: Lunes a viernes 6:00 a 14:00 | E45: 2 | F45: 8 | G45: =E45*F45 -> 16 | I45: =+I13*G45 -> 0 | J45: =+J13*G45 -> 0 | K45: =+K13*G45 -> 400 | L45: =+L13*G45 -> 400 | M45: =+M13*G45 -> 432 | N45: =+N13*G45 -> 416 | O45: =+O13*G45 -> 416 | P45: =+P13*G45 -> 432 | Q45: =+Q13*G45 -> 416 | R45: =+R13*G45 -> 416 | S45: =+S13*G45 -> 416 | T45: =+T13*G45 -> 416 | V45: =SUM(J45:T45) -> 4160
E46: =SUM(E45) -> 2 | S46: TOTAL ROSARITO | V46: =SUM(V45:V45) -> 4160
A48: PARTIDA | B48: UBICACION | C48: DIRECCIÓN | D48: HORARIOS | E48: PERSONAL SOLICITADO | F48: HORAS POR DIA POR PERSONA | G48: HORAS DIARIAS POR TURNO | I48: ENE | J48: FEB | K48: MAR | L48: ABR | M48: MAY | N48: JUN | O48: JUL | P48: AGO | Q48: SEP | R48: OCT | S48: NOV | T48: DIC | V48: TOTAL HORAS
B49: ENSENADA
A50: 10 | B50: C4 ENSENADA | C50: ADOLFO RUÍZ CORTINES 22895, ENSENADA. | D50: Lunes a viernes 6:00 a 14:00 | E50: 2 | F50: 8 | G50: =E50*F50 -> 16 | I50: =+I13*G50 -> 0 | J50: =+J13*G50 -> 0 | K50: =+K13*G50 -> 400 | L50: =+L13*G50 -> 400 | M50: =+M13*G50 -> 432 | N50: =+N13*G50 -> 416 | O50: =+O13*G50 -> 416 | P50: =+P13*G50 -> 432 | Q50: =+Q13*G50 -> 416 | R50: =+R13*G50 -> 416 | S50: =+S13*G50 -> 416 | T50: =+T13*G50 -> 416 | V50: =SUM(J50:T50) -> 4160
A51: 11 | B51: FESC | C51: BULEVARD ZERTUCHE S/N COL PRADERAS DEL CYPREES | D51: Lunes a viernes 8:00 a 16:00 | E51: 1 | F51: 8 | G51: =E51*F51 -> 8 | I51: =I11*G51 -> 0 | J51: =J11*G51 -> 0 | K51: =K11*G51 -> 160 | L51: =L11*G51 -> 160 | M51: =M11*G51 -> 168 | N51: =N11*G51 -> 176 | O51: =O11*G51 -> 168 | P51: =P11*G51 -> 184 | Q51: =Q11*G51 -> 160 | R51: =R11*G51 -> 160 | S51: =S11*G51 -> 160 | T51: =T11*G51 -> 152 | V51: =SUM(J51:T51) -> 1648
E52: =SUM(E50:E51) -> 3 | S52: TOTAL ENSENADA | V52: =SUM(V50:V51) -> 5808
E54: =SUM(E24+E33+E41+E46+E52) -> 32 | I54: =SUM(I19:I23,I28:I32,I37:I40,I45,I50:I51) -> 0 | J54: =SUM(J19:J23,J28:J32,J37:J40,J45,J50:J51) -> 0 | K54: =SUM(K19:K23,K28:K32,K37:K40,K45,K50:K51) -> 4804 | L54: =SUM(L19:L23,L28:L32,L37:L40,L45,L50:L51) -> 4890 | M54: =SUM(M19:M23,M28:M32,M37:M40,M45,M50:M51) -> 5116 | N54: =SUM(N19:N23,N28:N32,N37:N40,N45,N50:N51) -> 5136 | O54: =SUM(O19:O23,O28:O32,O37:O40,O45,O50:O51) -> 5094 | P54: =SUM(P19:P23,P28:P32,P37:P40,P45,P50:P51) -> 5340 | ... T54: =SUM(T19:T23,T28:T32,T37:T40,T45,T50:T51) -> 4870 | V54: =SUM(J54:U54) -> 50030
J57: RESUMEN SECRETARIA DE SEGURIDAD CIUDADANA
J59: PARTIDAS | L59: PERSONAL SOLICITADO | N59: TOTAL HORAS | P59: PRECIO /HORA | Q59: IMPORTE SIN IVA | S59: IMPORTE CON IVA | V59: ACUMULADO
J60: MEXICALI | L60: =E24 -> 8 | N60: =V24 -> 12828
J61: TIJUANA | L61: =E33 -> 13 | N61: =V33 -> 17872
J62: TECATE | L62: =E41 -> 6 | N62: =V41 -> 9362
J63: ROSARITO | L63: =E46 -> 2 | N63: =V46 -> 4160
J64: ENSENADA | L64: =E52 -> 3 | N64: =V52 -> 5808
J65: TOTALES | L65: =SUM(L60:L64) -> 32 | N65: =SUM(N60:O64) -> 50030

Sheet C.J.
A1: OFICIALIA MAYOR DE GOBIERNO
A2: DIRECCION DE SERVICIOS GENERALES
A3: SUBDIRECCION DE SERVICIOS GENERALES
A5: CALCULO DEL SERVICIO DE LIMPIEZA PARA EL PERIODO DEL 03 DE MARZO AL 31 DE DICIEMBRE DE 2023
A6: PROCEDIMIENTO DE LICITACIÓN PÚBLICA REGIONAL No. 32065001-004-2023 “SERVICIO DE LIMPIEZA PARA DEPENDENCIAS DE GOBIERNO DEL ESTADO DE BAJA CALIFORNIA”
A7: ANEXO UBICACIONES Y HORARIOS DEL SERVICIO
A8: CONSEJERIA JURIDICA
F10: DIAS DE SERVICIO | I10: ENE | J10: FEB | K10: MAR | L10: ABR | M10: MAY | N10: JUN | O10: JUL | P10: AGO | Q10: SEP | R10: OCT | S10: NOV | T10: DIC | V10: TOTAL DIAS MAR-DIC
F11: LUNES-VIERNES | I11: 0 | J11: 0 | K11: 20 | L11: 20 | M11: 21 | N11: 22 | O11: 21 | P11: 23 | Q11: 20 | R11: 20 | S11: 20 | T11: 19 | V11: =SUM(J11:T11) -> 206
F12: LUN- MIER - VIER | I12: 0 | J12: 0 | K12: 13 | L12: 11 | M12: 12 | N12: 13 | O12: 13 | P12: 13 | Q12: 13 | R12: 12 | S12: 11 | T12: 12 | V12: =SUM(J12:T12) -> 123
F13: MIERCOLES Y VIERNES | I13: 0 | J13: 0 | K13: 9 | L13: 7 | M13: 8 | N13: 9 | O13: 8 | P13: 9 | Q13: 9 | R13: 7 | S13: 8 | T13: 9 | V13: =SUM(J13:T13) -> 83
V14: =SUM(V11:V13) -> 412
A15: PARTIDA | B15: UBICACION | C15: DIRECCIÓN | D15: HORARIOS | E15: PERSONAL SOLICITADO | F15: HORAS POR DIA POR PERSONA | G15: HORAS DIARIAS POR TURNO | I15: ENE | J15: FEB | K15: MAR | L15: ABR | M15: MAY | N15: JUN | O15: JUL | P15: AGO | Q15: SEP | R15: OCT | S15: NOV | T15: DIC | V15: TOTAL HORAS
B16: MEXICALI
A17: 1 | B17: CONSEJERIA JURIDICA DEL ESTADO, SEGUNDO PISO, EDIFICIO DEL EJECUTIVO | C17: CALZADA INDEPENDENCIA Y AVENIDA DE LOS HÉROES #994, CENTRO CIVICO, 21000. EDIFICIO DEL PODER EJECUTIVO. | D17: Lunes a viernes 8.00 A 15:00 | E17: 1 | F17: 7 | G17: =E17*F17 -> 7 | I17: =+I11*G17 -> 0 | J17: =+J11*G17 -> 0 | K17: =+K11*G17 -> 140 | L17: =+L11*G17 -> 140 | M17: =$G$17*M11 -> 147 | N17: =$G$17*N11 -> 154 | O17: =$G$17*O11 -> 147 | P17: =$G$17*P11 -> 161 | Q17: =$G$17*Q11 -> 140 | R17: =$G$17*R11 -> 140 | S17: =$G$17*S11 -> 140 | T17: =$G$17*T11 -> 133 | V17: =SUM(J17:T17) -> 1442
A18: 2 | B18: DIRECCION DE PROYECTOS LEGISLATIVOS, SEGUNDO PISO, EDIFICIO DEL EJECUTIVO | C18: CALZADA INDEPENDENCIA Y AVENIDA DE LOS HÉROES #994, CENTRO CIVICO, 21000. EDIFICIO DEL PODER EJECUTIVO. | D18: Lunes a viernes 8.00 A 12:00 | E18: 1 | F18: 4 | G18: =E18*F18 -> 4 | I18: =+I11*G18 -> 0 | J18: =+J11*G18 -> 0 | K18: =+K11*G18 -> 80 | L18: =+L11*G18 -> 80 | M18: =$G$18*M11 -> 84 | N18: =$G$18*N11 -> 88 | O18: =$G$18*O11 -> 84 | P18: =$G$18*P11 -> 92 | Q18: =$G$18*Q11 -> 80 | R18: =$G$18*R11 -> 80 | S18: =$G$18*S11 -> 80 | T18: =$G$18*T11 -> 76 | V18: =SUM(J18:T18) -> 824
A19: 3 | B19: DIRECCION JURIDICA CONTENCIOSA, SEGUNDO PISO, EDIFICIO DEL EJECUTIVO | C19: CALZADA INDEPENDENCIA Y AVENIDA DE LOS HÉROES #994, CENTRO CIVICO, 21000. EDIFICIO DEL PODER EJECUTIVO. | D19: Lunes a viernes 8.00 A 12:00 | E19: 1 | F19: 4 | G19: =E19*F19 -> 4 | I19: =+I11*G19 -> 0 | J19: =+J11*G19 -> 0 | K19: =+K11*G19 -> 80 | L19: =+L11*G19 -> 80 | M19: =$G$19*M11 -> 84 | N19: =$G$19*N11 -> 88 | O19: =$G$19*O11 -> 84 | P19: =$G$19*P11 -> 92 | Q19: =$G$19*Q11 -> 80 | R19: =$G$19*R11 -> 80 | S19: =$G$19*S11 -> 80 | T19: =$G$20*T11 -> 76 | V19: =SUM(J19:T19) -> 824
A20: 4 | B20: DIRECCION JURIDICA | C20: PLAZA BAJA, LOCALES 2, 3, 4 Y 5, CALLE CALAFIA 472, CENTRO CIVICO. | D20: Lunes a viernes 8.00 A 12:00 | E20: 1 | F20: 4 | G20: =E20*F20 -> 4 | I20: =+I11*G20 -> 0 | J20: =+J11*G20 -> 0 | K20: =+K11*G20 -> 80 | L20: =+L11*G20 -> 80 | M20: =$G$20*M11 -> 84 | N20: =$G$20*N11 -> 88 | O20: =$G$20*O11 -> 84 | P20: =$G$20*P11 -> 92 | Q20: =$G$20*Q11 -> 80 | R20: =$G$20*R11 -> 80 | S20: =$G$20*S11 -> 80 | T20: =$G$20*T11 -> 76 | V20: =SUM(J20:T20) -> 824
A21: 5 | B21: DEFENSORIA PUBLICA CENTRO DE JUSTICIA PENAL | C21: CALZADA DE LOS PRESIDENTES (RIO NUEVO) | D21: Lunes a viernes 8:00 A 11:00 | E21: 1 | F21: 3 | G21: =E21*F21 -> 3 | I21: =+I11*G21 -> 0 | J21: =+J11*G21 -> 0 | K21: =+K11*G21 -> 60 | L21: =+L11*G21 -> 60 | M21: =$G$21*M11 -> 63 | N21: =$G$21*N11 -> 66 | O21: =$G$21*O11 -> 63 | P21: =$G$21*P11 -> 69 | Q21: =$G$21*Q11 -> 60 | R21: =$G$21*R11 -> 60 | S21: =$G$21*S11 -> 60 | T21: =$G$21*T11 -> 57 | V21: =SUM(J21:T21) -> 618
A22: 6 | B22: DEFENSORIA PUBLICA CERESO | C22: CALLE SUR S/N, COL. BELLAVISTA | D22: Lunes a viernes 8.00 A 11:00 | E22: 1 | F22: 3 | G22: =E22*F22 -> 3 | I22: =+I11*G22 -> 0 | J22: =+J11*G22 -> 0 | K22: =+K11*G22 -> 60 | L22: =+L11*G22 -> 60 | M22: =$G$22*M11 -> 63 | N22: =$G$22*N11 -> 66 | O22: =$G$22*O11 -> 63 | P22: =$G$22*P11 -> 69 | Q22: =$G$22*Q11 -> 60 | R22: =$G$22*R11 -> 60 | S22: =$G$22*S11 -> 60 | T22: =$G$22*T11 -> 57 | V22: =SUM(J22:T22) -> 618
A23: 7 | B23: ÁREA CIVIL | C23: CD. MORELOS | D23: Lunes, Miercoles y Viernes 8:00 a 10:00 | E23: 1 | F23: 2 | G23: 2 | I23: =(I12*G23) -> 0 | J23: =(J12*G23) -> 0 | K23: =(K12*G23) -> 26 | L23: =(L12*G23) -> 22 | M23: =(M12*G23) -> 24 | N23: =(N12*G23) -> 26 | O23: =(O12*G23) -> 26 | P23: =(P12*G23) -> 26 | Q23: =(Q12*G23) -> 26 | R23: =(R12*G23) -> 24 | S23: =(S12*G23) -> 22 | T23: =(T12*G23) -> 24 | V23: =SUM(J23:U23) -> 246
A24: 8 | B24: ÁREA CIVIL | C24: CD. GUADALUPE VICTORIA | D24: Lunes, Miercoles y Viernes 8:00 a 10:00 | E24: 1 | F24: 2 | G24: 2 | I24: =(I12*G24) -> 0 | J24: =(J12*G24) -> 0 | K24: =(K12*G24) -> 26 | L24: =(L12*G24) -> 22 | M24: =(M12*G24) -> 24 | N24: =(N12*G24) -> 26 | O24: =(O12*G24) -> 26 | P24: =(P12*G24) -> 26 | Q24: =(Q12*G24) -> 26 | R24: =(R12*G24) -> 24 | S24: =(S12*G24) -> 22 | T24: =(T12*G24) -> 24 | V24: =SUM(J24:U24) -> 246
A25: 9 | B25: ÁREA CIVIL | C25: SAN FELIPE | D25: Lunes, Miercoles y Viernes 8:00 a 10:00 | E25: 1 | F25: 2 | G25: 2 | I25: =(I12*G25) -> 0 | J25: =(J12*G25) -> 0 | K25: =(K12*G25) -> 26 | L25: =(L12*G25) -> 22 | M25: =(M12*G25) -> 24 | N25: =(N12*G25) -> 26 | O25: =(O12*G25) -> 26 | P25: =(P12*G25) -> 26 | Q25: =(Q12*G25) -> 26 | R25: =(R12*G25) -> 24 | S25: =(S12*G25) -> 22 | T25: =(T12*G25) -> 24 | V25: =SUM(J25:U25) -> 246
S26: TOTAL MEXICALI | V26: =SUM(V17:V25) -> 5888
A28: PARTIDA | B28: UBICACION | D28: HORARIOS | E28: PERSONAL SOLICITADO | F28: HORAS POR DIA POR PERSONA | G28: HORAS DIARIAS POR TURNO | I28: ENE | J28: FEB | K28: MAR | L28: ABR | M28: MAY | N28: JUN | O28: JUL | P28: AGO | Q28: SEP | R28: OCT | S28: NOV | T28: DIC | V28: TOTAL HORAS
B29: TECATE
A30: 10 | B30: OFICINA TECATE | C30: CARRETERA TIJUANA-TECATE KM. 1.5 PASO DEL ÁGUILA, C.P.21440 | D30: Lunes Miércoles y viernes 8:00 A 12:00 | E30: 1 | F30: 4 | G30: =E30*F30 -> 4 | I30: =+I12*G30 -> 0 | J30: =+J12*G30 -> 0 | K30: =+K12*G30 -> 52 | L30: =+L12*G30 -> 44 | M30: =$G$30*M12 -> 48 | N30: =$G$30*N12 -> 52 | O30: =$G$30*O12 -> 52 | P30: =$G$30*P12 -> 52 | Q30: =$G$30*Q12 -> 52 | R30: =$G$30*R12 -> 48 | S30: =$G$30*S12 -> 44 | T30: =$G$30*T12 -> 48 | V30: =SUM(J30:T30) -> 492
S31: TOTAL TECATE | V31: =SUM(V30:V30) -> 492
A34: PARTIDA | B34: UBICACION | D34: HORARIOS | E34: PERSONAL SOLICITADO | F34: HORAS POR DIA POR PERSONA | G34: HORAS DIARIAS POR TURNO | I34: ENE | J34: FEB | K34: MAR | L34: ABR | M34: MAY | N34: JUN | O34: JUL | P34: AGO | Q34: SEP | R34: OCT | S34: NOV | T34: DIC | V34: TOTAL HORAS
B35: ROSARITO
A36: 11 | B36: OFICINA ROSARITO | C36: CALLE JOSÉ HAROS 2004, FRACC. VILLA TURISTICA, SEGUNDO PISO | D36: Lunes a viernes 8:00 a 09:00 | E36: 1 | F36: 1 | G36: =E36*F36 -> 1 | I36: =+I11*G36 -> 0 | J36: =+J11*G36 -> 0 | K36: =+K11*G36 -> 20 | L36: =+L11*G36 -> 20 | M36: =$G$36*M11 -> 21 | N36: =$G$36*N11 -> 22 | O36: =$G$36*O11 -> 21 | P36: =$G$36*P11 -> 23 | Q36: =$G$36*Q11 -> 20 | R36: =$G$36*R11 -> 20 | S36: =$G$36*S11 -> 20 | T36: =$G$36*T11 -> 19 | V36: =SUM(J36:T36) -> 206
A37: 12 | B37: COORDINACIÓN DEFENSORIA PÚBLICA/ BENITO JUAREZ | C37: BENTO JUÁREZ S/N, BENITO JUÁREZ, 22700, ROSARITO. | D37: Miércoles y viernes 9:00 a 10:00 | E37: 1 | F37: 1 | G37: =E37*F37 -> 1 | I37: =(I13*G37) -> 0 | J37: =(J13*G37) -> 0 | K37: =(K13*G37) -> 9 | L37: =(L13*G37) -> 7 | M37: =(M13*G37) -> 8 | N37: =(N13*G37) -> 9 | O37: =(O13*G37) -> 8 | P37: =(P13*G37) -> 9 | Q37: =(Q13*G37) -> 9 | R37: =(R13*G37) -> 7 | S37: =(S13*G37) -> 8 | T37: =(T13*G37) -> 9 | V37: =SUM(J37:T37) -> 83
S38: TOTAL ROSARITO | V38: =SUM(V36:V37) -> 289
A41: PARTIDA | B41: UBICACION | D41: HORARIOS | E41: PERSONAL SOLICITADO | F41: HORAS POR DIA POR PERSONA | G41: HORAS DIARIAS POR TURNO | I41: ENE | J41: FEB | K41: MAR | L41: ABR | M41: MAY | N41: JUN | O41: JUL | P41: AGO | Q41: SEP | R41: OCT | S41: NOV | T41: DIC | V41: TOTAL HORAS
B42: TIJUANA
A43: 13 | B43: PLAZA MUNDO DIVERTIDO | C43: VÍA RÁPIDA JOSE FIMBRES MORENO LOCALES 41 Y 43 FRACC. SAN JOSE | D43: Lunes a viernes 8.00 A 12:00 | E43: 1 | F43: 4 | G43: =E43*F43 -> 4 | I43: =+I11*G43 -> 0 | J43: =+J11*G43 -> 0 | K43: =+K11*G43 -> 80 | L43: =+L11*G43 -> 80 | M43: =$G$43*M11 -> 84 | N43: =$G$43*N11 -> 88 | O43: =$G$43*O11 -> 84 | P43: =$G$43*P11 -> 92 | Q43: =$G$43*Q11 -> 80 | R43: =$G$43*R11 -> 80 | S43: =$G$43*S11 -> 80 | T43: =$G$43*T11 -> 76 | V43: =SUM(J43:T43) -> 824
S44: TOTAL TIJUANA | V44: =SUM(V43) -> 824
A47: PARTIDA | B47: UBICACION | D47: HORARIOS | E47: PERSONAL SOLICITADO | F47: HORAS POR DIA POR PERSONA | G47: HORAS DIARIAS POR TURNO | I47: ENE | J47: FEB | K47: MAR | L47: ABR | M47: MAY | N47: JUN | O47: JUL | P47: AGO | Q47: SEP | R47: OCT | S47: NOV | T47: DIC | V47: TOTAL HORAS
B48: ENSENADA
A49: 14 | B49: OFICINA ENSENADA | C49: CALLE NOVENA E INSURGENTES 1192 COL. BUSTAMANTE, C.P. 22840 | D49: Lunes a viernes 8.00 A 13:00 | E49: 1 | F49: 5 | G49: =E49*F49 -> 5 | I49: =+I11*G49 -> 0 | J49: =+J11*G49 -> 0 | K49: =+K11*G49 -> 100 | L49: =+L11*G49 -> 100 | M49: =$G$49*M11 -> 105 | N49: =$G$49*N11 -> 110 | O49: =$G$49*O11 -> 105 | P49: =$G$49*P11 -> 115 | Q49: =$G$49*Q11 -> 100 | R49: =$G$49*R11 -> 100 | S49: =$G$49*S11 -> 100 | T49: =$G$49*T11 -> 95 | V49: =SUM(J49:T49) -> 1030
S50: TOTAL ENSENADA | V50: =SUM(V49:V49) -> 1030
A52: PARTIDA | B52: UBICACION | D52: HORARIOS | E52: PERSONAL SOLICITADO | F52: HORAS POR DIA POR PERSONA | G52: HORAS DIARIAS POR TURNO | I52: ENE | J52: FEB | K52: MAR | L52: ABR | M52: MAY | N52: JUN | O52: JUL | P52: AGO | Q52: SEP | R52: OCT | S52: NOV | T52: DIC | V52: TOTAL HORAS
B53: SAN QUINTIN
A54: 15 | B54: OFICINA SAN QUINTÍN | C54: CALLE DÉCIMA Y “A” S/N, FRACC. CIUDAD SAN QUINTÍN | D54: Lunes a viernes 8.00 A 12:00 | E54: 1 | F54: 4 | G54: =E54*F54 -> 4 | I54: =+I11*G54 -> 0 | J54: =+J11*G54 -> 0 | K54: =+K11*G54 -> 80 | L54: =+L11*G54 -> 80 | M54: =+M11*G54 -> 84 | N54: =+N11*G54 -> 88 | O54: =+O11*G54 -> 84 | P54: =+P11*G54 -> 92 | Q54: =+Q11*G54 -> 80 | R54: =+R11*G54 -> 80 | S54: =+S11*G54 -> 80 | T54: =+T11*G54 -> 76 | V54: =SUM(J54:T54) -> 824
S55: TOTAL SAN QUINTIN | V55: =SUM(V54:V54) -> 824
E57: 15 | S57: TOTAL ESTATAL | V57: =(V26+V38+V31+V44+V50+V55) -> 9347
I59: =(I17+I18+I19+I20+I21+I22+I23+I24+I25+I30+I36+I37+I43+I49+I54) -> 0 | J59: =(J17+J18+J19+J20+J21+J22+J23+J24+J25+J30+J36+J37+J43+J49+J54) -> 0 | K59: =(K17+K18+K19+K20+K21+K22+K23+K24+K25+K30+K36+K37+K43+K49+K54) -> 919 | L59: =(L17+L18+L19+L20+L21+L22+L23+L24+L25+L30+L36+L37+L43+L49+L54) -> 897 | M59: =(M17+M18+M19+M20+M21+M22+M23+M24+M25+M30+M36+M37+M43+M49+M54) -> 947 | N59: =(N17+N18+N19+N20+N21+N22+N23+N24+N25+N30+N36+N37+N43+N49+N54) -> 997 | O59: =(O17+O18+O19+O20+O21+O22+O23+O24+O25+O30+O36+O37+O43+O49+O54) -> 957 | P59: =(P17+P18+P19+P20+P21+P22+P23+P24+P25+P30+P36+P37+P43+P49+P54) -> 1036 | ... T59: =(T17+T18+T19+T20+T21+T22+T23+T24+T25+T30+T36+T37+T43+T49+T54) -> 870 | V59: =SUM(J59:T59) -> 9347
J62: RESUMEN CONSEJERIA JURIDICA
G64: PARTIDAS | K64: PERSONAL SOLICITADO | M64: TOTAL HORAS | O64: PRECIO POR HORA | Q64: IMPORTE SIN IVA | S64: IMPORTE CON IVA | V64: ACUMULADO
G65: MEXICALI | K65: =SUM(E17:E25) -> 9 | M65: =V26 -> 5888 | V65: =S65 -> 0
G66: TECATE | K66: =E30 -> 1 | M66: =V31 -> 492 | V66: =V65+S66 -> 0
G67: ROSARITO | K67: =SUM(E36:E37) -> 2 | M67: =V38 -> 289 | V67: =V66+S67 -> 0
G68: TIJUANA | K68: =E43 -> 1 | M68: =V44 -> 824 | V68: =V67+S68 -> 0
G69: ENSENADA | K69: =E49 -> 1 | M69: =V50 -> 1030 | V69: =V68+S69 -> 0
G70: SAN QUINTIN | K70: =E54 -> 1 | M70: =V55 -> 824 | V70: =V69+S70 -> 0
G71: TOTALES | K71: =SUM(K65:L70) -> 15 | M71: =SUM(M65:N70) -> 9347

Sheet C.G.
B1: OFICIALIA MAYOR DE GOBIERNO
B2: DIRECCION DE SERVICIOS GENERALES
B3: SUBDIRECCION DE SERVICIOS GENERALES
B5: CALCULO DEL SERVICIO DE LIMPIEZA PARA EL PERIODO DEL 03 DE MARZO AL 31 DE DICIEMBRE DE 2023
C6: PROCEDIMIENTO DE LICITACIÓN PÚBLICA REGIONAL No. 32065001-004-2023 “SERVICIO DE LIMPIEZA PARA DEPENDENCIAS DE GOBIERNO DEL ESTADO DE BAJA CALIFORNIA”
B7: ANEXO UBICACIONES Y HORARIOS DEL SERVICIO
B8: COORDINACIÓN DE GABINETE
G10: DIAS DE SERVICIO | I10: ENE | J10: FEB | K10: MAR | L10: ABR | M10: MAY | N10: JUN | O10: JUL | P10: AGO | Q10: SEP | R10: OCT | S10: NOV | T10: DIC | V10: TOTAL DIAS MAR-DIC
G11: LUNES-VIERNES | I11: 0 | J11: 0 | K11: 20 | L11: 20 | M11: 21 | N11: 22 | O11: 21 | P11: 23 | Q11: 20 | R11: 20 | S11: 20 | T11: 19 | V11: =SUM(J11:T11) -> 206
G12: SABADO | I12: 0 | J12: 0 | K12: 4 | L12: 5 | M12: 4 | N12: 4 | O12: 5 | P12: 4 | Q12: 4 | R12: 4 | S12: 4 | T12: 5 | V12: =SUM(J12:T12) -> 43
V13: =V11+V12 -> 249
B14: PARTIDA | C14: UBICACION | D14: DIRECCIÓN | E14: HORARIOS | F14: PERSONAL SOLICITADO | G14: HORAS POR DIA POR PERSONA | H14: HORAS DIARIAS POR TURNO | I14: ENE | J14: FEB | K14: MAR | L14: ABR | M14: MAY | N14: JUN | O14: JUL | P14: AGO | Q14: SEP | R14: OCT | S14: NOV | T14: DIC | V14: TOTAL HORAS
B15: MEXICALI | C15: OFICINAS COORDINACIÓN DE GABINETE | D15: CALZADA INDEPENDENCIA Y AVENIDA DE LOS HÉROES #994, CENTRO CIVICO, 21000. EDIFICIO DEL PODER EJECUTIVO. | E15: Lunes a viernes 8.00 A 16:00 | F15: 2 | G15: 8 | H15: =F15*G15 -> 16 | I15: =+I11*H15 -> 0 | J15: =+J11*H15 -> 0 | K15: =+K11*H15 -> 320 | L15: =+L11*H15 -> 320 | M15: =$H$15*M11 -> 336 | N15: =$H$15*N11 -> 352 | O15: =$H$15*O11 -> 336 | P15: =$H$15*P11 -> 368 | Q15: =$H$15*Q11 -> 320 | R15: =$H$15*R11 -> 320 | S15: =$H$15*S11 -> 320 | T15: =$H$15*T11 -> 304 | V15: =SUM(J15:T15) -> 3296
C16: AGENCIA DIGITAL | D16: CALZADA INDEPENDENCIA Y AVENIDA DE LOS HÉROES #994, CENTRO CIVICO, 21000. EDIFICIO DEL PODER EJECUTIVO. | E16: Lunes a viernes 8.00 A 16:00 | F16: 2 | G16: 8 | H16: =F16*G16 -> 16 | I16: =+I11*H16 -> 0 | J16: =+J11*H16 -> 0 | K16: =+K11*H16 -> 320 | L16: =+L11*H16 -> 320 | M16: =$H$16*M11 -> 336 | N16: =$H$16*N11 -> 352 | O16: =$H$16*O11 -> 336 | P16: =$H$16*P11 -> 368 | Q16: =$H$16*Q11 -> 320 | R16: =$H$16*R11 -> 320 | S16: =$H$16*S11 -> 320 | T16: =$H$16*T11 -> 304 | V16: =SUM(J16:T16) -> 3296
C17: CASA DE GOBIERNO | D17: AV. MARIANO ARISTA #1902, COLONIA NUEVA, 21100, MEXICALI. | E17: Lunes a viernes 7.00 A 14:00 | F17: 2 | G17: 8 | H17: =F17*G17 -> 16 | I17: =I11*H17 -> 0 | J17: =J11*H17 -> 0 | K17: =K11*H17 -> 320 | L17: =L11*H17 -> 320 | M17: =M11*H17 -> 336 | N17: =N11*H17 -> 352 | O17: =O11*H17 -> 336 | P17: =P11*H17 -> 368 | Q17: =Q11*H17 -> 320 | R17: =R11*H17 -> 320 | S17: =S11*H17 -> 320 | T17: =T11*H17 -> 304 | V17: =SUM(J17:T17) -> 3296
E18: Lunes a viernes 14.00 A 22:00 | F18: 2 | G18: 8 | H18: =F18*G18 -> 16 | I18: =+I11*H18 -> 0 | J18: =+J11*H18 -> 0 | K18: =+K11*H18 -> 320 | L18: =+L11*H18 -> 320 | M18: =$H$18*M11 -> 336 | N18: =$H$18*N11 -> 352 | O18: =$H$18*O11 -> 336 | P18: =$H$18*P11 -> 368 | Q18: =$H$18*Q11 -> 320 | R18: =$H$18*R11 -> 320 | S18: =$H$18*S11 -> 320 | T18: =$H$18*T11 -> 304 | V18: =SUM(J18:T18) -> 3296
E19: Sabado 7:00 a 14:00 | F19: 2 | G19: 8 | H19: =F19*G19 -> 16 | I19: =I12*H19 -> 0 | J19: =J12*H19 -> 0 | K19: =K12*H19 -> 64 | L19: =L12*H19 -> 80 | M19: =M12*H19 -> 64 | N19: =N12*H19 -> 64 | O19: =O12*H19 -> 80 | P19: =P12*H19 -> 64 | Q19: =Q12*H19 -> 64 | R19: =R12*H19 -> 64 | S19: =S12*H19 -> 64 | T19: =T12*H19 -> 80 | V19: =SUM(J19:T19) -> 688
E20: Sabado 14:00 a 22:00 | F20: 2 | G20: 8 | H20: =F20*G20 -> 16 | I20: =I12*H20 -> 0 | J20: =J12*H20 -> 0 | K20: =K12*H20 -> 64 | L20: =L12*H20 -> 80 | M20: =M12*H20 -> 64 | N20: =N12*H20 -> 64 | O20: =O12*H20 -> 80 | P20: =P12*H20 -> 64 | Q20: =Q12*H20 -> 64 | R20: =R12*H20 -> 64 | S20: =S12*H20 -> 64 | T20: =T12*H20 -> 80 | V20: =SUM(J20:T20) -> 688
B21: TIJUANA | C21: AGENCIA DIGITAL | D21: BLVD. GUSTAVO DÍAZ ORDAZ #12415, EL PARAISO, 22106, BIT CENTER | E21: Lunes a viernes 8.00 A 16:00 | F21: 1 | G21: 8 | H21: =F21*G21 -> 8 | I21: =I11*H21 -> 0 | J21: =J11*H21 -> 0 | K21: =K11*H21 -> 160 | L21: =L11*H21 -> 160 | M21: =M11*H21 -> 168 | N21: =N11*H21 -> 176 | O21: =O11*H21 -> 168 | P21: =P11*H21 -> 184 | Q21: =Q11*H21 -> 160 | R21: =R11*H21 -> 160 | S21: =S11*H21 -> 160 | T21: =T11*H21 -> 152 | V21: =SUM(J21:T21) -> 1648
C22: OFICINAS COORDINACION DE GABINETE TIJUANA | D22: CARRETERA LIBRE TIJUANA - TECATE KM 26.5, EL FLORIDO, TIJUANA B.C. | E22: Lunes a viernes 15:00 a 19:00 | F22: 1 | G22: 8 | H22: =F22*G22 -> 8 | I22: =(H22*I11) -> 0 | J22: =(J11*H22) -> 0 | K22: =(K11*H22) -> 160 | L22: =+L11*H22 -> 160 | M22: =(M11*H22) -> 168 | N22: =(N11*H22) -> 176 | O22: =+O11*H22 -> 168 | P22: =(P11*H22) -> 184 | Q22: =(Q11*H22) -> 160 | R22: =+R11*H22 -> 160 | S22: =(H22*S11) -> 160 | T22: =(H22*T11) -> 152 | V22: =SUM(J22:T22) -> 1648
T23: TOTAL | V23: =SUM(V15:V22) -> 17856
F24: =SUM(F15:F22) -> 14
I25: =SUM(I15:I22) -> 0 | J25: =SUM(J15:J22) -> 0 | K25: =SUM(K15:K22) -> 1728 | L25: =SUM(L15:L22) -> 1760 | M25: =SUM(M15:M22) -> 1808 | N25: =SUM(N15:N22) -> 1888 | O25: =SUM(O15:O22) -> 1840 | P25: =SUM(P15:P22) -> 1968 | ... T25: =SUM(T15:T22) -> 1680 | V25: =SUM(J25:T25) -> 17856
J27: PARTIDAS | M27: PERSONAL SOLICITADO | O27: TOTAL HORAS | Q27: PRECIO POR HORA | S27: IMPORTE SIN IVA | V27: IMPORTE CON IVA
J28: MEXICALI | M28: 12 | O28: =SUM(V15:V20) -> 14560
J29: TIJUANA | M29: 2 | O29: =SUM(V21:V22) -> 3296
J30: TOTALES | M30: =M28+M29 -> 14 | O30: =SUM(O28:O29) -> 17856

Sheet RESUMEN GENERAL DE CONTRATO
A2: SUBDIRECCION DE SERVICIOS GENERALES
A3: PROCEDIMIENTO DE LICITACIÓN PÚBLICA REGIONAL No. 32065001-004-2023 “SERVICIO DE LIMPIEZA PARA DEPENDENCIAS DE GOBIERNO DEL ESTADO DE BAJA CALIFORNIA”
A4: ANEXO UBICACIONES Y HORARIOS DEL SERVICIO
A6: PAQUETE | B6: DEPENDENCIAS | C6: REQUERIMIENTO
C7: PERSONAL SOLICITADO | D7: TOTAL DIAS | E7: TOTAL HORAS
A8: 1 | B8: SECRETARIA GENERAL DE GOBIERNO | C8: =S.G.G.!K38 -> 12 | D8: =S.G.G.!V11 -> 206 | E8: =S.G.G.!M38 -> 13184
A9: 2 | B9: OFICIALIA MAYOR | C9: =O.M.G.!L61 -> 55 | D9: =O.M.G.!W14 -> 291 | E9: =O.M.G.!N61 -> 61214
A10: 3 | B10: SECRETARIA DE HACIENDA | C10: =S.H.!L114 -> 67 | D10: =S.H.!W15 -> 453 | E10: =S.H.!N114 -> 48567
A11: 4 | B11: SECRETARIA DE LA HONESTIDAD | C11: =S.H.F.P.!L33 -> 6 | D11: =S.H.F.P.!V12 -> 206 | E11: =S.H.F.P.!N33 -> 4738
A12: 5 | B12: SECRETARIA DE PESCA | C12: 1 | D12: ='S.P.A. '!V11 -> 206 | E12: ='S.P.A. '!V18 -> 1648
A13: 6 | B13: SECRETARIA DE ECONOMIA | C13: =S.E.I.!L40 -> 10 | D13: =+S.E.I.!V12 -> 206 | E13: =S.E.I.!N40 -> 9888
A14: 7 | B14: SECRETARIA DE AGRICULTURA Y DESARROLLO RURAL | C14: =S.A.D.E.R.!M47 -> 7 | D14: =S.A.D.E.R.!V11 -> 206 | E14: =S.A.D.E.R.!O47 -> 6798
A15: 8 | B15: SECRETARIA DE TURISMO | C15: =S.T.!M44 -> 4 | D15: =S.T.!V11 -> 206 | E15: =S.T.!O44 -> 4120
A16: 9 | B16: SECRETARIA DEL MEDIO AMBIENTE | C16: =SMADS!M38 -> 4 | D16: =SMADS!V11 -> 206 | E16: =SMADS!O38 -> 4326
A17: 10 | B17: SECRETARIA DE BIENESTAR | C17: =S.B.!M60 -> 9 | D17: =S.B.!V15 -> 495 | E17: =S.B.!O60 -> 4612
A18: 11 | B18: SECRETARIA DEL TRABAJO | C18: =STPS!M37 -> 5 | D18: =STPS!V13 -> 289 | E18: =STPS!O37 -> 5110
A19: 12 | B19: DIRECCION DE REGISTRO PUBLICO | C19: =DRPPC!M54 -> 5 | D19: =DRPPC!V12 -> 206 | E19: =DRPPC!N54 -> 5768
A20: 13 | B20: SECRETARIA DE INCLUSION | C20: =S.I.S.I.G.!M47 -> 4 | D20: =S.I.S.I.G.!V12 -> 206 | E20: =S.I.S.I.G.!N47 -> 3296
A21: 14 | B21: SECRETARIA DE SEGURIDAD CIUDADANA | C21: =S.S.C.!L65 -> 32 | D21: =S.S.C.!V15 -> 813 | E21: =S.S.C.!N65 -> 50030
A22: 15 | B22: CONSEJERIA JURIDICA | C22: =C.J.!K71 -> 15 | D22: =C.J.!V14 -> 412 | E22: =C.J.!M71 -> 9347
A23: 16 | B23: COORDINACION DE GABINETE | C23: =C.G.!M30 -> 14 | D23: =C.G.!V13 -> 249 | E23: =C.G.!O30 -> 17856
C24: =SUM(C8:C23) -> 250 | D24: =SUM(D8:D23) -> 4856 | E24: =SUM(E8:E23) -> 250502
